Workbook
Name _PAV2: 'Data Entry'!$L$95
Name _QL912: 'BSA55'!$G$165
Name AccommRCL05: 'Data Entry'!$L$146
Name AccommRCL10: 'Data Entry'!$L$145
Name AccommTransCheck: 'Data Entry'!$C$142
Name ActAuditExpend: 'Data Entry'!$C$67
Name ActDisabilityRM: 'Data Entry'!$L$76
Name ActivTripLvlFactor: 'BSA55'!$E$86
Name AdjacentWays: Instructions!$C$38
Name AdjBaseSuppLvl: 'BSA55'!$H$69
Name AdjFYTRCL: 'BSA55'!$C$104
Name AdjTNTBaseLimit: 'Truth in Tax'!$I$7
Name AdjWaysLevy: 'Page 5'!$E$29
Name AllFundAuditBudg6330: 'Page 2'!$O$9
Name AmtOUBudgSSA: 'Truth in Tax'!$I$21
Name AnnualExpforBusPass: 'Data Entry'!$L$75
Name AnnualExpforBusToken: 'Data Entry'!$L$74
Name AOIFTFundFactor: 'BSA55'!$F$47
Name AOIFTGrBAddOnWgtdADM: 'BSA55'!$H$35
Name AOIFTRegEdWgtdADM: 'BSA55'!$H$12
Name AOIFTStudCnt912CY: 'Data Entry'!$I$32
Name AOIFTStudCntDD.ED.MIID.SLD.SLI.OHI: 'Data Entry'!$H$50
Name AOIFTStudCntEDP: 'Data Entry'!$H$51
Name AOIFTStudCntELL: 'Data Entry'!$H$40
Name AOIFTStudCntFRPL: 'Data Entry'!$H$54
Name AOIFTStudCntG: 'Data Entry'!$H$55
Name AOIFTStudCntHI: 'Data Entry'!$H$43
Name AOIFTStudCntK3: 'Data Entry'!$H$41
Name AOIFTStudCntK3R: 'Data Entry'!$H$42
Name AOIFTStudCntK8CY: 'Data Entry'!$H$32
Name AOIFTStudCntMDR.AR.SIDR: 'Data Entry'!$H$44
Name AOIFTStudCntMDSC.ASC.SIDSC: 'Data Entry'!$H$45
Name AOIFTStudCntMDSSI: 'Data Entry'!$H$46
Name AOIFTStudCntMOID: 'Data Entry'!$H$52
Name AOIFTStudCntOIR: 'Data Entry'!$H$47
Name AOIFTStudCntOISC: 'Data Entry'!$H$48
Name AOIFTStudCntP.SD: 'Data Entry'!$H$49
Name AOIFTStudCntPSDCY: 'Data Entry'!$G$32
Name AOIFTStudCntVI: 'Data Entry'!$H$53
Name AOIPTFundFactor: 'BSA55'!$H$47
Name AOIPTGrBAddOnWgtdADM: 'BSA55'!$I$35
Name AOIPTRegEdWgtdADM: 'BSA55'!$I$12
Name AOIPTStudCnt912CY: 'Data Entry'!$I$33
Name AOIPTStudCntDD.ED.MIID.SLD.SLI.OHI: 'Data Entry'!$I$50
Name AOIPTStudCntEDP: 'Data Entry'!$I$51
Name AOIPTStudCntELL: 'Data Entry'!$I$40
Name AOIPTStudCntFRPL: 'Data Entry'!$I$54
Name AOIPTStudCntG: 'Data Entry'!$I$55
Name AOIPTStudCntHI: 'Data Entry'!$I$43
Name AOIPTStudCntK3: 'Data Entry'!$I$41
Name AOIPTStudCntK3R: 'Data Entry'!$I$42
Name AOIPTStudCntK8CY: 'Data Entry'!$H$33
Name AOIPTStudCntMDR.AR.SIDR: 'Data Entry'!$I$44
Name AOIPTStudCntMDSC.ASC.SIDSC: 'Data Entry'!$I$45
Name AOIPTStudCntMDSSI: 'Data Entry'!$I$46
Name AOIPTStudCntMOID: 'Data Entry'!$I$52
Name AOIPTStudCntOIR: 'Data Entry'!$I$47
Name AOIPTStudCntOISC: 'Data Entry'!$I$48
Name AOIPTStudCntP.SD: 'Data Entry'!$I$49
Name AOIPTStudCntPSDCY: 'Data Entry'!$G$33

Sheet Cover
B1: District Name | C1: Murphy Elementary School District #21 | G1: County | H1: Maricopa | R1: CTD number | S1: 070421000
R2: =0/0 -> #DIV/0!
D3: FY | E3: 2026 | K3: Revenues and property taxation
A4: State of Arizona | K4: 1. | L4: Total budgeted revenues for fiscal year 2025 $ | O4: 18000000
A5: School District Annual Expenditure Budget | K5: 2. | L5: Estimated revenues by source for fiscal year 2026 (excluding property taxes)
A6: Districtwide Budget | L6: Local | M6: 1000 $ | N6: 5800000
L7: Intermediate | M7: 2000 $ | N7: 3000
C8: Proposed | L8: State | M8: 3000 $ | N8: 6000000 | O8: =IF(OR('Page 7'!J10>'Page 7'!H10,'Page 7'!J17>'Page 7'!H17),"Please correct error on Page 7","")
C9: Version | L9: Federal | M9: 4000 $ | N9: 4300000 | O9: =IF('Data Entry'!G16="","Please enter a SIS Vendor on the Data Entry Tab","")
A10: By the Governing Board | L10: TOTAL | M10: $ | N10: =SUM(N6:N9) -> 16103000
K11: 3. | L11: District tax rates for prior and budget fiscal years (A.R.S. §15-903.D.4)
A12: We hereby certify that the Budget for the Fiscal Year 2026 was | N12: Prior FY 2025 | Q12: Est. Budget FY 2026
C13: Proposed | E13: 45817 | G13: =IF(AND(OR(ISNUMBER(SEARCH("Proposed*",C8)),ISNUMBER(SEARCH("Adopted*",C8)),ISNUMBER(SEARCH("Revised*",C8))),E13=""),"Please enter a Proposed Date","") | L13: Primary Tax Rate: | N13: 1.6881 | Q13: 1.734 | S13: =IF('Page 7'!J10>'Page 7'!H10,"Please correct error on Page 7","")
C14: Adopted | G14: =IF(AND(OR(ISNUMBER(SEARCH("Adopted*",C8)),ISNUMBER(SEARCH("Revised*",C8))),E14=""),"Please enter an Adopted Date","") | L14: Secondary Tax Rates:
C15: Revised | G15: =IF(AND(ISNUMBER(SEARCH("Revised*",C8)),E15=""),"Please enter a Revised Date","") | L15: M&O Override | N15: 0.8949 | Q15: 0.8577
E16: Date | L16: Special Program Override | Q16: 0.6953
C17: District website link of posted budget | E17: https://www.msdaz.org/apps/pages/index.jsp?uREC_ID=3223185&type=d&pREC_ID=2362638 | L17: Capital Override | N17: 0.3837
L18: Class A Bonds
L19: Class B Bonds | N19: 0.6999 | Q19: 0.6832
L20: CTED
L21: Desegregation
L22: Total Secondary Tax Rate | N22: =SUM(N15:N21) -> 1.9785 | Q22: =SUM(Q15:Q21) -> 2.2362
K23: Total budgeted expenditures and aggregate school district budget limit (A.R.S. §15-905.H)
Q24: Budgeted Expenditures | S24: Budgeted Carryforward | U24: Budget Limit
K25: 1. | L25: Maintenance and Operation Fund (from pages 1, lines 30-31 and 7, line 10) | P25: $ | Q25: =F001TotalExp -> 11154364 | R25: $ | S25: =F001Carryforward -> 4920125 | T25: $ | U25: =GBLBudgFY -> 16074489 | V25: =IF((Q25+S25)>U25,"GBL Exceeded","")
C26: Signed | F26: Signed | K26: 2. | L26: Unrestricted Capital Fund (from pages 4, lines 10-11 and 8, line 12) | P26: $ | Q26: =F610TotalBudgFY -> 1278960 | R26: $ | S26: =F610Carryforward -> 326392 | T26: $ | U26: =UCBLBudgFY -> 1605352 | V26: =IF((Q26+S26)>U26,"UCBL Exceeded","")
K27: 3. | L27: Federal projects other than Impact Aid (from budget, page 6, Federal Projects, minus 378 [lines 18 and 20]) | T27: $ | U27: =TotFedProjFundBudgFY-F378BudgFY -> 2084637
C28: The FY 2026 budget file for the version described above will be uploaded via | K28: 4. | L28: Total aggregate school district budget limit (sum of lines 1 through 3) | T28: $ | U28: =SUM(U25+U26+U27) -> 19764478
C29: the School Finance Budget System on ADE’s website by | F29: 45818 | H29: .
F30: Date | K30: Average teacher salaries (A.R.S. §15-903.E)
F31: =IF(F29="","Please enter upload by date",IF(F29>=MAX(E13,E14,E15),"","Revise upload date for current submission")) | K31: 1. | L31: Average salary of all teachers employed in FY 2026 (budget year) | P31: =IF(V32<>"","",IF(OR(S31=0,S32=0),"Average salary information is not complete","")) | R31: $ | S31: 56200 | T31: =IF(V32<>"","",IF(OR(S31=0,S32=0),1/ERROR,""))
K32: 2. | L32: Average salary of all teachers employed in FY 2025 (prior year) | R32: $ | S32: 55067 | W32: Check this box if your district has no teachers (transporting districts and some CTEDs).
B33: Superintendent signature | F33: Business Manager signature | K33: 3. | L33: Increase in average teacher salary from the prior year | R33: $ | S33: =BudgetYearSalary-PriorYearSalary -> 1133
K34: 4. | L34: Percentage increase | S34: =IF(PriorYearSalary>0,SalaryIncrease/PriorYearSalary,0) -> 0.02
B35: Nathan Dettmar | F35: Linda M. Cordova | K35: Comments on average salary calculation (Optional):
B36: Superintendent name (typed name) | F36: Business Manager name (typed name)
B38: District contact employee: | D38: Linda M. Cordova
V39: =E3-1 -> 2025
B40: Telephone: | C40: 602-353-5058 | F40: Email: | G40: lcordova@msdaz.org | V40: =E3-2 -> 2024

Sheet Page 1
A1: District name | B1: =DistrictName -> Murphy Elementary School District #21 | F1: County | G1: =Cover!H1 -> Maricopa | I1: CTD number | J1: =CTD -> 070421000 | L1: Version | M1: =Cover!C8 -> Proposed
A2: Fund 001 (M&O) | D2: Maintenance and Operation (M&O) Fund
G3: Employee | H3: Purchased | K3: Totals
D4: FTE | F4: Salaries | G4: Benefits | H4: Services | I4: Supplies | J4: Other | K4: Prior | L4: Budget | M4: %
A5: Expenditures | D5: Prior | E5: Budget | H5: 6300, 6400, | K5: FY | L5: FY | M5: Increase/
D6: FY | E6: FY | F6: 6100 | G6: 6200 | H6: 6500 | I6: 6600 | J6: 6800 | K6: =PriorFiscalYear -> 2025 | L6: =Cover!E3 -> 2026 | M6: Decrease
A7: 100 Regular Education
A8: 1000 Instruction | C8: 1. | D8: =[1]!F001P100F1000Personnel -> 51 | E8: 50 | F8: 2554734 | G8: 990870 | H8: 10000 | I8: 15000 | K8: =[1]!F001P100F1000 -> 4835732 | L8: =SUM(F8:J8) -> 3570604 | M8: =IF(K8=L8,0,IF(K8>0,(L8-K8)/K8,"")) -> -0.262 | N8: 1.
A9: 2000 Support Services
A10: 2100 Students | C10: 2. | D10: =[1]!F001P100F2100Personnel -> 8 | E10: 8 | F10: 400000 | G10: 158539 | H10: 50000 | I10: 25000 | J10: 1000 | K10: =[1]!F001P100F2100 -> 736949 | L10: =SUM(F10:J10) -> 634539 | M10: =IF(K10=L10,0,IF(K10>0,(L10-K10)/K10,"")) -> -0.139 | N10: 2.
A11: 2200 Instructional Staff | C11: 3. | D11: =[1]!F001P100F2200Personnel -> 1 | E11: 1.5 | F11: 81000 | G11: 31000 | H11: 15000 | I11: 5000 | K11: =[1]!F001P100F2200 -> 184000 | L11: =SUM(F11:J11) -> 132000 | M11: =IF(K11=L11,0,IF(K11>0,(L11-K11)/K11,"")) -> -0.283 | N11: 3.
A12: 2300 General Administration | C12: 4. | D12: =[1]!F001P100F2300Personnel -> 3 | E12: 3 | F12: 300000 | G12: 91000 | H12: 65000 | I12: 15000 | J12: 15000 | K12: =[1]!F001P100F2300 -> 708000 | L12: =SUM(F12:J12) -> 486000 | M12: =IF(K12=L12,0,IF(K12>0,(L12-K12)/K12,"")) -> -0.314 | N12: 4.
A13: 2400 School Administration | C13: 5. | D13: =[1]!F001P100F2400Personnel -> 6 | E13: 4 | F13: 275000 | G13: 96000 | H13: 46743 | I13: 20000 | K13: =[1]!F001P100F2400 -> 494743 | L13: =SUM(F13:J13) -> 437743 | M13: =IF(K13=L13,0,IF(K13>0,(L13-K13)/K13,"")) -> -0.115 | N13: 5.
A14: 2500 Central Services | C14: 6. | D14: =[1]!F001P100F2500Personnel -> 7.5 | E14: 5 | F14: 365000 | G14: 124000 | H14: 50000 | I14: 25000 | J14: 10000 | K14: =[1]!F001P100F2500 -> 1361793 | L14: =SUM(F14:J14) -> 574000 | M14: =IF(K14=L14,0,IF(K14>0,(L14-K14)/K14,"")) -> -0.578 | N14: 6.
A15: 2600 Operation & Maintenance of Plant | C15: 7. | D15: =[1]!F001P100F2600Personnel -> 17.5 | E15: 15 | F15: 610000 | G15: 275000 | H15: 700000 | I15: 800000 | J15: 8000 | K15: =[1]!F001P100F2600 -> 3677250 | L15: =SUM(F15:J15) -> 2393000 | M15: =IF(K15=L15,0,IF(K15>0,(L15-K15)/K15,"")) -> -0.349 | N15: 7.
A16: 2900 Other | C16: 8. | D16: =[1]!F001P100F2900Personnel -> 0 | K16: =[1]!F001P100F2900 -> 0 | L16: =SUM(F16:J16) -> 0 | M16: =IF(K16=L16,0,IF(K16>0,(L16-K16)/K16,"")) -> 0 | N16: 8.
A17: 3000 Operation of Noninstructional Services | C17: 9. | D17: =[1]!F001P100F3000Personnel -> 0 | I17: 10000 | J17: 20750 | K17: =[1]!F001P100F3000 -> 30750 | L17: =SUM(F17:J17) -> 30750 | M17: =IF(K17=L17,0,IF(K17>0,(L17-K17)/K17,"")) -> 0 | N17: 9.
A18: 610 School-Sponsored Cocurricular Activities | C18: 10. | D18: =[1]!F001P610Personnel -> 0 | K18: =[1]!F001P610 -> 0 | L18: =SUM(F18:J18) -> 0 | M18: =IF(K18=L18,0,IF(K18>0,(L18-K18)/K18,"")) -> 0 | N18: 10.
A19: 620 School-Sponsored Athletics | C19: 11. | D19: =[1]!F001P620Personnel -> 5 | E19: 5 | F19: 20000 | G19: 5000 | I19: 15000 | J19: 5000 | K19: =[1]!F001P620 -> 115000 | L19: =SUM(F19:J19) -> 45000 | M19: =IF(K19=L19,0,IF(K19>0,(L19-K19)/K19,"")) -> -0.609 | N19: 11.
A20: 630 Other Instructional Programs | C20: 12. | D20: =[1]!F001P630Personnel -> 0 | K20: =[1]!F001P630 -> 0 | L20: =SUM(F20:J20) -> 0 | M20: =IF(K20=L20,0,IF(K20>0,(L20-K20)/K20,"")) -> 0 | N20: 12.
A21: 700, 800, 900 Other Programs | C21: 13. | D21: =[1]!F001P700800900Personnel -> 0 | K21: =[1]!F001P700800900 -> 0 | L21: =SUM(F21:J21) -> 0 | M21: =IF(K21=L21,0,IF(K21>0,(L21-K21)/K21,"")) -> 0 | N21: 13.
A22: Regular Education Subsection Subtotal (lines 1-13) | C22: 14. | D22: =SUM(D8:D21) -> 99 | E22: =E8+SUM(E10:E21) -> 91.5 | F22: =F8+SUM(F10:F21) -> 4605734 | G22: =G8+SUM(G10:G21) -> 1771409 | H22: =H8+SUM(H10:H21) -> 936743 | I22: =I8+SUM(I10:I21) -> 930000 | J22: =J8+SUM(J10:J21) -> 59750 | K22: =SUM(K8:K21) -> 12144217 | L22: =SUM(L8:L21) -> 8303636 | M22: =IF(K22=L22,0,IF(K22>0,(L22-K22)/K22,"")) -> -0.316 | N22: 14.
A23: 200 and 300 Special Education
A24: 1000 Instruction | C24: 15. | D24: =[1]!F001P200F1000Personnel -> 11.5 | E24: 11.5 | F24: 345000 | G24: 131000 | H24: 750000 | I24: 5000 | K24: =[1]!F001P200F1000 -> 1231000 | L24: =SUM(F24:J24) -> 1231000 | M24: =IF(K24=L24,0,IF(K24>0,(L24-K24)/K24,"")) -> 0 | N24: 15.
A25: 2000 Support Services
A26: 2100 Students | C26: 16. | D26: =[1]!F001P200F2100Personnel -> 3 | E26: 3 | F26: 310000 | G26: 93000 | H26: 107916 | I26: 5000 | J26: 1000 | K26: =[1]!F001P200F2100 -> 516916 | L26: =SUM(F26:J26) -> 516916 | M26: =IF(K26=L26,0,IF(K26>0,(L26-K26)/K26,"")) -> 0 | N26: 16.
A27: 2200 Instructional Staff | C27: 17. | D27: =[1]!F001P200F2200Personnel -> 1 | E27: 1 | F27: 97850 | G27: 30462 | H27: 2500 | J27: 1000 | K27: =[1]!F001P200F2200 -> 131812 | L27: =SUM(F27:J27) -> 131812 | M27: =IF(K27=L27,0,IF(K27>0,(L27-K27)/K27,"")) -> 0 | N27: 17.
A28: 2300 General Administration | C28: 18. | D28: =[1]!F001P200F2300Personnel -> 0 | E28: 0 | K28: =[2]!F001P200F2300 -> 0 | L28: =SUM(F28:J28) -> 0 | M28: =IF(K28=L28,0,IF(K28>0,(L28-K28)/K28,"")) -> 0 | N28: 18.
A29: 2400 School Administration | C29: 19. | D29: =[1]!F001P200F2400Personnel -> 0 | E29: 0 | K29: =[2]!F001P200F2400 -> 0 | L29: =SUM(F29:J29) -> 0 | M29: =IF(K29=L29,0,IF(K29>0,(L29-K29)/K29,"")) -> 0 | N29: 19.
A30: 2500 Central Services | C30: 20. | D30: =[1]!F001P200F2500Personnel -> 0 | E30: 0 | H30: 4000 | K30: =[1]!F001P200F2500 -> 4000 | L30: =SUM(F30:J30) -> 4000 | M30: =IF(K30=L30,0,IF(K30>0,(L30-K30)/K30,"")) -> 0 | N30: 20.
A31: 2600 Operation & Maintenance of Plant | C31: 21. | D31: =[1]!F001P200F2600Personnel -> 0 | E31: 0 | K31: =[2]!F001P200F2600 -> 0 | L31: =SUM(F31:J31) -> 0 | M31: =IF(K31=L31,0,IF(K31>0,(L31-K31)/K31,"")) -> 0 | N31: 21.
A32: 2900 Other | C32: 22. | D32: =[1]!F001P200F2900Personnel -> 0 | E32: 0 | K32: =[2]!F001P200F2900 -> 0 | L32: =SUM(F32:J32) -> 0 | M32: =IF(K32=L32,0,IF(K32>0,(L32-K32)/K32,"")) -> 0 | N32: 22.
A33: 3000 Operation of Noninstructional Services | C33: 23. | D33: =[1]!F001P200F3000Personnel -> 0 | E33: 0 | K33: =[2]!F001P200F3000 -> 0 | L33: =SUM(F33:J33) -> 0 | M33: =IF(K33=L33,0,IF(K33>0,(L33-K33)/K33,"")) -> 0 | N33: 23.
A34: Subtotal (lines 15-23) | C34: 24. | D34: =SUM(D24:D33) -> 15.5 | E34: =E24+SUM(E26:E33) -> 15.5 | F34: =F24+SUM(F26:F33) -> 752850 | G34: =G24+SUM(G26:G33) -> 254462 | H34: =H24+SUM(H26:H33) -> 864416 | I34: =I24+SUM(I26:I33) -> 10000 | J34: =J24+SUM(J26:J33) -> 2000 | K34: =SUM(K24:K33) -> 1883728 | L34: =SUM(L24:L33) -> 1883728 | M34: =IF(K34=L34,0,IF(K34>0,(L34-K34)/K34,"")) -> 0 | N34: 24.
A35: 400 Pupil Transportation | C35: 25. | D35: =[1]!F001P400Personnel -> 6 | E35: 6 | F35: 220000 | G35: 105000 | H35: 500000 | I35: 50000 | K35: =[1]!F001P400 -> 2400000 | L35: =SUM(F35:J35) -> 875000 | M35: =IF(K35=L35,0,IF(K35>0,(L35-K35)/K35,"")) -> -0.635 | N35: 25.
A36: 510 Desegregation (from Districtwide Desegregation
A37: Budget, page 2, line 44) | C37: 26. | D37: =[3]!DesegFTEPY -> 0 | E37: =[4]!DesegFTEBY -> 0 | F37: =[4]!DesegTotalMOO6100 -> 0 | G37: =[4]!DesegTotalMOO6200 -> 0 | H37: =[4]!DesegTotalMOO630064006500 -> 0 | I37: =[4]!DesegTotalMOO6600 -> 0 | J37: =[4]!DesegTotalMOO6800 -> 0 | K37: =[4]!DesegTotalMOPY -> 0 | L37: =[4]!DesegTotalMOBY -> 0 | M37: =[3]!DesegTotalMOPercent -> 0 | N37: 26.
A38: 530 Dropout Prevention Programs | C38: 27. | D38: =[1]!F001P530Personnel -> 0 | K38: =[2]!F001P530 -> 0 | L38: =SUM(F38:J38) -> 0 | M38: =IF(K38=L38,0,IF(K38>0,(L38-K38)/K38,"")) -> 0 | N38: 27.
A39: 540 Joint Career and Technical Education and Vocational
A40: Education Center | C40: 28. | D40: =[1]!F001P540Personnel -> 0 | E40: 0 | F40: 0 | G40: 0 | H40: 0 | I40: 0 | J40: 0 | K40: =[2]!F001P540 -> 0 | L40: =SUM(F40:J40) -> 0 | M40: =IF(K40=L40,0,IF(K40>0,(L40-K40)/K40,"")) -> 0 | N40: 28.
A41: 550 K-3 Reading Program | C41: 29. | D41: =[1]!F001P550Personnel -> 2 | E41: 2 | F41: 60000 | G41: 32000 | K41: =[1]!F001P550 -> 77087 | L41: =SUM(F41:J41) -> 92000 | M41: =IF(K41=L41,0,IF(K41>0,(L41-K41)/K41,"")) -> 0.193 | N41: 29.
A42: Budgeted expenditures (lines 14, and 24-29) | C42: 30. | D42: =SUM(D34:D41)+D22 -> 122.5 | E42: =SUM(E34:E41)+E22 -> 115 | F42: =SUM(F34:F41)+F22 -> 5638584 | G42: =SUM(G34:G41)+G22 -> 2162871 | H42: =SUM(H34:H41)+H22 -> 2301159 | I42: =SUM(I34:I41)+I22 -> 990000 | J42: =SUM(J34:J41)+J22 -> 61750 | K42: =SUM(K34:K41)+K22 -> 16505032 | L42: =SUM(F42:J42) -> 11154364 | M42: =IF(K42=L42,0,IF(K42>0,(L42-K42)/K42,"")) -> -0.324 | N42: 30.
A43: Maintained for spending after FY 2026 (budgeted carryforward) | C43: 31. | L43: 4920125 | N43: 31.
A44: Total budget limit expenditures (lines 30-31) (Cannot exceed page 7, line 10) | C44: 32. | D44: =D42 -> 122.5 | E44: =E42 -> 115 | F44: =F42 -> 5638584 | G44: =G42 -> 2162871 | H44: =H42 -> 2301159 | I44: =I42 -> 990000 | J44: =J42 -> 61750 | K44: =K42 -> 16505032 | L44: =L42+L43 -> 16074489 | M44: =IF(K44=L44,0,IF(K44>0,(L44-K44)/K44,"")) -> -0.026 | N44: 32.
G45: =IF(ROUND(L44,0)<ROUND(GBLBudgFY,0),CONCATENATE("The district has budgeted less in the M&O Fund than the General Budget Limit as calculated on page 7 of 8 by ",TEXT(GBLBudgFY-L44,"$#,###"),"."),IF(ROUND(L44,0)>ROUND(GBLBudgFY,0),CONCATENATE("The district has budgeted greater in the M&O Fund than the General Budget Limit as calculated on page 7 of 8 by ",TEXT(-GBLBudgFY+L44,"$#,###"),"."),IF(ROUND(L44,0)=ROUND(GBLBudgFY,0),CONCATENATE("The district has budgeted an amount in the M&O Fund equal to the General Budget Limit as calculated on page 7 of 8.")))) -> The district has budgeted an amount in the M&O Fund equal to the General Budget Limit as calculated on page 7 of 8.

Sheet Page 2
A1: District name | C1: =DistrictName -> Murphy Elementary School District #21 | H1: County | I1: =Cover!H1 -> Maricopa | N1: CTD number | O1: =CTD -> 070421000 | Q1: Version | R1: =Cover!C8 -> Proposed
A4: Special education programs by type (M&O Fund Programs 200 and 300)
A6: (A.R.S. §§ 15-761 and 15-903) | F6: Prior FY | G6: Budget FY
A7: 1. | B7: Total all disability classifications | F7: =[1]!F001P200Subtotal -> 1818728 | G7: 1818728 | H7: 1. | K7: Expenditures budgeted for audit services
A8: 2. | B8: Gifted Education | F8: =[1]!SPEDGiftedEdBudgFY -> 0 | H8: 2. | K8: M&O Fund - Nonfederal | N8: 6350 | O8: 49000
A9: 3. | B9: Remedial Education | F9: =[1]!SPEDRemedialEdBudgFY -> 0 | H9: 3. | K9: All Funds - Federal | N9: 6330 | O9: 4300
A10: 4. | B10: ELL Incremental Costs | F10: =[1]!SPEDELLIncCostBudgFY -> 0 | H10: 4.
A11: 5. | B11: ELL Compensatory Instruction | F11: =[1]!SPEDELLCompInstrBudgFY -> 65000 | G11: 65000 | H11: 5.
A12: 6. | B12: Vocational and Technical Education (non-CTED) | F12: =[1]!SPEDVocTechEdBudgFY -> 0 | H12: 6. | K12: FY 2026 Performance Pay (A.R.S. Section 15-920)
A13: 7. | B13: Career Education (non-CTED) | F13: =[1]!SPEDCareerEdBudgFY -> 0 | H13: 7. | K13: Amount Budgeted in M&O Fund for a Performance Pay Component | R13: 0
A14: 8. | B14: Career Technical Education (CTED) | F14: =[1]!JTEDBudgFY -> 0 | H14: 8. | I14: =IF(SUM(G7:G14)=SUM('Page 1'!L34:L34),"","Invalid. The amount should equal the total budgeted amount reported on line 24, page 1.")
A15: 9. | B15: Total (lines 1 through 8. Must equal | K15: Do not report budgeted amounts for the Performance Pay Component of the Classroom Site Fund on this line.
B16: total of line 24, page 1) | F16: =SUM(F7:F14) -> 1883728 | G16: =SUM(G7:G14) -> 1883728 | H16: 9.
A18: 10. | B18: IEP required pupil transportation costs | K18: Expenditures budgeted in the M&O Fund for food service
B19: coded within Program 400 | F19: {=[1]!IEPTransportCosts} -> 0 | H19: 10. | K19: Amount budgeted in M&O for Food Service (Fund 001, Function 3100) | R19: 36048
K20: (This amount will be used to determine district compliance with state matching
K21: requirements pursuant to Code of Federal Regulations (CFR) Title 7, §210.17(a)]
A22: Proposed ratios for special education
A23: (A.R.S. §§15-903.E.1 and 15-764.A.5) | F23: Teacher-Pupil 1 to | G23: =SPEDTeacher -> 31
F24: Staff-Pupil 1 to | G24: =SPEDStaff -> 10

Sheet Page 3
A1: District name | B1: =DistrictName -> Murphy Elementary School District #21 | F1: County | G1: =Cover!H1 -> Maricopa | J1: CTD number | K1: =Cover!S1 -> 070421000 | M1: Version | N1: =Cover!C8 -> Proposed
A2: Fund 010 (CSF) | D2: Classroom Site Fund (CSF) and CSF Budget Limit (A.R.S. §§ 15-977 and 15-978)
I3: Debt service | J3: Totals | L3: %
A4: Expenditures | D4: Salaries | E4: Employee benefits | F4: Purchased services | G4: Supplies | H4: Property | I4: and miscellaneous | J4: Prior FY | K4: Budget FY | L4: Increase/
D5: 6100 | E5: 6200 | F5: 6300, 6400, 6500 | G5: 6600 | H5: 6700 | I5: 6800 | J5: =PriorFiscalYear -> 2025 | K5: =Cover!E3 -> 2026 | L5: Decrease
A6: 1000 Instruction | C6: 1. | D6: 810000 | E6: 168000 | F6: 30000 | G6: 28526 | J6: {=[1]!F010F1000} -> 1154134 | K6: =SUM(D6:I6) -> 1036526 | L6: =IF(J6=K6,0,IF(J6>0,(K6-J6)/J6,"")) -> -0.102 | M6: 1.
A7: 2100 Support services - students | C7: 2. | D7: 50000 | E7: 40000 | F7: 45000 | G7: 22500 | J7: {=[1]!F010F2100} -> 923230 | K7: =SUM(D7:I7) -> 157500 | L7: =IF(J7=K7,0,IF(J7>0,(K7-J7)/J7,"")) -> -0.829 | M7: 2.
A8: 2200 Support services - instructional staff | C8: 3. | J8: {=[1]!F010F2200} -> 0 | K8: =SUM(D8:I8) -> 0 | L8: =IF(J8=K8,0,IF(J8>0,(K8-J8)/J8,"")) -> 0 | M8: 3.
A9: 2300 Support services - general administration | C9: 4. | J9: {=[1]!F010F2310} -> 0 | K9: =SUM(D9:I9) -> 0 | L9: =IF(J9=K9,0,IF(J9>0,(K9-J9)/J9,"")) -> 0 | M9: 4.
A10: 2500 Central services | C10: 5. | J10: {=[1]!F010F2510} -> 0 | K10: =SUM(D10:I10) -> 0 | L10: =IF(J10=K10,0,IF(J10>0,(K10-J10)/J10,"")) -> 0 | M10: 5.
A11: 3300 Community services Ooerations | C11: 6. | J11: {=[1]!F010F3300} -> 0 | K11: =SUM(D11:I11) -> 0 | L11: =IF(J11=K11,0,IF(J11>0,(K11-J11)/J11,"")) -> 0 | M11: 6.
A12: 4000 Facilities acquisition and construction | C12: 7. | J12: {=[1]!F010F4000} -> 0 | K12: =SUM(D12:I12) -> 0 | M12: 7.
A13: 5000 Debt service | C13: 8. | J13: {=[1]!F010F5000} -> 0 | K13: =SUM(D13:I13) -> 0 | M13: 8.
A14: Budgeted expenditures (lines 1-8) | C14: 9. | D14: =SUM(D6:D13) -> 860000 | E14: =SUM(E6:E13) -> 208000 | F14: =SUM(F6:F13) -> 75000 | G14: =SUM(G6:G13) -> 51026 | H14: =SUM(H6:H13) -> 0 | I14: =SUM(I6:I13) -> 0 | J14: =SUM(J6:J13) -> 2077364 | K14: =SUM(K6:K13) -> 1194026 | L14: =IF(J14=K14,0,IF(J14>0,(K14-J14)/J14,"")) -> -0.425 | M14: 9.
A15: Maintained for spending after FY 2026 (budgeted carryforward) | C15: 10. | K15: 950000 | M15: 10.
A16: Total budget limit expenditures (lines 10-11) | C16: 11. | D16: =D14 -> 860000 | E16: =E14 -> 208000 | F16: =F14 -> 75000 | G16: =G14 -> 51026 | H16: =H14 -> 0 | I16: =I14 -> 0 | J16: =F010TotalExpPY -> 2077364 | K16: =F010TotalExp+F010Carryforward -> 2144026 | L16: =IF(J16=K16,0,IF(J16>0,(K16-J16)/J16,"")) -> 0.032 | M16: 11.
L17: =IF(ROUND(K16,0)<ROUND(CSFBLBudgFY,0),CONCATENATE("The district has budgeted an amount in Fund 010 which is less than the Classroom Site Fund Budget Limit as calculated below by ",TEXT(CSFBLBudgFY-K16,"$#,###"),"."),IF(ROUND(K16,0)>ROUND(CSFBLBudgFY,0),CONCATENATE("The district has budgeted greater in Fund 010 than the Classroom Site Fund Budget Limit as calculated below by ",TEXT(-CSFBLBudgFY+K16,"$#,###"),"."),IF(ROUND(K16,0)=ROUND(CSFBLBudgFY,0),CONCATENATE("The district has budgeted an amount in Fund 010 equal to the Classroom Site Fund Budget Limit as calculated below.")))) -> The district has budgeted an amount in Fund 010 equal to the Classroom Site Fund Budget Limit as calculated below.
A31: Classroom Site Fund Budget Limit Calculation
A32: FY 2025 Classroom Site Fund Budget Limit (from FY 2025 latest revised Budget, page 3, line 16) | C32: 12. | D32: {='[1]Page 3'!CSFBLBudgFY} -> 2077364
A33: FY 2025 Actual expenditures (For budget adoption use actual expenditures to date plus estimated expenditures through fiscal year-end.) | C33: 13. | D33: 907498 | E33: =IF(AND(CSFBLCurrFY<>0,CSFActualCurrFY=""),"Please enter prior year CSF actual expenditures on line 11.","")
A34: Unexpended Budget Balance (line 12 minus 13) | C34: 14. | D34: =D32-D33 -> 1169866
A35: Interest earned in the Classroom Site Fund in FY 2025 | C35: 15. | D35: 34864
A36: FY 2026 Classroom Site Fund allocation, provided by ADE based on: | B36: =CSFAllocation -> 842 | C36: 16. | D36: 939296
A37: Adjustments to FY 2026 Classroom Site Fund Budget Limit (1) | C37: 17.
A39: FY 2026 Classroom Site Fund Budget Limit (Sum of lines 12 through 17) (2) | C39: 18. | D39: =SUM(D34:D37) -> 2144026
A41: (1) This line may be used to recapture lost CSF budget capacity that resulted from underbudgeting in prior fiscal years.
A42: (2) The amounts budgeted on line 11 cannot exceed the respective amounts on this line.

Sheet Page 4
A1: District name | B1: =DistrictName -> Murphy Elementary School District #21 | G1: County | H1: =Cover!H1 -> Maricopa | K1: CTD number | L1: =Cover!S1 -> 070421000 | M1: Version | N1: =Cover!C8 -> Proposed
A3: Fund 610 (UCO) | D3: Unrestricted Capital Outlay (UCO) Fund
D4: Rentals | E4: Library books, textbooks, | F4: Short-term noninstructional software subscription | G4: Property (2) | H4: Redemption of principal (3) | I4: Interest (4) | K4: Totals
E5: & instructional | J5: All other | K5: Prior | L5: Budget | M5: %
A6: Expenditures | E6: aids (2) | J6: object codes | K6: FY | L6: FY | M6: Increase/
D7: 6440 | E7: 6641-6643 | F7: 6655 | G7: 6700 | H7: 6831, 6832, 6833 | I7: 6841, 6842, 6843, 6850 | J7: (excluding 6900) | K7: =PriorFiscalYear -> 2025 | L7: =Cover!E3 -> 2026 | M7: Decrease
A8: Unrestricted Capital Outlay Override (1) | C8: 1. | E8: 200000 | F8: 10000 | G8: 290000 | K8: =[1]!F610Override -> 500000 | L8: =SUM(D8:J8) -> 500000 | M8: =IF(K8=L8,0,IF(K8>0,(L8-K8)/K8,"")) -> 0 | N8: 1.
A9: Unrestricted Capital Outlay Fund 610 (6)
A10: 1000 Instruction | C10: 2. | E10: 50000 | G10: 150000 | K10: =[1]!F610F1000 -> 419396 | L10: =SUM(D10:J10) -> 200000 | M10: =IF(K10=L10,0,IF(K10>0,(L10-K10)/K10,"")) -> -0.523 | N10: 2.
A11: 2000 Support Services
A12: 2100, 2200 Students and Instructional Staff | C12: 3. | F12: 35000 | G12: 150000 | K12: =[1]!F610F21002200 -> 235000 | L12: =SUM(D12:J12) -> 185000 | M12: =IF(K12=L12,0,IF(K12>0,(L12-K12)/K12,"")) -> -0.213 | N12: 3.
A13: 2300, 2400, 2500, 2900 Administration | C13: 4. | F13: 30000 | G13: 243960 | K13: =[1]!F610F2300240025002900 -> 240000 | L13: =SUM(D13:J13) -> 273960 | M13: =IF(K13=L13,0,IF(K13>0,(L13-K13)/K13,"")) -> 0.142 | N13: 4.
A14: 2600 Operation & Maintenance of Plant | C14: 5. | G14: 150000 | K14: =[1]!F610F2600 -> 365856 | L14: =SUM(D14:J14) -> 150000 | M14: =IF(K14=L14,0,IF(K14>0,(L14-K14)/K14,"")) -> -0.59 | N14: 5.
A15: 2700 Student Transportation | C15: 6. | G15: 370000 | K15: =[1]!F610F2700 -> 360660 | L15: =SUM(D15:J15) -> 370000 | M15: =IF(K15=L15,0,IF(K15>0,(L15-K15)/K15,"")) -> 0.026 | N15: 6.
A16: 3000 Operation of Noninstructional Services (5) | C16: 7. | K16: =[1]!F610F3000 -> 322000 | L16: =SUM(D16:J16) -> 0 | M16: =IF(K16=L16,0,IF(K16>0,(L16-K16)/K16,"")) -> -1 | N16: 7.
A17: 4000 Facilities Acquisition and Construction | C17: 8. | G17: 100000 | K17: =[1]!F610F4000 -> 350000 | L17: =SUM(D17:J17) -> 100000 | M17: =IF(K17=L17,0,IF(K17>0,(L17-K17)/K17,"")) -> -0.714 | N17: 8.
A18: 5000 Debt Service | C18: 9. | K18: =[1]!F610F5000 -> 0 | L18: =SUM(D18:J18) -> 0 | M18: =IF(K18=L18,0,IF(K18>0,(L18-K18)/K18,"")) -> 0 | N18: 9.
A19: Budgeted expenditures (lines 2-9) | C19: 10. | D19: =D10+SUM(D12:D18) -> 0 | E19: =E10+SUM(E12:E18) -> 50000 | F19: =F10+SUM(F12:F18) -> 65000 | G19: =G10+SUM(G12:G18) -> 1163960 | H19: =H10+SUM(H12:H18) -> 0 | I19: =I10+SUM(I12:I18) -> 0 | J19: =J10+SUM(J12:J18) -> 0 | K19: =K10+SUM(K12:K18) -> 2292912 | L19: =L10+SUM(L12:L18) -> 1278960 | M19: =IF(K19=L19,0,IF(K19>0,(L19-K19)/K19,"")) -> -0.442 | N19: 10.
A20: Maintained for spending after FY 2026 (budgeted carryforward) | C20: 11. | L20: 326392 | N20: 11.
A21: Total budget limit expenditures (lines 10-11) (Cannot exceed page 8, line 12) | C21: 12. | D21: =D19 -> 0 | E21: =E19 -> 50000 | F21: =F19 -> 65000 | G21: =G19 -> 1163960 | H21: =H19 -> 0 | I21: =I19 -> 0 | J21: =J19 -> 0 | K21: =K19 -> 2292912 | L21: =F610TotalBudgFY+F610Carryforward -> 1605352 | M21: =IF(K21=L21,0,IF(K21>0,(L21-K21)/K21,"")) -> -0.3 | N21: 12.
F22: =IF(ROUND('Page 4'!L21,0)<ROUND('Page 8'!K32,0),CONCATENATE("The district has budgeted an amount in the UCO Fund which is less than the Unrestricted Capital Budget Limit as calculated on Page 8 of 8 by ",TEXT('Page 8'!K32-'Page 4'!L21,"$#,###"),"."),IF(ROUND('Page 4'!L21,0)>ROUND('Page 8'!K32,0),CONCATENATE("The district has budgeted greater in the UCO Fund than the Unrestricted Capital Budget Limit as calculated on Page 8 of 8 by ",TEXT(-'Page 8'!K32+'Page 4'!L21,"$#,###"),"."),IF(ROUND('Page 4'!L21,0)=ROUND('Page 8'!K32,0),CONCATENATE("The district has budgeted an amount in the UCO Fund equal to the Unrestricted Capital Budget Limit as calculated on Page 8 of 8.")))) -> The district has budgeted an amount in the UCO Fund equal to the Unrestricted Capital Budget Limit as calculated on Page 8 of 8.
A24: (1) Amounts in the Unrestricted Capital Outlay Override line 1 above must be included in the appropriate individual line items for Fund 610 and in the budget year total column. | E24: (5) | F24: Expenditures budgeted in Unrestricted Capital Outlay (UCO) Fund for food service
F26: Enter the amount budgeted in UCO for food service [amount will be used to determine district
F27: compliance with state matching requirements pursuant to CFR Title 7, §210.17(a)]
A28: (2) Detail by object code:
B29: Unrestricted Capital Outlay
A31: 6641 Library Books | B31: 25000 | E31: (6) | F31: Expenditures, if any, budgeted in the Unrestricted Capital Outlay Fund on lines 2-9 for the K-3 Reading Program as described in A.R.S. §15-211.
A32: 6642 Textbooks | B32: 93960
A33: 6643 Instructional Aids | B33: 125000
A34: 673X Furniture and Equipment | B34: 350000
A35: 673X Vehicles | B35: 370000
A36: 673X Tech Hardware & Software | B36: 641392
A38: (3) Includes principal on Capital Equity Fund loans of | E38: , principal on leases of | H38: , and principal on bonds of | K38: .
A40: (4) Includes interest on Capital Equity Fund loans of | E40: , interest on leases of | H40: , and interest on bonds of | K40: .

Sheet Page 5
A1: District name | B1: =DistrictName -> Murphy Elementary School District #21 | G1: County | H1: =Cover!H1 -> Maricopa | J1: CTD number | K1: =Cover!S1 -> 070421000 | M1: Version | N1: =Cover!C8 -> Proposed
A3: Other funds—required capital expenditure detail [(A.R.S. §15-904.(B)]
D5: Unrestricted Capital Outlay | F5: Bond Building | H5: New School Facilities | J5: Adjacent Ways
A6: Expenditures | D6: Fund 610 | F6: Fund 630 | H6: Fund 695 | J6: Fund 620 (2)
D7: Prior FY | E7: Budget FY | F7: Prior FY | G7: Budget FY | H7: Prior FY | I7: Budget FY | J7: Prior FY | K7: Budget FY
A8: Total Fund Expenditures | C8: 1. | D8: =F610TotalCurrFY -> 2292912 | E8: =F610TotalBudgFY -> 1278960 | F8: =[1]!F630TotalBudgFY -> 0 | H8: =[1]!F695TotalBudgFY -> 0 | J8: =[1]!F620TotalBudgFY -> 900000 | K8: 900000 | L8: 1.
A9: Select Object Codes Detail (1)
A10: 6150 Classified Salaries | C10: 2. | D10: =[1]!F610BudgFYO6150 -> 0 | F10: =[1]!F630BudgFYO6150 -> 0 | H10: =[1]!F695BudgFYO6150 -> 0 | J10: =[1]!F620BudgFYO6150 -> 0 | L10: 2.
A11: 6200 Employee Benefits | C11: 3. | D11: =[1]!F610BudgFYO6200 -> 0 | F11: =[1]!F630BudgFYO6200 -> 0 | H11: =[1]!F695BudgFYO6200 -> 0 | J11: =[1]!F620BudgFYO6200 -> 0 | L11: 3.
A12: 6450 Construction Services | C12: 4. | D12: =[1]!F610BudgFYO6450 -> 0 | F12: =[1]!F630BudgFYO6450 -> 0 | H12: =[1]!F695BudgFYO6450 -> 0 | J12: =[1]!F620BudgFYO6450 -> 0 | L12: 4.
A13: 6655 Short-term Noninstructional Software Subscription | C13: 5. | L13: 5.
A14: 6710 Land and Improvements | C14: 6. | D14: =[1]!F610BudgFYO6710 -> 0 | F14: =[1]!F630BudgFYO6710 -> 0 | H14: =[1]!F695BudgFYO6710 -> 0 | J14: =[1]!F620BudgFYO6710 -> 0 | L14: 6.
A15: 6720 Buildings and Improvements | C15: 7. | D15: =[1]!F610BudgFYO6720 -> 0 | F15: =[1]!F630BudgFYO6720 -> 0 | H15: =[1]!F695BudgFYO6720 -> 0 | J15: =[1]!F620BudgFYO6720 -> 900000 | K15: 900000 | L15: 7.
A16: 673X Furniture and Equipment | C16: 8. | D16: =[1]!F610BudgFYO6731 -> 481185 | E16: =F610O6731 -> 350000 | F16: =[1]!F630BudgFYO6731 -> 0 | H16: =[1]!F695BudgFYO6731 -> 0 | J16: =[1]!F620BudgFYO6731 | L16: 8.
A17: 673X Vehicles | C17: 9. | D17: =[1]!F610BudgFYO6734 -> 700000 | E17: =F610O6734 -> 370000 | F17: =[1]!F630BudgFYO6734 -> 0 | H17: =[1]!F695BudgFYO6734 -> 0 | J17: =[1]!F620BudgFYO6734 -> 0 | L17: 9.
A18: 673X Technology Hardware & Software | C18: 10. | D18: =[1]!F610BudgFYO6737 -> 300000 | E18: =F610O6737 -> 641392 | F18: =[1]!F630BudgFYO6737 -> 0 | H18: =[1]!F695BudgFYO6737 -> 0 | J18: =[1]!F620BudgFYO6737 -> 0 | L18: 10.
A19: 6831, 6832, 6833 Redemption of Principal | C19: 11. | D19: =[1]!F610BudgFYO6831 -> 0 | F19: =[1]!F630BudgFYO6831 -> 0 | H19: =[1]!F695BudgFYO6831 -> 0 | J19: =[1]!F620BudgFYO6831 -> 0 | L19: 11.
A20: 6841, 6842, 6843, 6850, 6860 Interest and Debt-Issuance Costs | C20: 12. | D20: =[1]!F610BudgFYO6841 -> 0 | F20: =[1]!F630BudgFYO6841 -> 0 | H20: =[1]!F695BudgFYO6841 -> 0 | J20: =[1]!F620BudgFYO6841 -> 0 | L20: 12.
A21: Total (lines 2-12) | C21: 13. | D21: =SUM(D10:D20) -> 1481185 | E21: =SUM(E10:E20) -> 1361392 | F21: =SUM(F10:F20) -> 0 | G21: =SUM(G10:G20) -> 0 | H21: =SUM(H10:H20) -> 0 | I21: =SUM(I10:I20) -> 0 | J21: =SUM(J10:J20) -> 900000 | K21: =SUM(K10:K20) -> 900000 | L21: 13.
A22: Total amounts reported on lines 2-12 above for:
A23: Renovation | C23: 14. | D23: =[1]!F610BudgFYRenovation -> 350000 | E23: 350000 | F23: =[1]!F630BudgFYRenovation -> 0 | J23: =[1]!F620BudgFYRenovation -> 600000 | K23: 600000 | L23: 14.
A24: New Construction | C24: 15. | D24: =[1]!F610BudgFYNewConstruction -> 0 | F24: =[1]!F630BudgFYNewConstruction -> 0 | H24: =[1]!F695BudgFYNewConstruction -> 0 | J24: =[1]!F620BudgFYNewConstruction -> 300000 | K24: 300000 | L24: 15.
A25: Other | C25: 16. | D25: =[1]!F610BudgFYOther -> 1131185 | E25: 1011392 | F25: =[1]!F630BudgFYOther -> 0 | H25: =[1]!F695BudgFYOther -> 0 | J25: =[1]!F620BudgFYOther -> 0 | L25: 16.
A26: Total (lines 14-16, must equal line 13) | C26: 17. | D26: =SUM(D23:D25) -> 1481185 | E26: =SUM(E23:E25) -> 1361392 | F26: =SUM(F23:F25) -> 0 | G26: =SUM(G23:G25) -> 0 | H26: =SUM(H24:H25) -> 0 | I26: =SUM(I24:I25) -> 0 | J26: =SUM(J23:J25) -> 900000 | K26: =SUM(K23:K25) -> 900000 | L26: 17.
E27: =IF(SUM(E23:E25)=E21,"","Check line 12") | G27: =IF(SUM(G23:G25)=G21,"","Check line 12") | I27: =IF(SUM(I24:I25)=I21,"","Check line 12") | K27: =IF(SUM(K23:K25)=K21,"","Check line 12")
A28: (1) Lines 2-12 may not include all budgeted expenditures of the fund. Total budgeted expenditures for each fund should be included on Line 1.
A29: (2) Amount budgeted on line 1 for the Adjacent Ways Fund that will result in a tax levy in FY 2026
A30: =IF((E29>0),"Districts that are levying any amount for adjacent ways must fill in the Truth in Taxation Worksheet and follow the requirements of A.R.S. Sec. 15-905.01. The amount reported in footnote 2 above pulls to the Truth in Taxation Worksheet, Line 12.","")

Sheet Page 6
C1: District name | D1: =DistrictName -> Murphy Elementary School District #21 | I1: County | J1: =Cover!H1 -> Maricopa | O1: CTD number | P1: =Cover!S1 -> 070421000 | S1: Version | T1: =Cover!C8 -> Proposed
B3: Special projects | M3: Other funds expenditures
S4: Prior FY | T4: Budget FY
F5: FTE | I5: Total all functions | M5: 1. | O5: 050 County, City, and Town Grants | S5: =[1]!F050BudgFY -> 0 | U5: 1.
A6: Federal projects FTE & expenditures | F6: Prior FY | G6: Budget FY | I6: Prior FY | J6: Budget FY | M6: 2. | O6: 071 English Language Learner (1) | S6: =F071CurrFY -> 0 | T6: =F071BudgFY -> 0 | U6: 2.
A7: 1. | C7: 100-130 ESEA Title I - Helping Disadvantaged Children | F7: =[1]!F100130Personnel -> 14 | I7: =[1]!F100130BudgFY -> 1481537 | J7: 1423472 | K7: 1. | M7: 3. | O7: 072 Compensatory Instruction (1) | S7: =F072CurrFY -> 0 | T7: =F072BudgFY -> 0 | U7: 3.
A8: 2. | C8: 140-150 ESEA Title II - Prof. Dev. and Technology | F8: =[1]!F140150Personnel -> 1 | I8: =[1]!F140150BudgFY -> 201758 | J8: 138366 | K8: 2. | M8: 4. | O8: 500 School Plant (2) | S8: =[1]!F500BudgFY -> 1000000 | T8: 500000 | U8: 4.
A9: 3. | C9: 160 ESEA Title IV - 21st Century Schools | F9: =[1]!F160Personnel -> 0 | I9: =[1]!F160BudgFY -> 0 | K9: 3. | M9: 5. | O9: 510 Food Service | S9: =[1]!F510BudgFY -> 1500000 | T9: 1600000 | U9: 5.
A10: 4. | C10: 170-180 ESEA Title V - Promote Informed Parent Choice | F10: =[1]!F170180Personnel -> 0 | I10: =[1]!F170180BudgFY -> 0 | K10: 4. | M10: 6. | O10: 515 Civic Center | S10: =[1]!F515BudgFY -> 35000 | T10: 150000 | U10: 6.
A11: 5. | C11: 190 ESEA Title III - Limited Eng. & Immigrant Students | F11: =[1]!F190Personnel -> 1 | I11: =[1]!F190BudgFY -> 105631 | J11: 106240 | K11: 5. | M11: 7. | O11: 520 Community School | S11: =[1]!F520BudgFY -> 2250 | T11: 2300 | U11: 7.
A12: 6. | C12: 200 ESEA Title VII - Indian Education | F12: =[1]!F200Personnel -> 0 | I12: =[1]!F200BudgFY -> 0 | K12: 6. | M12: 8. | O12: 525 Auxiliary Operations | S12: =[1]!F525BudgFY -> 1950 | T12: 2000 | U12: 8.
A13: 7. | C13: 210 ESEA Title VI - Flexibility and Accountability | F13: =[1]!F210Personnel -> 0 | I13: =[1]!F210BudgFY -> 0 | K13: 7. | M13: 9. | O13: 526 Extracurricular Activities Fees Tax Credit | S13: =[1]!F526BudgFY -> 102000 | T13: 102000 | U13: 9.
A14: 8. | C14: 220 IDEA Part B | F14: =[1]!F220Personnel -> 6 | I14: =[1]!F220BudgFY -> 436853 | J14: 416559 | K14: 8. | M14: 10. | O14: 530 Gifts and Donations | S14: =[1]!F530BudgFY -> 0 | T14: 0 | U14: 10.
A15: 9. | C15: 230 Johnson-O'Malley | F15: =[1]!F230Personnel -> 0 | I15: =[1]!F230BudgFY -> 0 | K15: 9. | M15: 11. | O15: 535 Career & Technical Education Projects | S15: =[1]!F535BudgFY -> 0 | T15: 0 | U15: 11.
A16: 10. | C16: 240 Workforce Investment Act | F16: =[1]!F240Personnel -> 0 | I16: =[1]!F240BudgFY -> 0 | K16: 10. | M16: 12. | O16: 540 Fingerprint | S16: =[1]!F540BudgFY -> 800 | T16: 800 | U16: 12.
A17: 11. | C17: 250 AEA - Adult Education | F17: =[1]!F250Personnel -> 0 | I17: =[1]!F250BudgFY -> 0 | K17: 11. | M17: 13. | O17: 545 School Opening | S17: =[1]!F545BudgFY -> 0 | T17: 0 | U17: 13.
A18: 12. | C18: 260-270 Vocational Education - Basic Grants | F18: =[1]!F260270Personnel -> 0 | I18: =[1]!F260270BudgFY -> 0 | K18: 12. | M18: 14. | O18: 550 Insurance Proceeds | S18: =[1]!F550BudgFY -> 57000 | T18: 25000 | U18: 14.
A19: 13. | C19: 280 ESEA Title X - Homeless Education | F19: =[1]!F280Personnel -> 0 | I19: =[1]!F280BudgFY -> 0 | K19: 13. | M19: 15. | O19: 555 Textbooks | S19: =[1]!F555BudgFY -> 11000 | T19: 11000 | U19: 15.
A20: 14. | C20: 290 Medicaid Reimbursement | F20: =[1]!F290Personnel -> 0 | I20: =[1]!F290BudgFY -> 0 | K20: 14. | M20: 16. | O20: 565 Litigation Recovery | S20: =[1]!F565BudgFY -> 450 | T20: 450 | U20: 16.
A21: 15. | C21: 349 National Forest Fees | F21: =[1]!F349Personnel -> 0 | I21: =[1]!F349BudFY -> 0 | K21: 15. | M21: 17. | O21: 570 Indirect Costs | S21: =[1]!F570BudgFY -> 1000000 | T21: 1000000 | U21: 17.
A22: 16. | C22: 353 Taylor Grazing Fees | F22: =[1]!F353Personnel -> 0 | I22: =[1]!F353BudgFY -> 0 | K22: 16. | M22: 18. | O22: 575 Unemployment Insurance | S22: =[1]!F575BudgFY -> 199000 | T22: 200000 | U22: 18.
A23: 17. | C23: 374 E-Rate | F23: =[1]!F374Personnel -> 0 | I23: =[1]!F374BudgFY -> 0 | K23: 17. | M23: 19. | O23: 580 Teacherage | S23: =[1]!F580BudgFY -> 0 | T23: 0 | U23: 19.
A24: 18. | C24: 378 Impact Aid | F24: =[1]!F378Personnel -> 0 | I24: =[1]!F378BudgFY -> 0 | K24: 18. | M24: 20. | O24: 585 Insurance Refund | S24: =[1]!F585BudgFY -> 0 | T24: 0 | U24: 20.
A25: 19. | C25: 300-399 Other Federal Projects | F25: =[1]!F300399OtherPersonnel -> 0 | I25: =[1]!F300399OtherBudgFY -> 1485731 | J25: 0 | K25: 19. | M25: 21. | O25: 590 Grants and Gifts to Teachers | S25: =[1]!F590BudgFY -> 0 | T25: 0 | U25: 21.
A26: 20. | C26: 699 Federal Impact Aid (Construction) | F26: =[1]!F699Personnel -> 0 | I26: =[1]!F699BudgFY -> 0 | K26: 20. | M26: 22. | O26: 595 Advertisement | S26: =[1]!F595BudgFY -> 0 | T26: 0 | U26: 22.
A27: 21. | C27: Total Federal Project Funds (lines 1-20) | F27: =SUM(F7:F25) -> 22 | G27: =SUM(G7:H25) -> 0 | I27: =SUM(I7:I25) -> 3711510 | J27: =SUM(J7:J25) -> 2084637 | K27: 21. | M27: 23. | O27: 596 Career Technical Education | S27: =[1]!F596BudgFY -> 0 | T27: 0 | U27: 23.
A28: State projects FTE & expenditures | M28: 24. | O28: 597 Arizona Industry Credentials Incentive | S28: =[1]!F597BudgFY -> 0 | T28: 0 | U28: 24
A29: 22. | C29: 400 Vocational Education | F29: =[1]!F400Personnel -> 0 | I29: =[1]!F400BudgFY -> 0 | K29: 22. | M29: 25. | O29: 639 Impact Aid Revenue Bond Building | S29: =[1]!F639BudgFY -> 0 | T29: 0 | U29: 25.
A30: 23. | C30: 410 Early Childhood Block Grant | F30: =[1]!F410Personnel -> 0 | I30: =[1]!F410BudgFY -> 0 | K30: 23. | M30: 26. | O30: 650 Gifts and Donations-Capital | S30: =[1]!F650BudgFY -> 17000 | T30: 2000 | U30: 26.
A31: 24. | C31: 420 Ext. School Yr. - Pupils with Disabilities | F31: =[1]!F420Personnel -> 0 | I31: =[1]!F420BudgFY -> 0 | K31: 24. | M31: 27. | O31: 660 Condemnation | S31: =[1]!F660BudgFY -> 0 | T31: 0 | U31: 27.
A32: 25. | C32: 425 Adult Basic Education | F32: =[1]!F425Personnel -> 0 | I32: =[1]!F425BudgFY -> 0 | K32: 25. | M32: 28. | O32: 665 Energy and Water Savings | S32: =[1]!F665BudgFY -> 0 | T32: 0 | U32: 28.
A33: 26. | C33: 430 Chemical Abuse Prevention Programs | F33: =[1]!F430Personnel -> 0 | I33: =[1]!F430BudgFY -> 0 | K33: 26. | M33: 29. | O33: 686 Emergency Deficiencies Correction | S33: =[1]!F686BudgFY -> 0 | T33: 0 | U33: 29.
A34: 27. | C34: 435 Academic Contests | F34: =[1]!F435Personnel -> 0 | I34: =[1]!F435BudgFY -> 0 | K34: 27. | M34: 30. | O34: 691 Building Renewal Grant | S34: =[1]!F691BudgFY -> 16582 | T34: 700 | U34: 30.
A35: 28. | C35: 450 Gifted Education | F35: =[1]!F450Personnel -> 0 | I35: =[1]!F450BudgFY -> 0 | K35: 28. | M35: 31. | O35: 700 Debt Service | S35: =[1]!F700BudgFY -> 922992 | T35: 850000 | U35: 31.
A36: 29. | C36: 456 College Credit Exam Incentives | F36: {=[1]!F456Personnel} -> 0 | I36: {=[1]!F456BudgFY} -> 0 | K36: 29. | M36: 32. | O36: 720 Impact Aid Revenue Bond Debt Service | S36: =[1]!F720BudgFY -> 0 | T36: 0 | U36: 32.
A37: 30. | C37: 460 Environmental Special Plate | F37: =[1]!F460Personnel -> 0 | I37: =[1]!F460BudgFY -> 0 | K37: 30. | M37: 33. | O37: 850 Student Activities | S37: =[1]!F850BudgFY -> 25000 | T37: 25000 | U37: 33.
A38: 31. | C38: Other State Projects | F38: =[1]!F465499Personnel -> 0 | I38: =[1]!F465499BudgFY -> 330330 | J38: 436819 | K38: 31. | M38: 34. | O38: Other Employee Medical Insurance | S38: =[1]!OtherFundsBudgFY -> 1200000 | T38: 1200000 | U38: 34.
A39: 32. | C39: Total State Project Funds (lines 22-31) | F39: =SUM(F29:F38) -> 0 | G39: =SUM(G29:H38) -> 0 | I39: =SUM(I29:I38) -> 330330 | J39: =SUM(J29:J38) -> 436819 | K39: 32. | O39: Internal Service Funds 950-989
A40: 33. | C40: Total Special Projects (lines 21 and 32) | F40: =F27+F39 -> 22 | G40: =G27+G39 -> 0 | I40: =I27+I39 -> 4041840 | J40: =J27+J39 -> 2521456 | K40: 33. | M40: 1. | O40: 9___ Self-Insurance | S40: =[1]!F9__SelfInsBudgFY -> 0 | T40: 0 | U40: 1.
M41: 2. | O41: 955 Intergovernmental Agreements | S41: =[1]!F955BudgFY -> 0 | T41: 0 | U41: 2.
A42: Instructional Improvement Fund Expenditures (020) | I42: Prior FY | J42: Budget FY | M42: 3. | O42: 9__ OPEB | S42: =[1]!F9__OPEBBudgFY -> 0 | T42: 0 | U42: 3.
A43: 1. | C43: Teacher Compensation Increases | I43: =_xlfn.SINGLE('[1]Page 6'!J43) -> 0 | J43: 150000 | K43: 1. | M43: 4. | O43: 910 Catering | S43: =[1]!F9__OtherBudgFY -> 2070 | T43: 2100 | U43: 4.
A44: 2. | C44: Class Size Reduction | I44: =_xlfn.SINGLE('[1]Page 6'!J44) -> 150000 | K44: 2.
A45: 3. | C45: Dropout Prevention Programs (M&O purposes) | I45: =_xlfn.SINGLE('[1]Page 6'!J45) -> 0 | K45: 3.
A46: 4. | C46: Instructional Improvement Programs (M&O purposes) | I46: =_xlfn.SINGLE('[1]Page 6'!J46) -> 50000 | J46: 100000 | K46: 4. | M46: (1) | N46: From Supplement, line 10 and line 20, respectively.
A47: 5. | C47: Total Instructional Improvement Fund (lines 1-4) | I47: =_xlfn.SINGLE('[1]Page 6'!J47) -> 200000 | J47: =SUM(J43:J46) -> 250000 | K47: 5. | M47: (2) | N47: Indicate amount budgeted in Fund 500 for M&O purposes

Sheet Page 7
C1: District name | D1: =DistrictName -> Murphy Elementary School District #21 | F1: County | G1: =Cover!H1 -> Maricopa | L1: CTD number | M1: =Cover!S1 -> 070421000
L2: Version | M2: =Cover!C8 -> Proposed
A3: Calculation of FY 2026 General Budget Limit
A4: (A.R.S. §15-947.C)
J6: A. | M6: B.
J7: Maintenance | M7: Unrestricted
J8: and Operation | M8: Capital Outlay
A9: *1. | B9: FY 2026 Revenue Control Limit (RCL) | N9: =IF((H10-J10)>=0,"","The RCL amount allocated to the M&O Fund exceeds the calculated RCL amount.")
B10: (from BSA55 tab, page 3; includes FRPL and DAA onetime supplements) | G10: $ | H10: =RCL -> 7318545 | I10: $ | J10: 7318545 | L10: $ | M10: =IF((H10-J10)<0,"Error",H10-J10) -> 0
A14: *2. | B14: (a) | C14: FY 2026 District Additional Assistance (DAA) (from BSA55 tab, page 4) | G14: $ | H14: =PreAdjDAA -> 528154
B15: (b) | C15: DAA Adjustment (from BSA55 tab, page 4) | G15: $ | H15: =TotalDAAAdj -> 0 | N15: =IF((H17-J17)>=0,"","The DAA amount allocated to the M&O Fund exceeds the calculated DAA amount.")
B17: (c) | C17: Total DAA (line 2.a plus 2.b) | G17: $ | H17: =H14+H15 -> 528154 | M17: =IF((H17-J17)<0,"Error",H17-J17) -> 528154
A18: *3. | B18: FY 2026 Override Authorization (A.R.S. Sections 15-481 and 15-482 or 15-949 if small school adjustment phase down applies, see Calculations page, Calculation of Maximum Override for a District No Longer Eligible for a Small School Adjustment, line 6 and Calculation of Small School Adjustment Phase Down Limit, line 6) | AA18: Calculation of Maximum Override for a District No Longer Eligible for a Small School Adjustment, line 6 and Calculation of Small School Adjustment Phase Down Limit, line 6)
B19: (a) | C19: Maintenance and Operation | J19: 1150912
B20: (b) | C20: Unrestricted Capital Outlay | M20: 500000
B21: (c) | C21: Special Program
A22: *4. | B22: Small School Adjustment for Districts with a Student Count of 125 or less in K-8 or 100 or less in 9-12 (A.R.S. §15-949) (Up to $50,000 if no election is chosen for phase down, see Calculations page, Calculation of Small School Adjustment Phase Down Limit, line 6) | O22: =IF(AND('Data Entry'!J34>0,OR(AND(UnweightedStudCntK8PY>0,UnweightedStudCntK8PY<=125),AND(UnweightedStudCnt912PY>0,UnweightedStudCnt912PY<=100)),(AND(SSA_MO=0,SSA_UCO=0))),_xlfn.CONCAT("Reported FY ",TwoYearsPrior," ADM for K-8 and/or 9-12 is eligible for a small school adjustment. Amounts cannot be added or increased on line 4 after budget adoption."),"")
A24: *5. | B24: Tuition Revenue (A.R.S. §§15-823 and 15-824)
B25: (Do not include full-day kindergarten or summer school tuition)
B26: (a) | C26: Individuals and Other Private Sources
B27: (b) | C27: Other Arizona Districts
B28: (c) | C28: Out-of-State Districts and Other Governments
B29: (d) | C29: Certificates of Educational Convenience (A.R.S. §§15-825, 15-825.01, and 15-825.02)
A30: *6. | B30: State Assistance (A.R.S. §15-976) and Special Ed. Voucher Payments Received (A.R.S. §15-1204)
A31: *7. | B31: Increase Authorized by County School Superintendent for Accommodation Schools
B32: [not to exceed amount on Calculations page, Calculation of M&O Fund Budget Balance Carryforward, line 15(e)] (A.R.S. §15-974.B)
A33: 8. | B33: Budget Increase for:
B34: (a) | C34: Desegregation Expenditures (A.R.S. §15-910.G-K)
A35: * | B35: (b) | C35: Budget Balance Carryforward (from Calculations page, Calculation of M&O Fund Budget Balance Carryforward, line 13) (A.R.S. §15-943.01) | J35: =Calculations!R104 -> 7605032
B36: (c) | C36: Dropout Prevention Programs (Laws 1992, Ch. 305, §32 and Laws 2000, Ch. 398, §2)
B37: (d) | C37: Registered Warrant or Tax Anticipation Note Interest Expense Incurred in | N37: =IF(AND(OR(J38>0,M38>0),T37<>"X"),_xlfn.CONCAT("Districts with amounts on this line should have a FY ",TwoYearsPrior," Request Letter on file with ADE. Use the check box in T39 after verifying that ADE has the letter."),"")
C38: FY 2024 (A.R.S. Section 15-910.M, as amended by Laws 2022, Ch. 285, §3)
A39: * | B39: (e) | C39: Joint Career and Technical Education and Vocational Education Center (A.R.S. §15-910.01)
A40: * | B40: (f) | C40: FY 2025 Performance Pay Unexpended Budget Carryforward (from Calculation page,
C41: Calculation of M&O Fund Budget Balance Carryforward, line 10.e) (A.R.S. §15-920) | J41: =Calculations!R100 -> 0
B42: (g) | C42: Excessive Property Tax Assessed Valuation Judgments (A.R.S. §§42-16213 and 42-16214)
A43: * | B43: (h) | C43: Transportation Revenues for Attendance of Nonresident Pupils (A.R.S. §§15-923 and 15-947)
A44: *9. | B44: Adjustment to the General Budget Limit (A.R.S. §§15-272, 15-905.M, 15-910.02, and 15-915) Include year(s) and descriptions, as applicable.
B45: (a) | C45: Prior Year Over Expenditures/Resolutions:
B47: (b) | C47: Decrease for Transfer from M&O to Energy and Water Savings Fund
B48: (c) | C48: Increase for Energy and Water Savings Fund Transfer to M&O
B50: (d) | C50: Noncompliance Adjustment
B51: (e) | C51: ADM/Transportation Audit Adjustment
B52: (f) | C52: Other:
A53: 10. | B53: FY 2026 General Budget Limit (column A, lines 1 through 9)
B54: (A.R.S. §15-905.F) (page 1, line 30 cannot exceed this amount) | I54: $ | J54: =SUM(J10:J43)+SUM(J46:J52) -> 16074489
A55: 11. | B55: Total Amount to be Used for Capital Expenditures (column B, lines 1 through 8)
B56: ( A.R.S. §15-905.F) (to page 8, line 11) | L56: $ | M56: =SUM(M10:M39) -> 1028154
A58: * | B58: Subject to adjustment prior to May 15 as allowed by A.R.S. Revisions are described in the instructions for these lines, as needed.

Sheet Page 8
A1: District name | E1: =DistrictName -> Murphy Elementary School District #21 | F1: County | G1: =Cover!H1 -> Maricopa | J1: CTD number | K1: =Cover!S1 -> 070421000
J2: Version | K2: =Cover!C8 -> Proposed
A3: Calculation of FY 2026 Unrestricted Capital Budget Limit (A.R.S. Section 15-947.D)
A6: Unrestricted Capital Budget Limit
B7: 1. | C7: FY 2025 Unrestricted Capital Budget Limit (UCBL)
C8: (from FY 2025 latest revised Budget, page 8, line 12) | J8: $ | K8: =[1]!UCBLBudgFY -> 2292912
B9: 2. | C9: Total UCBL Adjustment for prior years as notified by ADE on BUDG75 report (For budget
C10: adoption, use zero.) | J10: $
B11: 3. | C11: Adjusted Amount Available for FY 2025 Capital Expenditures (line 1 + 2) | J11: $ | K11: =K8+K10 -> 2292912
B12: 4. | C12: Amount Budgeted in Fund 610 in FY 2025
C13: (from FY 2025 latest revised Budget, page 4, line 10) | J13: $ | K13: =[1]!F610TotalBudgFY -> 2292912
B14: 5. | C14: Lesser of line 3 or the sum of line 4 and any positive adjustment on line 2 | J14: $ | K14: =IF(K10>0,MIN(K13+K10,K11),MIN(K11,K13)) -> 2292912
B15: 6. | C15: FY 2025 Fund 610 Actual Expenditures (For budget adoption use actual expenditures
C16: to date plus estimated expenditures through fiscal year-end.) | J16: $ | K16: 1759674
B17: 7. | C17: Unexpended Budget Balance in Fund 610 (line 5 minus 6) If negative, use zero in
C18: calculation, but show negative amount here in parentheses. | G18: =IF((K14-K16)<0,K14-K16,"") | H18: =IF(G18<0,"OVEREXPENDED"," ") | J18: $ | K18: =IF(K14-K16>0,K14-K16,0) -> 533238
B19: 8. | C19: Interest Earned in Fund 610 in FY 2025 | J19: $ | K19: 43960
B20: 9. | C20: Monies deposited in Fund 610 from Division of School Facilities for donated land (A.R.S. §41-5741.F) | J20: $
B22: 10. | C22: Adjustment to UCBL for FY 2026 (A.R.S. Section 15-905.M) Include year(s) and descriptions, as applicable.
C23: (a) | D23: Prior Year Over Expenditures/Resolutions:
J24: $
C27: (b) | D27: ADM/Transportation Audit Adjustment | J27: $
C28: (c) | D28: Other: | J28: $
B30: 11. | C30: Amount to be used for capital expenditures (from page 7, line 11) | J30: $ | K30: =TotAmtCapExped -> 1028154
B32: 12. | C32: FY 2026 Unrestricted Capital Budget Limit (lines 7 through 11) (1) | J32: $ | K32: =SUM(K18:K30) -> 1605352
A35: (1) | B35: The amount budgeted on page 4, line 10 cannot exceed this amount.

Sheet Supplement
A1: District name | B1: =DistrictName -> Murphy Elementary School District #21 | F1: County | G1: =Cover!H1 -> Maricopa | J1: CTD number | K1: =Cover!S1 -> 070421000 | M1: Version | N1: =Cover!C8 -> Proposed
A2: Supplement to school district annual expenditure budget for districts that budget for English language learners (A.R.S. §§15-756.04 and 15-756.11)
G3: Employee | H3: Purchased | L3: Totals
A4: English Language Learners Supplement | D4: FTE | F4: Salaries | G4: benefits | H4: services | I4: Supplies | J4: Property | K4: Other | L4: Prior | M4: Budget | N4: %
D5: Prior | E5: Budget | H5: 6300, 6400, | L5: FY | M5: FY | N5: Increase/
A6: Expenditures | D6: FY | E6: FY | F6: 6100 | G6: 6200 | H6: 6500 | I6: 6600 | J6: 6700 | K6: 6800 | L6: =PriorFiscalYear -> 2025 | M6: =Cover!E3 -> 2026 | N6: Decrease
A7: English Language Learner Fund 071 (A.R.S. §15-756.04)
A8: 1000 Instruction | C8: 1. | D8: =[1]!F071F1000Personnel -> 0 | L8: =[1]!F071F1000 -> 0 | M8: =SUM(F8:K8) -> 0 | N8: =IF(L8=M8,0,IF(L8>0,(M8-L8)/L8,"")) -> 0 | O8: 1.
A9: 2000 Support Services
A10: 2100 Students | C10: 2. | D10: =[1]!F071F2100Personnel -> 0 | L10: =[1]!F071F2100 -> 0 | M10: =SUM(F10:K10) -> 0 | N10: =IF(L10=M10,0,IF(L10>0,(M10-L10)/L10,"")) -> 0 | O10: 2.
A11: 2200 Instructional Staff | C11: 3. | D11: =[1]!F071F2200Personnel -> 0 | L11: =[1]!F071F2200 -> 0 | M11: =SUM(F11:K11) -> 0 | N11: =IF(L11=M11,0,IF(L11>0,(M11-L11)/L11,"")) -> 0 | O11: 3.
A12: 2300 General Administration | C12: 4. | D12: =[1]!F071F2300Personnel -> 0 | L12: =[1]!F071F2300 -> 0 | M12: =SUM(F12:K12) -> 0 | N12: =IF(L12=M12,0,IF(L12>0,(M12-L12)/L12,"")) -> 0 | O12: 4.
A13: 2400 School Administration | C13: 5. | D13: =[1]!F071F2400Personnel -> 0 | L13: =[1]!F071F2400 -> 0 | M13: =SUM(F13:K13) -> 0 | N13: =IF(L13=M13,0,IF(L13>0,(M13-L13)/L13,"")) -> 0 | O13: 5.
A14: 2500 Central Services | C14: 6. | D14: =[1]!F071F2500Personnel -> 0 | L14: =[1]!F071F2500 -> 0 | M14: =SUM(F14:K14) -> 0 | N14: =IF(L14=M14,0,IF(L14>0,(M14-L14)/L14,"")) -> 0 | O14: 6.
A15: 2600 Operation & Maintenance of Plant | C15: 7. | D15: =[1]!F071F2600Personnel -> 0 | L15: =[1]!F071F2600 -> 0 | M15: =SUM(F15:K15) -> 0 | N15: =IF(L15=M15,0,IF(L15>0,(M15-L15)/L15,"")) -> 0 | O15: 7.
A16: 2700 Student Transportation | C16: 8. | D16: =[1]!F071F2700Personnel -> 0 | L16: =[1]!F071F2700 -> 0 | M16: =SUM(F16:K16) -> 0 | N16: =IF(L16=M16,0,IF(L16>0,(M16-L16)/L16,"")) -> 0 | O16: 8.
A17: 2900 Other | C17: 9. | D17: =[1]!F071F2900Personnel -> 0 | L17: =[1]!F071F2900 -> 0 | M17: =SUM(F17:K17) -> 0 | N17: =IF(L17=M17,0,IF(L17>0,(M17-L17)/L17,"")) -> 0 | O17: 9.
A18: Total (lines 1-9) (to Budget, page 6, Other Funds, line 2) | C18: 10. | D18: =SUM(D8:D17) -> 0 | E18: =E8+SUM(E10:E17) -> 0 | F18: =F8+SUM(F10:F17) -> 0 | G18: =G8+SUM(G10:G17) -> 0 | H18: =H8+SUM(H10:H17) -> 0 | I18: =I8+SUM(I10:I17) -> 0 | K18: =K8+SUM(K10:K17) -> 0 | L18: =SUM(L8:L17) -> 0 | M18: =SUM(M8:M17) -> 0 | N18: =IF(L18=M18,0,IF(L18>0,(M18-L18)/L18,"")) -> 0 | O18: 10.
A19: Compensatory Instruction Fund 072 (A.R.S. §15-756.11)
A20: 1000 Instruction | C20: 11. | D20: =[1]!F072F1000Personnel -> 0 | L20: =[1]!F072F1000 -> 0 | M20: =SUM(F20:K20) -> 0 | N20: =IF(L20=M20,0,IF(L20>0,(M20-L20)/L20,"")) -> 0 | O20: 11.
A21: 2000 Support Services
A22: 2100 Students | C22: 12. | D22: =[1]!F072F2100Personnel -> 0 | L22: =[1]!F072F2100 -> 0 | M22: =SUM(F22:K22) -> 0 | N22: =IF(L22=M22,0,IF(L22>0,(M22-L22)/L22,"")) -> 0 | O22: 12.
A23: 2200 Instructional Staff | C23: 13. | D23: =[1]!F072F2200Personnel -> 0 | L23: =[1]!F072F2200 -> 0 | M23: =SUM(F23:K23) -> 0 | N23: =IF(L23=M23,0,IF(L23>0,(M23-L23)/L23,"")) -> 0 | O23: 13.
A24: 2300 General Administration | C24: 14. | D24: =[1]!F072F2300Personnel -> 0 | L24: =[1]!F072F2300 -> 0 | M24: =SUM(F24:K24) -> 0 | N24: =IF(L24=M24,0,IF(L24>0,(M24-L24)/L24,"")) -> 0 | O24: 14.
A25: 2400 School Administration | C25: 15. | D25: =[1]!F072F2400Personnel -> 0 | L25: =[1]!F072F2400 -> 0 | M25: =SUM(F25:K25) -> 0 | N25: =IF(L25=M25,0,IF(L25>0,(M25-L25)/L25,"")) -> 0 | O25: 15.
A26: 2500 Central Services | C26: 16. | D26: =[1]!F072F2500Personnel -> 0 | L26: =[1]!F072F2500 -> 0 | M26: =SUM(F26:K26) -> 0 | N26: =IF(L26=M26,0,IF(L26>0,(M26-L26)/L26,"")) -> 0 | O26: 16.
A27: 2600 Operation & Maintenance of Plant | C27: 17. | D27: =[1]!F072F2600Personnel -> 0 | L27: =[1]!F072F2600 -> 0 | M27: =SUM(F27:K27) -> 0 | N27: =IF(L27=M27,0,IF(L27>0,(M27-L27)/L27,"")) -> 0 | O27: 17.
A28: 2700 Student Transportation | C28: 18. | D28: =[1]!F072F2700Personnel -> 0 | L28: =[1]!F072F2700 -> 0 | M28: =SUM(F28:K28) -> 0 | N28: =IF(L28=M28,0,IF(L28>0,(M28-L28)/L28,"")) -> 0 | O28: 18.
A29: 2900 Other | C29: 19. | D29: =[1]!F072F2900Personnel -> 0 | L29: =[1]!F072F2900 -> 0 | M29: =SUM(F29:K29) -> 0 | N29: =IF(L29=M29,0,IF(L29>0,(M29-L29)/L29,"")) -> 0 | O29: 19.
A30: Total (lines 11-19) (to Budget, page 6, Other Funds, line 3) | C30: 20. | D30: =SUM(D20:D29) -> 0 | E30: =E20+SUM(E22:E29) -> 0 | F30: =F20+SUM(F22:F29) -> 0 | G30: =G20+SUM(G22:G29) -> 0 | H30: =H20+SUM(H22:H29) -> 0 | I30: =I20+SUM(I22:I29) -> 0 | K30: =K20+SUM(K22:K29) -> 0 | L30: =SUM(L20:L29) -> 0 | M30: =SUM(M20:M29) -> 0 | N30: =IF(L30=M30,0,IF(L30>0,(M30-L30)/L30,"")) -> 0 | O30: 20.

Sheet Summary Page 1
A1: =IF(OR(Version="Proposed",Version=""),"Summary of School District Proposed Expenditure Budget",IF(Version="Adopted","Summary of School District Adopted Expenditure Budget","Summary of School District Revised Expenditure Budget")) -> Summary of School District Proposed Expenditure Budget | H1: CTD number | I1: =CTD -> 070421000 | K1: proposed by the Governing Board on,
H2: Version | I2: =Cover!C8 -> Proposed | K2: revised by the Governing Board on, | L2: adopted by the Governing Board on,
A3: I certify that the budget of | B3: Murphy Elementary School | E3: District, | F3: 21 | G3: County for fiscal year 2026 was officially | K3: , and that the complete Proposed Expenditure Budget may be reviewed by contacting | L3: , and that the complete Adopted Expenditure Budget may be reviewed by contacting
A4: =IF(OR(I2="Proposed",I2=0),K1,IF(I2="Adopted",L2,K2)) -> proposed by the Governing Board on, | C4: =IF(ISNUMBER(SEARCH("Revised*",I2)),Cover!E15,IF(ISNUMBER(SEARCH("Proposed*",I2)),Cover!E13,IF(ISNUMBER(SEARCH("Adopted*",I2)),Cover!E14,""))) -> 45817 | D4: =IF(OR(I2="Proposed",I2=0),K3,IF(I2="Adopted",L3,K4)) -> , and that the complete Proposed Expenditure Budget may be reviewed by contacting | E4: =IF(ISNUMBER(SEARCH("Revised*",M2)),O2,O1) -> 0 | F4: =IF(ISNUMBER(SEARCH("Revised*",N2)),P2,P1) -> 0 | G4: =IF(ISNUMBER(SEARCH("Revised*",O2)),Q2,Q1) -> 0 | H4: =IF(ISNUMBER(SEARCH("Revised*",P2)),R2,R1) -> 0 | I4: =IF(ISNUMBER(SEARCH("Revised*",Q2)),S2,S1) -> 0 | K4: , and that the complete Revised Expenditure Budget may be reviewed by contacting
A5: Linda M. Cordova | B5: at the District Office, telephone | D5: 602-353-5058 | F5: during normal business hours. | I5: =IF(I10<1,"Enter average salaries on Budget Cover","") | K5: =IF(AND(ISNUMBER(SEARCH("Revised*",I2)),Cover!E15=""),"Enter revised date on Budget Cover",IF(AND(ISNUMBER(SEARCH("Proposed*",I2)),Cover!E13=""),"Enter proposed date on Budget Cover",""))
E7: President of the Governing Board
A9: 1. Average Daily Membership: | C9: Prior year | D9: Budget year | E9: 4. Average teacher salaries (A.R.S. §15-903.E)
B10: 2024 ADM | C10: 2025 ADM | D10: 2026 ADM | E10: 1. Average salary of all teachers employed in FY 2026 (budget year) | I10: =BudgetYearSalary -> 56200
A11: Attending | E11: 2. Average salary of all teachers employed in FY 2025 (prior year) | I11: =PriorYearSalary -> 55067
B12: 1027.2034 | C12: 961.4916 | D12: 930 | E12: 3. Increase in average teacher salary from the prior year | I12: =SalaryIncrease -> 1133
A13: 2. Tax Rates: | C13: Prior FY | D13: Est. Budget FY | E13: 4. Percentage increase | I13: =PercentageIncrease -> 0.02
A14: Primary rate (equalization formula funding and budget add-ons not required to be in secondary rate)
E15: =IF(SalaryComments="","",SalaryComments) -> Comments on average salary calculation (Optional):
C16: =PrimTaxRateCurrFY -> 1.6881 | D16: =EstTaxRateBudgFY -> 1.734
A17: Secondary rate (voter-approved overrides, bonds, and Career Technical Education Districts, and desegregation, if applicable)
C19: =TotSecTaxRateCurrFY -> 1.9785 | D19: =TotSecTaxRateBudgFY -> 2.2362
A20: 3. Budgeted expenditures and Budget Limits: | B20: Budgeted Expenditures | C20: Budgeted Carryforward | D20: Budget Limit
A22: Maintenance & Operation Fund | B22: =F001TotalExp -> 11154364 | C22: =F001Carryforward -> 4920125 | D22: =GBLBudgFY -> 16074489
A23: Classroom Site Fund | B23: =F010TotalExp -> 1194026 | C23: =F010Carryforward -> 950000 | D23: ='Page 3'!CSFBLBudgFY -> 2144026
A24: Unrestricted Capital Outlay Fund | B24: =F610TotalBudgFY -> 1278960 | C24: =F610Carryforward -> 326392 | D24: =UCBLBudgFY -> 1605352
A27: Maintenance and Operation Expenditures
I28: % Inc./(Decr.)
C29: Salaries and Benefits | E29: Other | G29: TOTAL | I29: from
C30: Prior FY | D30: Budget FY | E30: Prior FY | F30: Budget FY | G30: Prior FY | H30: Budget FY | I30: Prior FY
A32: 100 Regular Education
A33: 1000 Instruction | C33: =[1]!F001P100F1000SBBudgFY -> 4212732 | D33: =F001P100F1000O6100+F001P100F1000O6200 -> 3545604 | E33: =[1]!F001P100F1000OthBudgFY -> 623000 | F33: =F001P100F1000O630064006500+F001P100F1000O6600+F001P100F1000O6800 -> 25000 | G33: =C33+E33 -> 4835732 | H33: =D33+F33 -> 3570604 | I33: =IF(G33=H33,0,IF(G33>0,(H33-G33)/G33,"")) -> -0.262
A34: 2000 Support Services
A35: 2100 Students | C35: =[1]!F001P100F2100SBBudgFY -> 610949 | D35: =F001P100F2100O6100+F001P100F2100O6200 -> 558539 | E35: =[1]!F001P100F2100OthBudgFY -> 126000 | F35: =F001P100F2100O630064006500+F001P100F2100O6600+F001P100F2100O6800 -> 76000 | G35: =C35+E35 -> 736949 | H35: =D35+F35 -> 634539 | I35: =IF(G35=H35,0,IF(G35>0,(H35-G35)/G35,"")) -> -0.139
A36: 2200 Instructional Staff | C36: =[1]!F001P100F2200SBBudgFY -> 164000 | D36: =F001P100F2200O6100+F001P100F2200O6200 -> 112000 | E36: =[1]!F001P100F2200OthBudgFY -> 20000 | F36: =F001P100F2200O630064006500+F001P100F2200O6600+F001P100F2200O6800 -> 20000 | G36: =C36+E36 -> 184000 | H36: =D36+F36 -> 132000 | I36: =IF(G36=H36,0,IF(G36>0,(H36-G36)/G36,"")) -> -0.283
A37: 2300, 2400, 2500 Administration | C37: =[1]!F001P100F230024002500SBBudgFY -> 1632368 | D37: =F001P100F2300O6100+F001P100F2400O6100+F001P100F2500O6100+F001P100F2300O6200+F001P100F2400O6200+F001P100F2500O6200 -> 1251000 | E37: =[1]!F001P100F230024002500OthBudgFY -> 932168 | F37: =F001P100F2300O630064006500+F001P100F2300O6600+F001P100F2300O6800+F001P100F2400O630064006500+F001P100F2400O6600+F001P100F2400O6800+F001P100F2500O630064006500+F001P100F2500O6600+F001P100F2500O6800 -> 246743 | G37: =C37+E37 -> 2564536 | H37: =D37+F37 -> 1497743 | I37: =IF(G37=H37,0,IF(G37>0,(H37-G37)/G37,"")) -> -0.416
A38: 2600 Oper./Maint. of Plant | C38: =[1]!F001P100F2600SBBudgFY -> 1200000 | D38: =F001P100F2600O6100+F001P100F2600O6200 -> 885000 | E38: =[1]!F001P100F2600OthBudgFY -> 2477250 | F38: =F001P100F2600O630064006500+F001P100F2600O6600+F001P100F2600O6800 -> 1508000 | G38: =C38+E38 -> 3677250 | H38: =D38+F38 -> 2393000 | I38: =IF(G38=H38,0,IF(G38>0,(H38-G38)/G38,"")) -> -0.349
A39: 2900 Other | C39: =[1]!F001P100F2900SBBudgFY -> 0 | D39: =F001P100F2900O6100+F001P100F2900O6200 -> 0 | E39: =[1]!F001P100F2900OthBudgFY -> 0 | F39: =F001P100F2900O630064006500+F001P100F2900O6600+F001P100F2900O6800 -> 0 | G39: =C39+E39 -> 0 | H39: =D39+F39 -> 0 | I39: =IF(G39=H39,0,IF(G39>0,(H39-G39)/G39,"")) -> 0
A40: 3000 Oper. of Noninstructional Services | C40: =[1]!F001P100F3000SBBudgFY -> 0 | D40: =F001P100F3000O6100+F001P100F3000O6200 -> 0 | E40: =[1]!F001P100F3000OthBudgFY -> 30750 | F40: =F001P100F3000O630064006500+F001P100F3000O6600+F001P100F3000O6800 -> 30750 | G40: =C40+E40 -> 30750 | H40: =D40+F40 -> 30750 | I40: =IF(G40=H40,0,IF(G40>0,(H40-G40)/G40,"")) -> 0
A41: 610 School-Sponsored Cocurric. Activities | C41: =[1]!F001P610SBBudgFY -> 0 | D41: =F001P610O6100+F001P610O6200 -> 0 | E41: =[1]!F001P610OthBudgFY -> 0 | F41: =F001P610O630064006500+F001P610O6600+F001P610O6800 -> 0 | G41: =C41+E41 -> 0 | H41: =D41+F41 -> 0 | I41: =IF(G41=H41,0,IF(G41>0,(H41-G41)/G41,"")) -> 0
A42: 620 School-Sponsored Athletics | C42: =[1]!F001P620SBBudgFY -> 70000 | D42: =F001P620O6100+F001P620O6200 -> 25000 | E42: =[1]!F001P620OthBudgFY -> 45000 | F42: =F001P620O630064006500+F001P620O6600+F001P620O6800 -> 20000 | G42: =C42+E42 -> 115000 | H42: =D42+F42 -> 45000 | I42: =IF(G42=H42,0,IF(G42>0,(H42-G42)/G42,"")) -> -0.609
A43: 630, 700, 800, 900 Other Programs | C43: =[1]!F001P630700800900SBBudgFY -> 0 | D43: =F001P630O6100+F001P630O6200+F001P700800900O6100+F001P700800900O6200 -> 0 | E43: =[1]!F001P630700800900OthBudgFY -> 0 | F43: =F001P630O630064006500+F001P630O6600+F001P630O6800+F001P700800900O630064006500+F001P700800900O6600+F001P700800900O6800 -> 0 | G43: =C43+E43 -> 0 | H43: =D43+F43 -> 0 | I43: =IF(G43=H43,0,IF(G43>0,(H43-G43)/G43,"")) -> 0
A44: Regular Education Subsection Subtotal | C44: =SUM(C33:C43) -> 7890049 | D44: =SUM(D33:D43) -> 6377143 | E44: =SUM(E33:E43) -> 4254168 | F44: =SUM(F33:F43) -> 1926493 | G44: =SUM(G33:G43) -> 12144217 | H44: =SUM(H33:H43) -> 8303636 | I44: =IF(G44=H44,0,IF(G44>0,(H44-G44)/G44,"")) -> -0.316
A45: 200 and 300 Special Education
A46: 1000 Instruction | C46: =[1]!F001P200F1000SBBudgFY -> 476000 | D46: =F001P200F1000O6100+F001P200F1000O6200 -> 476000 | E46: =[1]!F001P200F1000OthBudgFY -> 755000 | F46: =F001P200F1000O630064006500+F001P200F1000O6600+F001P200F1000O6800 -> 755000 | G46: =C46+E46 -> 1231000 | H46: =D46+F46 -> 1231000 | I46: =IF(G46=H46,0,IF(G46>0,(H46-G46)/G46,"")) -> 0
A47: 2000 Support Services
A48: 2100 Students | C48: =[1]!F001P200F2100SBBudgFY -> 403000 | D48: =F001P200F2100O6100+F001P200F2100O6200 -> 403000 | E48: =[1]!F001P200F2100OthBudgFY -> 113916 | F48: =F001P200F2100O630064006500+F001P200F2100O6600+F001P200F2100O6800 -> 113916 | G48: =C48+E48 -> 516916 | H48: =D48+F48 -> 516916 | I48: =IF(G48=H48,0,IF(G48>0,(H48-G48)/G48,"")) -> 0
A49: 2200 Instructional Staff | C49: =[1]!F001P200F2200SBBudgFY -> 128312 | D49: =F001P200F2200O6100+F001P200F2200O6200 -> 128312 | E49: =[1]!F001P200F2200OthBudgFY -> 3500 | F49: =F001P200F2200O630064006500+F001P200F2200O6600+F001P200F2200O6800 -> 3500 | G49: =C49+E49 -> 131812 | H49: =D49+F49 -> 131812 | I49: =IF(G49=H49,0,IF(G49>0,(H49-G49)/G49,"")) -> 0
A50: 2300, 2400, 2500 Administration | C50: =[1]!F001P200F230024002500SBBudgFY -> 0 | D50: =F001P200F2300O6100+F001P200F2300O6200+F001P200F2400O6100+F001P200F2400O6200+F001P200F2500O6100+F001P200F2500O6200 -> 0 | E50: =[1]!F001P200F230024002500OthBudgFY -> 4000 | F50: =F001P200F2300O630064006500+F001P200F2300O6600+F001P200F2300O6800+F001P200F2400O630064006500+F001P200F2400O6600+F001P200F2400O6800+F001P200F2500O630064006500+F001P200F2500O6600+F001P200F2500O6800 -> 4000 | G50: =C50+E50 -> 4000 | H50: =D50+F50 -> 4000 | I50: =IF(G50=H50,0,IF(G50>0,(H50-G50)/G50,"")) -> 0
A51: 2600 Oper./Maint. of Plant | C51: =[1]!F001P200F2600SBBudgFY -> 0 | D51: =F001P200F2600O6100+F001P200F2600O6200 -> 0 | E51: =[1]!F001P200F2600OthBudgFY -> 0 | F51: =F001P200F2600O630064006500+F001P200F2600O6600+F001P200F2600O6800 -> 0 | G51: =C51+E51 -> 0 | H51: =D51+F51 -> 0 | I51: =IF(G51=H51,0,IF(G51>0,(H51-G51)/G51,"")) -> 0
A52: 2900 Other | C52: =[1]!F001P200F2900SBBudgFY -> 0 | D52: =F001P200F2900O6100+F001P200F2900O6200 -> 0 | E52: =[1]!F001P200F2900OthBudgFY -> 0 | F52: =F001P200F2900O630064006500+F001P200F2900O6600+F001P200F2900O6800 -> 0 | G52: =C52+E52 -> 0 | H52: =D52+F52 -> 0 | I52: =IF(G52=H52,0,IF(G52>0,(H52-G52)/G52,"")) -> 0
A53: 3000 Oper. of Noninstructional Services | C53: =[1]!F001P200F3000SBBudgFY -> 0 | D53: =F001P200F3000O6100+F001P200F3000O6200 -> 0 | E53: =[1]!F001P200F3000OthBudgFY -> 0 | F53: =F001P200F3000O630064006500+F001P200F3000O6600+F001P200F3000O6800 -> 0 | G53: =C53+E53 -> 0 | H53: =D53+F53 -> 0 | I53: =IF(G53=H53,0,IF(G53>0,(H53-G53)/G53,"")) -> 0
A54: Special Education Subsection Subtotal | C54: =SUM(C46:C53) -> 1007312 | D54: =SUM(D46:D53) -> 1007312 | E54: =SUM(E46:E53) -> 876416 | F54: =SUM(F46:F53) -> 876416 | G54: =SUM(G46:G53) -> 1883728 | H54: =SUM(H46:H53) -> 1883728 | I54: =IF(G54=H54,0,IF(G54>0,(H54-G54)/G54,"")) -> 0
A55: 400 Pupil Transportation | C55: =[1]!F001P400SBBudgFY -> 550000 | D55: =F001P400O6100+F001P400O6200 -> 325000 | E55: =[1]!F001P400OthBudgFy -> 1850000 | F55: =F001P400O630064006500+F001P400O6600+F001P400O6800 -> 550000 | G55: =C55+E55 -> 2400000 | H55: =D55+F55 -> 875000 | I55: =IF(G55=H55,0,IF(G55>0,(H55-G55)/G55,"")) -> -0.635
A56: 510 Desegregation | C56: =[1]!F001P510SBBudgFY -> 0 | D56: =F001P510O6100+F001P510O6200 -> 0 | E56: =[1]!F001P510OthBudgFY -> 0 | F56: =F001P510O630064006500+F001P510O6600+F001P510O6800 -> 0 | G56: =C56+E56 -> 0 | H56: =D56+F56 -> 0 | I56: =IF(G56=H56,0,IF(G56>0,(H56-G56)/G56,"")) -> 0
A57: 530 Dropout Prevention Programs | C57: =[1]!F001P530SBBudgFY -> 0 | D57: =F001P530O6100+F001P530O6200 -> 0 | E57: =[1]!F001P530OthBudgFY -> 0 | F57: =F001P530O630064006500+F001P530O6600+F001P530O6800 -> 0 | G57: =C57+E57 -> 0 | H57: =D57+F57 -> 0 | I57: =IF(G57=H57,0,IF(G57>0,(H57-G57)/G57,"")) -> 0
A58: 540 Joint Career and Technical Education
A59: and Vocational Education Center | C59: =[1]!F001P540SBBudgFY -> 0 | D59: =F001P540O6100+F001P540O6200 -> 0 | E59: =[1]!F001P540OthBudgFY -> 0 | F59: =F001P540O630064006500+F001P540O6600+F001P540O6800 -> 0 | G59: =C59+E59 -> 0 | H59: =D59+F59 -> 0 | I59: =IF(G59=H59,0,IF(G59>0,(H59-G59)/G59,"")) -> 0
A60: 550 K-3 Reading Program | C60: =[1]!F001P550SBBudgFY -> 77087 | D60: =F001P550O6100+F001P550O6200 -> 92000 | E60: =[1]!F001P550OthBudgFY -> 0 | F60: =F001P550O630064006500+F001P550O6600+F001P550O6800 -> 0 | G60: =C60+E60 -> 77087 | H60: =D60+F60 -> 92000 | I60: =IF(G60=H60,0,IF(G60>0,(H60-G60)/G60,"")) -> 0.193
A61: Budgeted Expenditures | C61: =SUM(C54:C60)+C44 -> 9524448 | D61: =SUM(D54:D60)+D44 -> 7801455 | E61: =SUM(E54:E60)+E44 -> 6980584 | F61: =SUM(F54:F60)+F44 -> 3352909 | G61: =SUM(G54:G60)+G44 -> 16505032 | H61: =SUM(H54:H60)+H44 -> 11154364 | I61: =IF(G61=H61,0,IF(G61>0,(H61-G61)/G61,"")) -> -0.324
A62: Maintained for spending after FY 2026 (budgeted carryforward) | H62: =F001Carryforward -> 4920125
A63: TOTAL BUDGET LIMIT EXPENDITURES | C63: =C61 -> 9524448 | D63: =D61 -> 7801455 | E63: =E61 -> 6980584 | F63: =F61 -> 3352909 | G63: =G61 -> 16505032 | H63: =H61+H62 -> 16074489 | I63: =IF(G63=H63,0,IF(G63>0,(H63-G63)/G63,"")) -> -0.026

Sheet Summary Page 2
A1: =IF(OR(Version="Proposed",Version=""),"Summary of School District Proposed Expenditure Budget (Concl'd)",IF(Version="Adopted","Summary of School District Adopted Expenditure Budget (Concl'd)","Summary of School District Revised Expenditure Budget (Concl'd)")) -> Summary of School District Proposed Expenditure Budget (Concl'd) | H1: CTD number | I1: =Cover!S1 -> 070421000 | L1: The table below calculates the total amount shown on the Total expenditures by fund, Other line. This table does not need to be printed as an official part of the budget forms.
A2: Total expenditures by fund | H2: Version | I2: =Cover!C8 -> Proposed
C3: Budgeted Expenditures | E3: $ Increase/(Decrease) | F3: % Increase/(Decrease)
A4: Fund | E4: from | F4: from | G4: =IF((F001TotalExp>0)*AND(OR(TotalFTECertSubtotal=0,TotalFTEClassSubtotal=0)),"Incomplete: Please complete the Certified and Classified sections of the Proposed Staffing Table below."," ") | L4: From page 6, Other Funds | M4: Prior FY | N4: Budget FY
C5: Prior FY | D5: Budget FY | E5: Prior FY | F5: Prior FY | L5: 050 County, City, and Town Grants | M5: =F050CurrFY -> 0 | N5: =F050BudgFY -> 0
A6: Maintenance & Operation | C6: =F001TotExpCurrFY -> 16505032 | D6: =F001TotalExp -> 11154364 | E6: =D6-C6 -> -5350668 | F6: =IF(C6=D6,0,IF(C6>0,E6/C6,"")) -> -0.324 | L6: 515 Civic Center | M6: =F515CurrFY -> 35000 | N6: =F515BudgFY -> 150000
A7: Instructional Improvement | C7: =F020TotCurrFY -> 0 | D7: =F020TotBudgFY -> 0 | E7: =D7-C7 -> 0 | F7: =IF(C7=D7,0,IF(C7>0,E7/C7,"")) -> 0 | L7: 520 Community School | M7: =F520CurrFY -> 2250 | N7: =F520BudgFY -> 2300
A8: English Language Learner | C8: =F071CurrFY -> 0 | D8: =F071BudgFY -> 0 | E8: =D8-C8 -> 0 | F8: =IF(C8=D8,0,IF(C8>0,E8/C8,"")) -> 0 | L8: 526 Extracurricular Activities Fees Tax Credit | M8: =F526CurrFY -> 102000 | N8: =F526BudgFY -> 102000
A9: Compensatory Instruction | C9: =F072CurrFY -> 0 | D9: =F072BudgFY -> 0 | E9: =D9-C9 -> 0 | F9: =IF(C9=D9,0,IF(C9>0,E9/C9,"")) -> 0 | L9: 530 Gifts and Donations | M9: =F530CurrFY -> 0 | N9: =F530BudgFY -> 0
A10: Classroom Site | C10: =F010TotalExpPY -> 2077364 | D10: =F010TotalExp -> 1194026 | E10: =D10-C10 -> -883338 | F10: =IF(C10=D10,0,IF(C10>0,E10/C10,"")) -> -0.425 | L10: 535 Career & Technical Education Projects | M10: =F535CurrFY -> 0 | N10: =F535BudgFY -> 0
A11: Federal Projects | C11: =TotFedProjFundCurrFY -> 3711510 | D11: =TotFedProjFundBudgFY -> 2084637 | E11: =D11-C11 -> -1626873 | F11: =IF(C11=D11,0,IF(C11>0,E11/C11,"")) -> -0.438 | L11: 540 Fingerprint | M11: =F540CurrFY -> 800 | N11: =F540BudgFY -> 800
A12: State Projects | C12: =TotStateProjFundCurrFY -> 330330 | D12: =TotStateProjFundBudgFY -> 436819 | E12: =D12-C12 -> 106489 | F12: =IF(C12=D12,0,IF(C12>0,E12/C12,"")) -> 0.322 | L12: 545 School Opening | M12: =F545CurrFY -> 0 | N12: =F545BudgFY -> 0
A13: Unrestricted Capital Outlay | C13: =F610TotalCurrFY -> 2292912 | D13: =F610TotalBudgFY -> 1278960 | E13: =D13-C13 -> -1013952 | F13: =IF(C13=D13,0,IF(C13>0,E13/C13,"")) -> -0.442 | L13: 550 Insurance Proceeds | M13: =F550CurrFY -> 57000 | N13: =F550BudgFY -> 25000
A14: New School Facilities | C14: =F695TotalCurrFY -> 0 | D14: =F695TotalBudgFY -> 0 | E14: =D14-C14 -> 0 | F14: =IF(C14=D14,0,IF(C14>0,E14/C14,"")) -> 0 | L14: 555 Textbooks | M14: =F555CurrFY -> 11000 | N14: =F555BudgFY -> 11000
A15: Adjacent Ways | C15: =F620TotalCurrFY -> 900000 | D15: =F620TotalBudgFY -> 900000 | E15: =D15-C15 -> 0 | F15: =IF(C15=D15,0,IF(C15>0,E15/C15,"")) -> 0 | L15: 565 Litigation Recovery | M15: =F565CurrFY -> 450 | N15: =F565BudgFY -> 450
A16: Debt Service | C16: =F700CurrFY -> 922992 | D16: =F700BudgFY -> 850000 | E16: =D16-C16 -> -72992 | F16: =IF(C16=D16,0,IF(C16>0,E16/C16,"")) -> -0.079 | G16: =IF((F001P200Subtotal>0)*AND(OR((SUM(TotalFTESpecEdTeacher+TotalFTESpecEdStaff=0,(SUM(SPEDTeacher+SPEDStaff=0)))))),"Incomplete: Please complete the Special Education section of the Proposed Staffing Table below."," ") | L16: 570 Indirect Costs | M16: =F570CurrFY -> 1000000 | N16: =F570BudgFY -> 1000000
A17: School Plant Fund | C17: =F500CurrFY -> 1000000 | D17: =F500BudgFY -> 500000 | E17: =D17-C17 -> -500000 | F17: =IF(C17=D17,0,IF(C17>0,E17/C17,"")) -> -0.5 | L17: 575 Unemployment Insurance | M17: =F575CurrFY -> 199000 | N17: =F575BudgFY -> 200000
A18: Auxiliary Operations | C18: =F525CurrFY -> 1950 | D18: =F525BudgFY -> 2000 | E18: =D18-C18 -> 50 | F18: =IF(C18=D18,0,IF(C18>0,E18/C18,"")) -> 0.026 | L18: 580 Teacherage | M18: =F580CurrFY -> 0 | N18: =F580BudgFY -> 0
A19: Bond Building | C19: =F630TotalCurrFY -> 0 | D19: =F630TotalBudgFY -> 0 | E19: =D19-C19 -> 0 | F19: =IF(C19=D19,0,IF(C19>0,E19/C19,"")) -> 0 | L19: 585 Insurance Refund | M19: =F585CurrFY -> 0 | N19: =F585BudgFY -> 0
A20: Food Service | C20: =F510CurrFY -> 1500000 | D20: =F510BudgFY -> 1600000 | E20: =D20-C20 -> 100000 | F20: =IF(C20=D20,0,IF(C20>0,E20/C20,"")) -> 0.067 | L20: 590 Grants and Gifts to Teachers | M20: =F590CurrFY -> 0 | N20: =F590BudgFY -> 0
A21: Other | C21: =M37 -> 2668152 | D21: =N37 -> 2721350 | E21: =D21-C21 -> 53198 | F21: =IF(C21=D21,0,IF(C21>0,E21/C21,"")) -> 0.02 | L21: 595 Advertisement | M21: =F595CurrFY -> 0 | N21: =F595BudgFY -> 0
L22: 596 Career Technical Education | M22: =F596CurrFY -> 0 | N22: =F596BudgFY -> 0
A23: M&O Fund Special Education Programs by type | L23: 597 Arizona Industry Credentials Incentive | M23: =F597CurrFY -> 0 | N23: =F597BudgFY -> 0
A24: Program (A.R.S. §§15-761 and 15-903) | D24: Prior FY | E24: Budget FY | L24: 639 Impact Aid Revenue Bond Building | M24: =F639CurrFY -> 0 | N24: =F639BudgFY -> 0
A25: Total All Disability Classifications | D25: =F001P200PYDisabilityTot -> 1818728 | E25: =F001P200Subtotal -> 1818728 | L25: 650 Gifts and Donations-Capital | M25: =F650CurrFY -> 17000 | N25: =F650BudgFY -> 2000
A26: Gifted Education | D26: =SPEDGiftedEdCurrFY -> 0 | E26: =SPEDGiftedEdBudgFY -> 0 | L26: 660 Condemnation | M26: =F660CurrFY -> 0 | N26: =F660BudgFY -> 0
A27: Remedial Education | D27: =SPEDRemedialEdCurrFY -> 0 | E27: =SPEDRemedialEdBudgFY -> 0 | L27: 665 Energy and Water Savings | M27: =F665CurrFY -> 0 | N27: =F665BudgFY -> 0
A28: ELL Incremental Costs | D28: =SPEDELLIncCostCurrFY -> 0 | E28: =SPEDELLIncCostBudgFY -> 0 | L28: 686 Emergency Deficiencies Correction | M28: =F686CurrFY -> 0 | N28: =F686BudgFY -> 0
A29: ELL Compensatory Instruction | D29: =SPEDELLCompInstrCurrFY -> 65000 | E29: =SPEDELLCompInstrBudgFY -> 65000 | L29: 691 Building Renewal Grant | M29: =F691CurrFY -> 16582 | N29: =F691BudgFY -> 700
A30: Vocational and Technical Education (non-CTED) | D30: =SPEDVocTechEdCurrFY -> 0 | E30: =SPEDVocTechEdBudgFY -> 0 | L30: 720 Impact Aid Revenue Bond Debt Service | M30: =F720CurrFY -> 0 | N30: =F720BudgFY -> 0
A31: Career Education (non-CTED) | D31: =SPEDCareerEdCurrFY -> 0 | E31: =SPEDCareerEdBudgFY -> 0 | L31: 850 Student Activities | M31: =F850CurrFY -> 25000 | N31: =F850BudgFY -> 25000
A32: Career Technical Education (CTED) | D32: {=[1]!SummCTEDBY} -> 0 | E32: =JTEDBudgFY -> 0 | L32: ='Page 6'!O38 -> Other Employee Medical Insurance | M32: =OtherFundsCurrFY -> 1200000 | N32: =OtherFundsBudgFY -> 1200000
A33: TOTAL | D33: =SUM(D25:D32) -> 1883728 | E33: =SUM(E25:E32) -> 1883728 | F33: =IF(SUM(E25:E32)=F001P200TotBudgFY,"","INVALID. The amount should equal the total budgeted amount reported on line 24, page 1.") | L33: ='Page 6'!O40 -> 9___ Self-Insurance | M33: =F9__SelfInsCurrFY -> 0 | N33: =F9__SelfInsBudgFY -> 0
L34: 955 Intergovernmental Agreements | M34: =F955CurrFY -> 0 | N34: =F955BudgFY -> 0
A35: Proposed staffing summary | L35: ='Page 6'!O42 -> 9__ OPEB | M35: =F9__OPEBCurrFY -> 0 | N35: =F9__OPEBBudgFY -> 0
A36: Staff Type | D36: Purchased Services Personnel FTE | E36: Employee FTE | F36: Total FTE | G36: Staff-Pupil Ratio | L36: ='Page 6'!O43 -> 910 Catering | M36: =F9__OtherCurrFY -> 2070 | N36: =F9__OtherBudgFY -> 2100
A37: Certified -- | L37: Total | M37: =SUM(M5:M36) -> 2668152 | N37: =SUM(N5:N36) -> 2721350
A38: Superintendent, principals, other administrators | E38: 5 | F38: =D38+E38 -> 5 | G38: 1 to | H38: =IF(F38>0,ROUND(BudgetYearADM/F38,1)," ") -> 186
A39: Teachers | E39: 44 | F39: =D39+E39 -> 44 | G39: 1 to | H39: =IF(F39>0,ROUND(BudgetYearADM/F39,1)," ") -> 21.1
A40: Other | E40: 4 | F40: =D40+E40 -> 4 | G40: 1 to | H40: =IF(F40>0,ROUND(BudgetYearADM/F40,1)," ") -> 232.5
B41: Subtotal | D41: =SUM(D38:D40) -> 0 | E41: =SUM(E38:E40) -> 53 | F41: =D41+E41 -> 53 | G41: 1 to | H41: =IF(F41>0,ROUND(BudgetYearADM/F41,1)," ") -> 17.5
A42: Classified --
A43: Managers, supervisors, directors | E43: 4 | F43: =D43+E43 -> 4 | G43: 1 to | H43: =IF(F43>0,ROUND(BudgetYearADM/F43,1)," ") -> 232.5
A44: Teachers aides | E44: 7 | F44: =D44+E44 -> 7 | G44: 1 to | H44: =IF(F44>0,ROUND(BudgetYearADM/F44,1)," ") -> 132.9
A45: Other | E45: 45 | F45: =D45+E45 -> 45 | G45: 1 to | H45: =IF(F45>0,ROUND(BudgetYearADM/F45,1)," ") -> 20.7
B46: Subtotal | D46: =SUM(D43:D45) -> 0 | E46: =SUM(E43:E45) -> 56 | F46: =D46+E46 -> 56 | G46: 1 to | H46: =IF(F46>0,ROUND(BudgetYearADM/F46,1)," ") -> 16.6
B47: TOTAL | D47: =D41+D46 -> 0 | E47: =E41+E46 -> 109 | F47: =D47+E47 -> 109 | G47: 1 to | H47: =IF(F47>0,ROUND(BudgetYearADM/F47,1)," ") -> 8.5
A49: Special education --
A50: Teacher | E50: 7 | F50: =D50+E50 -> 7 | G50: 1 to | H50: 31
A51: Staff | E51: 11 | F51: =D51+E51 -> 11 | G51: 1 to | H51: 10

Sheet Truth in Tax
A1: District name | E1: =DistrictName -> Murphy Elementary School District #21 | I1: CTD number | L1: =Cover!S1 -> 070421000
K2: Version | L2: =Cover!C8 -> Proposed
A3: FY 2026 Truth in Taxation Work Sheet (A.R.S. Section 15-905.01)
A5: 1. | C5: FY 2026 Truth in Taxation Base Limit (from FY 2025 TNT work sheet, line 3 + line 11) | H5: $ | I5: {=[1]!AdjTNTBaseLimit+[1]!ExcessTNTLimit} -> 0
A6: 2. | C6: Deduction for discontinued programs | F6: =IF(SUM(I11:I14)=0,IF(I7>0,"No budget on lines 4 -7 below. Click here for Instructions",""),"")
A7: 3. | C7: Adjusted FY 2026 TNT Base Limit | H7: $ | I7: =I5-I6 -> 0
K8: Primary property tax rate related to budgeted expenditures
A9: FY 2026 Budgeted Expenditures
A11: 4. | C11: Desegregation (no longer a primary levy, must be zero) | H11: $ | I11: 0 | L11: =IF(ISERROR(I11/$I$35),"",I11/$I$35)
A12: 5. | C12: Dropout prevention (from page 1, line 27) | I12: =F001P530 -> 0 | L12: =IF(ISERROR(I12/$I$35),"",I12/$I$35)
A13: 6. | C13: Joint Career and Technical Education and Vocational Education Center | I13: 0 | L13: =IF(ISERROR(I13/$I$35),"",I13/$I$35)
A14: 7. | C14: Small school adjustment (from page 7, line 4, columns A and B) | H14: $ | I14: =SSA_MO+SSA_UCO -> 0 | L14: =IF(ISERROR(I14/$I$35),"",I14/$I$35)
A15: Adjustments for FY 2025 Expenditures
A16: 8. | C16: Desegregation, dropout prevention, and Joint Career and Technical Education and Vocational Education Center
C17: a. | D17: FY 2025 Total actual expenditures for programs above | F17: $
C18: b. | D18: Sum of FY 2025 original budget amounts for programs above (from FY 2025 TNT work sheet, sum of lines 4, 5, and 6) | G18: =SUM(#REF!) -> #REF!
C19: c. | D19: Expenditures over/(under) original budget (line 8.a minus line 8.b) | H19: $ | I19: =IF(G17<>0,G17-G18,0) -> 0
A20: 9. | C20: Small school adjustment
C21: a. | D21: FY 2025 final budget for small school adjustment | F21: $
C22: b. | D22: FY 2025 original budget for small school adjustment (from FY 2025 TNT work sheet, line 7) | F22: $ | G22: =#REF! -> #REF!
C23: c. | D23: Amount over/(under) budget for small school adjustment (line 9.a minus line 9.b) | H23: $ | I23: =IF(G21<>0,G21-G22,0) -> 0
A24: 10. | C24: Total (add lines 4 through 7 and line 8.c. and line 9.c.) | H24: $ | I24: =SUM(I11:I14)+I19+I23 -> 0
A25: 11. | C25: Excess over Truth in Taxation Limit (1)
C26: (Line 10 minus line 3. If negative, enter zero.) | H26: $ | I26: =IF(I24-I7>0,I24-I7,0) -> 0
A28: 12. | C28: Amount to be levied in FY 2026 for Adjacent Way
C29: pursuant to A.R.S. §15-995 (from page 5, footnote 2) (1) | H29: $ | I29: =AdjWaysLevy -> 0 | L29: =IF(ISERROR(I29/$I$35),"",I29/$I$35)
A30: 13. | C30: Amount to be levied in FY 2026 for liabilities in excess
C31: of the Budget pursuant to A.R.S. §15-907 (1) | H31: $ | L31: =IF(ISERROR(I31/$I$35),"",I31/$I$35)
A33: Calculations for Truth in Taxation Notice
A34: A. | C34: Sum of lines 11, 12, and 13 | H34: $ | I34: =I26+I29+I31 -> 0
A35: B.1. | C35: Current assessed value | H35: $
A36: B.2. | C36: (Line 3 divided by line B.1) x $10,000 | H36: $ | I36: =IF(I35>0,ROUND((I7/I35)*10000,4)," ") | J36: (2)
A37: C.1. | C37: Sum of lines 3, 11, 12, and 13 | H37: $ | I37: =I7+I26+I29+I31 -> 0
A38: C.2. | C38: (Line C.1 divided by line B.1) x $10,000 | H38: $ | I38: =IF(I35>0,ROUND((I37/I35)*10000,4)," ") | J38: (2)
A41: (1) | C41: If an amount on line 11, 12, or 13 is greater than zero, the district must publish a Truth in Taxation Hearing Notice as described in A.R.S. §15-905.01.
A44: (2) | C44: $10,000 is used in these calculations to determine the amounts to include on the truth in taxation hearing notice for a $100,000 home, as property taxes on residential properties are levied at 10% of the assessed valuation per A.R.S. §42-15003.

Sheet Fund balances
B1: District name | C1: =DistrictName -> Murphy Elementary School District #21 | E1: CTD number | F1: =Cover!S1 -> 070421000
A3: This tab presents information on the amount and planned use of the District's fund balance to increase transparency and provide decision-makers, other stakeholders, and the public more complete financial information. Other than the FY 2024 ending fund balance amounts, all amounts included on this tab are estimates.
C6: Funds
C7: General | F7: Capital Projects | J7: Special Revenue | M7: Debt Service | N7: Permanent | O7: Enterprise | P7: Internal Services | Q7: Total all funds
A8: A. Estimated FY 2025 fund balances and planned uses in FY 2026 and thereafter | C8: Maintenance and Operations | D8: Unrestricted Capital Outlay (if included in the General Fund) | E8: Other funds reported in the General Fund | F8: Unrestricted Capital Outlay (if not included in the General Fund) | G8: Bond Building | H8: Adjacent Ways | I8: Other capital projects | J8: Classroom Site | K8: Federal and State Grant | L8: Other special revenue | W8: Yes
A10: 1. | B10: FY 2024 final ending fund balance | C10: 8184195 | D10: 0 | E10: 4651776 | F10: 1723317 | G10: 0 | H10: 924202 | I10: 33917 | J10: 1129242 | K10: -566855 | L10: 1361081 | M10: 0 | N10: 0 | O10: 2084 | P10: 0 | Q10: =SUM(C10:P10) -> 17442959 | W10: No
B11: If the final ending fund balance reported above does not agree with the submitted FY 2024 AFR, revise the AFR and resubmit to ADE.
A13: 2. | B13: FY 2025 activity, year-to-date and estimated through June 30
B14: (a) FY 2025 revenues and other financing sources | C14: 9626095 | D14: 0 | E14: 180000 | F14: 998000 | G14: 0 | H14: 27060 | I14: 1000 | J14: 975000 | K14: 1983939 | L14: 1892843 | M14: 890000 | N14: 0 | O14: 61 | P14: 0 | Q14: =SUM(C14:P14) -> 16573998
B15: (b) FY 2025 expenditures and other financing uses | C15: 8900000 | D15: 0 | E15: 1288000 | F15: 1737980 | G15: 0 | H15: 280000 | I15: 32302 | J15: 907498 | K15: 2178284 | L15: 1584233 | M15: 890000 | N15: 0 | O15: 0 | P15: 0 | Q15: =SUM(C15:P15) -> 17798297
A17: 3. | B17: Estimated FY 2025 ending fund balance | C17: =C10+C14-C15 -> 8910290 | D17: =D10+D14-D15 -> 0 | E17: =E10+E14-E15 -> 3543776 | F17: =F10+F14-F15 -> 983337 | G17: =G10+G14-G15 -> 0 | H17: =H10+H14-H15 -> 671262 | I17: =I10+I14-I15 -> 2615 | J17: =J10+J14-J15 -> 1196744 | ... P17: =P10+P14-P15 -> 0 | Q17: =SUM(C17:P17) -> 16218660
B18: (a) Nonspendable | C18: 0 | D18: 0 | E18: 0 | F18: 0 | G18: 0 | H18: 0 | I18: 0 | J18: 0 | K18: 0 | L18: 0 | M18: 0 | N18: 0 | O18: 0 | P18: 0 | Q18: =SUM(C18:P18) -> 0
B19: (b) Restricted | C19: 0 | D19: 0 | E19: 0 | F19: 983337 | G19: 0 | H19: 671262 | I19: 2615 | J19: 1196744 | K19: -761200 | L19: 1669691 | M19: 0 | N19: 0 | O19: 2145 | P19: 0 | Q19: =SUM(C19:P19) -> 3764594
B20: (c) Committed | C20: 0 | D20: 0 | E20: 0 | F20: 0 | G20: 0 | H20: 0 | I20: 0 | J20: 0 | K20: 0 | L20: 0 | M20: 0 | N20: 0 | O20: 0 | P20: 0 | Q20: =SUM(C20:P20) -> 0
B21: (d) Assigned | C21: 0 | D21: 0 | E21: 0 | F21: 0 | G21: 0 | H21: 0 | I21: 0 | J21: 0 | K21: 0 | L21: 0 | M21: 0 | N21: 0 | O21: 0 | P21: 0 | Q21: =SUM(C21:P21) -> 0
B22: (e) Unassigned | C22: 8910290 | D22: 0 | E22: 3543776 | F22: 0 | G22: 0 | H22: 0 | I22: 0 | J22: 0 | K22: 0 | L22: 0 | M22: 0 | N22: 0 | O22: 0 | P22: 0 | Q22: =SUM(C22:P22) -> 12454066
B23: (f) Total (amount must agree to line 3 above) | C23: =SUM(C18:C22) -> 8910290 | D23: =SUM(D18:D22) -> 0 | E23: =SUM(E18:E22) -> 3543776 | F23: =SUM(F18:F22) -> 983337 | G23: =SUM(G18:G22) -> 0 | H23: =SUM(H18:H22) -> 671262 | I23: =SUM(I18:I22) -> 2615 | J23: =SUM(J18:J22) -> 1196744 | ... Q23: =SUM(Q18:Q22) -> 16218660
A25: 4. | B25: FY 2025 estimated ending fund balance details and planned uses
B26: (a) Fund deficit | C26: 0 | D26: 0 | E26: 0 | F26: 0 | G26: 0 | H26: 0 | I26: 0 | J26: 0 | K26: 0 | L26: 0 | M26: 0 | N26: 0 | O26: 0 | P26: 0 | Q26: =SUM(C26:P26) -> 0
B27: (b) Fund balance exceeding budget capacity in budget controlled funds | C27: 0 | D27: 0 | F27: 0 | J27: 0 | K27: 0 | Q27: =SUM(C27:P27) -> 0
B28: (c) Planned to be spent in FY 2026 | C28: 3990165 | D28: 0 | E28: 1300000 | F28: 656945 | G28: 0 | H28: 350000 | I28: 0 | J28: 246744 | K28: -761200 | L28: 1669691 | N28: 0 | O28: 0 | P28: 0 | Q28: =SUM(C28:P28) -> 7452345
B29: (d) Maintained for spending after FY 2026 | C29: =F001Carryforward -> 4920125 | D29: =IF('Data Entry'!G22="General",F610Carryforward,0) -> 0 | E29: 2243776 | F29: =IF('Data Entry'!G22="Capital Projects",F610Carryforward,0) -> 326392 | G29: 0 | H29: 321262 | I29: 2615 | J29: =F010Carryforward -> 950000 | K29: 0 | L29: 0 | M29: 0 | N29: 0 | O29: 2145 | P29: 0 | Q29: =SUM(C29:P29) -> 8766315
B30: (e) Total (amount must agree to line 3 above) | C30: =SUM(C26:C29) -> 8910290 | D30: =SUM(D26:D29) -> 0 | E30: =SUM(E26:E29) -> 3543776 | F30: =SUM(F26:F29) -> 983337 | G30: =SUM(G26:G29) -> 0 | H30: =SUM(H26:H29) -> 671262 | I30: =SUM(I26:I29) -> 2615 | J30: =SUM(J26:J29) -> 1196744 | ... Q30: =SUM(Q26:Q29) -> 16218660
A32: B. | B32: Comments (optional)
A33: MESD has been facing a steady decline in enrollment. If this trend continues, we will need to utilize our budget balance carryforward. To avoid exceeding our budget capacity, we plan to implement annual cuts. However, our carryforward will help us maintain one-time stipends and salary increases for all staff in FY26, as well as support all positions that were funded through the ESSER fund.

Sheet Data Entry
A1: District Name | E1: =DistrictName -> Murphy Elementary School District #21 | H1: County | I1: =Cover!H1 -> Maricopa | K1: CTD number | L1: =CTD -> 070421000
K2: Version | L2: =Cover!C8 -> Proposed
F3: Data entry sheet
B5: FY 2026 Legislative amounts | L5: =IF(OR(L1=0,L2=0),"ENTER CTD NUMBER AND VERSION ON COVER PAGE","")
C6: Base Level Amount (A.R.S. §15-901, as amended by Laws 2024, Ch. 218, §10) | I6: $ | J6: 5013
C7: State Support Level per Route Mile (A.R.S. §15-945, as amended by Laws 2024, Ch. 218, §11)
D8: 0.5 mile or less OR more than 1.0 mile | I8: $ | J8: 2.95
D9: More than 0.5 mile through 1.0 mile | I9: $ | J9: 2.42
C10: Qualifying Tax Rate for elementary or secondary (CTEDs use 0.05) (February 14, 2025, JLBC TNT rate memorandum) | J10: 1.5606
C11: Classroom Site Fund allocation (March 28, 2025, JLBC CSF estimates memorandum) | I11: $ | J11: 842
N12: AZ Dept of Juvenile Corrections (AZDJC) | O12: Infinite Visions
N13: BocaVox (Maestro) | O13: Munis
A14: District Information | N14: Edupoint (Synergy) | O14: PowerSchool BusinessPlus
G15: SELECT from Dropdown | N15: Edupoint (Edupoint) | O15: Other, please add at right
B16: Student Information Systems (SIS) Vendor | G16: Edupoint (Synergy) | N16: Hane Solutions (SchoolDex)
N17: InfiniteCampus (InfiniteCampus)
B18: Accounting Information System | G18: Infinite Visions | N18: JupiterEd (JupiterEd)
N19: MediaNet Solutions (e-IEP PRO)
B20: Bookstore Cash Receipting System | N20: Mesa Distance Learning Program (MDLP)
N21: Pearson (Connexus)
B22: UCO Fund Type | G22: Capital Projects | N22: PowerSchool (PowerSchool)
N23: Strongmind (Strongmind)
N24: Tyler Technologies (Schoolmaster)
A25: Unweighted student count | N25: Tyler Technologies (Tyler SIS v10)
B26: All districts must complete lines 1 through 6 below. Prior years ADM amounts (lines 1 and 2) are used to calculate district additional assistance (DAA), including DAA growth factor if applicable, in accordance with A.R.S. §15-961. Estimated current year ADM (lines 3 through 6) is used to calculate the Group A weighted student count included in the Base Support Level calculation on the BSA55 tab, page 2. | N26: FOCUS School Software LLC
C27: Prior Years ADM (A.R.S. §§15-901 and 15-961) | G27: PSD | H27: K-8 | I27: 9-12 | J27: Total | L27: Check box for Type 03 districts that educate high school students.
B28: 1. | C28: FY 2024 100th-Day ADM | J28: 1030.0064 | K28: =IF(AND(J34>0,PY100DayADM=""),_xlfn.CONCAT("ENTER ",C28),"")
B29: 2. | C29: FY 2025 100th-Day ADM | G29: 7.65 | H29: 953.5905 | J29: =UnweightedStudCntPSDPY+UnweightedStudCntK8PY+UnweightedStudCnt912PY -> 961.2405 | Y29: =IF(AND(UnweightedStudCntK8PY>125,UnweightedStudCntK8PY<154),1,0) -> 0 | Z29: =IF(AND(UnweightedStudCnt912PY>100,UnweightedStudCnt912PY<176),1,0) -> 0
C30: Current Year ADM (A.R.S. §§15-943 and 15-808)
B31: 3. | C31: FY 2026 Estimated non-AOI student count | G31: 7.65 | H31: 922.35 | J31: =NonAOIStudCntPSDCY+NonAOIStudCntK8CY+NonAOIStudCnt912CY -> 930 | K31: =IF(AND(VALUE(LEFT(RIGHT(L1,7),2))=3,P27<>"X",OR(NonAOIStudCnt912CY<>"",AOIFTStudCnt912CY<>"",AOIPTStudCnt912CY<>"")),"ERROR: Type 03 districts should only enter amounts on lines 3 through 5 for those high school students that it educates. Type 03 districts that educate their high school students should use the checkbox in cell P15.","")
B32: 4. | C32: FY 2026 Estimated AOI full-time student count | J32: =AOIFTStudCntK8CY+AOIFTStudCnt912CY -> 0
B33: 5. | C33: FY 2026 Estimated AOI part-time student count | J33: =AOIPTStudCntK8CY+AOIPTStudCnt912CY -> 0
B34: 6. | C34: Total FY 2026 estimated student count | G34: =NonAOIStudCntPSDCY -> 7.65 | H34: =NonAOIStudCntK8CY+AOIFTStudCntK8CY+AOIPTStudCntK8CY -> 922.35 | I34: =NonAOIStudCnt912CY+AOIFTStudCnt912CY+AOIPTStudCnt912CY -> 0 | J34: =G34+H34+I34 -> 930
B37: Student count by category
C38: Student counts used to calculate the Group B weighted add-on count used in calculating the Base Support Level.
G39: Non-AOI Student Count | H39: AOI Full-Time Student Count | I39: AOI Part-Time Student Count
B40: 7. | C40: ELL | G40: 377.1144
B41: 8. | C41: K-3 | G41: 377.1144
B42: 9. | C42: K-3 (Reading) | G42: 419.6878
B43: 10. | C43: HI | G43: 1
B44: 11. | C44: MD-R, A-R, and SID-R | G44: 9.35
B45: 12. | C45: MD-SC, A-SC, and SID-SC | G45: 11.08
B46: 13. | C46: MD-SSI | G46: 1
B47: 14. | C47: OI-R | G47: 1
B48: 15. | C48: OI-SC | G48: 4
B49: 16. | C49: P-SD | G49: 0.5
B50: 17. | C50: DD*, ED, MIID, SLD, SLI*, and OHI | G50: 72.5243 | J50: *School aged students only
B51: 18. | C51: ED-P | G51: 1
B52: 19. | C52: MOID | G52: 1.49
B53: 20. | C53: VI | G53: 0
B54: 21. | C54: FRPL | G54: 737.2193
B55: 22. | C55: G | G55: 0
B56: 23. | C56: Total Add-on Count (lines 7 through 22) | G56: =SUM(G40:G55) -> 2014.0802 | H56: =SUM(H40:H55) -> 0 | I56: =SUM(I40:I55) -> 0
A57: Adjustments to base support level/base revenue control limit (A.R.S. §15-944.E)
C58: K-8 | D58: 9-12
B59: 1. | E59: Check box(es) if the district's schools are designated as small isolated by the State Board of Education. (A.R.S. §15-901)
B63: 2. | E63: Check box if the district has been approved to provide at least 200 days of instruction by ADE. (A.R.S. §15-902.04)
B65: 3. | C65: Adjusted FY 2026 Base Level Amount | L65: =BSA55BLA -> 5013
B66: 4. | C66: Actual Teacher Experience Index (TEI) from FY 2025 Teacher Experience Report (if actual TEI is less than 1.0000 use 1.0000) (A.R.S. Section 15-941) | L66: 1
B67: 5. | C67: FY 2024 actual non-federal audit expenditures from all funds (A.R.S. Section 15-914.F) | L67: 41400
B68: 6. | C68: FY 2024 actual federal audit expenditures from all funds | L68: 1500
B69: 7. | C69: FY 2024 actual total audit expenditures from all funds (line 5 plus line 6) | L69: =L67+L68 -> 42900
A71: Transportation (A.R.S. §§15-816.01, 15-945, and 15-946)
B72: 1. | C72: FY 2025 Approved Daily Route Miles | L72: 344
B73: 2. | C73: Number of Eligible Students Transported in FY 2025 | L73: 298
B74: 3. | C74: FY 2025 Annual Expenditure for Bus Tokens
B75: 4. | C75: FY 2025 Annual Expenditure for Bus Passes
B76: 5. | C76: Actual Route Miles traveled in July and August 2024 to Transport Pupils w/Disabilities for Extended School Year
B77: 6. | C77: Estimated Route Miles Traveled in June 2025 to Transport Pupils w/Disabilities for Extended School Year
A79: Other information
B80: 1. | C80: Capital transportation adjustment (A.R.S. §15-963.B)
C81: a. | D81: PSD
C82: b. | D82: K-8
C83: c. | D83: 9-12
B86: 2. | C86: Adjustment for remote instructional time calculated by ADE (A.R.S. §15-901.08, leave blank for budget adoption)
B87: 3. | C87: Consolidation/unification increase for transitional costs incurred in first year (A.R.S. §§15-912 and 15-912.01)
B88: 4. | C88: CTED 9th Grade Funding Adjustment [(A.R.S. §15-393(X) through (Z), leave blank for budget adoption]
B89: 5. | C89: CTED Continuation 13th Grade Funding Adjustment [(A.R.S. §15-393(X) through (Z), leave blank for budget adoption]
B90: 6. | C90: Other BSL Adjustment 1 | AA90: =IF((AND(L90<>"",C90="Other BSL Adjustment 1")),"Yes","")
B91: 7. | C91: Other BSL Adjustment 2 | AA91: =IF((AND(L91<>"",C91="Other BSL Adjustment 2")),"Yes","")
B93: Assessed property valuations
B94: 8. | C94: 2025 Primary net assessed valuation (AV) | L94: 136112534
B95: 9. | C95: 2025 Primary net assessed valuation (AV2) | M95: =IF(AND(_PAV2>0,P95<>"X"),"If the amount shown for Primary Assessed Valuation 2 (AV2) on page 6 of the District's most recent BSA 55-1 report from ADE is greater than 0, mark X in cell P77.","")
B96: 10. | C96: 2025 Salt River Project (SRP) valuation | L96: 159000
B97: 11. | C97: 2025 Government Property Lease Excise Tax assessed valuation
B99: Budget balance carryforward (A.R.S. §15-943.01)
B100: 12. | C100: Adjustments to the General Budget Limit (from FY 2025 BUDG75, leave blank for budget adoption)
B101: 13. | C101: FY 2025 M&O Fund actual expenditures (from FY 2025 AFR, amount will be estimated for budget adoption) | L101: 8900000
B102: 14. | C102: FY 2025 M&O Fund actual expenditures (if any) for:
C103: a. | D103: Special Program Override
C104: b. | D104: Desegregation (A.R.S. §15-910)
C105: c. | D105: Dropout prevention programs
C106: d. | D106: Joint Career and Technical Education and Vocational Education Center (A.R.S. §15-910.01)
C107: e. | D107: Performance pay (A.R.S. §15-920)
B108: 15. | C108: Budget Balance Carryforward transferred to the School Opening Fund (if any)
B110: Districts receiving Federal Impact Aid Revenues (A.R.S. §15-905.R):
B111: 16. | C111: FY 2026 Impact Aid revenue
B112: 17. | C112: Impact Aid revenue deposited in FY 2026 to the Impact Aid Revenue Bond Debt Service Fund for principal and interest payments
B113: 18. | C113: Impact Aid revenue transferred in FY 2026 to the M&O Fund to provide cash for the TRCL/TSL difference | O113: TRCL/TSL difference | Q113: =Calculations!O121 -> 0
B114: 19. | C114: Impact Aid revenue transferred in FY 2026 to the M&O Fund to reduce or eliminate taxes
...

Sheet Calculations
A1: District name | E1: =Cover!C1 -> Murphy Elementary School District #21 | H1: County | I1: =Cover!H1 -> Maricopa | L1: CTD number | O1: =CTD -> 070421000
N2: Version | O2: =Cover!C8 -> Proposed
F4: Calculations
A8: Calculation of support level weights (group A weights)
H9: Designated as isolated | J9: Not designated as isolated
H11: K-8 | I11: 9-12 | J11: K-8 | L11: 9-12
A12: Student Count 0.001-99.999
B13: Support Level Weight | H13: 1.559 | I13: 1.669 | J13: 1.399 | L13: 1.559
A14: Student Count 100.000-499.999
B15: Student Count Constant | H15: 500 | I15: 500 | J15: 500 | L15: 500
B16: Student Count | G16: - | H16: =IF(AND(UnweightedStudCntK8CY>=100,UnweightedStudCntK8CY<500,SmallIsolatedPSD8Checkbox="X"),UnweightedStudCntK8CY,0) -> 0 | I16: =IF(AND(UnweightedStudCnt912CY>=100,UnweightedStudCnt912CY<500,SmallIsolated912Checkbox="X"),UnweightedStudCnt912CY,0) -> 0 | J16: =IF(AND(UnweightedStudCntK8CY>=100,UnweightedStudCntK8CY<500,SmallIsolatedPSD8Checkbox<>"X"),UnweightedStudCntK8CY,0) -> 0 | L16: =IF(AND(UnweightedStudCnt912CY>=100,UnweightedStudCnt912CY<500,SmallIsolated912Checkbox<>"X"),UnweightedStudCnt912CY,0) -> 0
B17: Difference | G17: = | H17: =IF(H16>0,H15-H16,0) -> 0 | I17: =IF(I16>0,I15-I16,0) -> 0 | J17: =IF(J16>0,J15-J16,0) -> 0 | L17: =IF(L16>0,L15-L16,0) -> 0
B18: Weight Adjustment Factor | G18: x | H18: 0.0005 | I18: 0.0005 | J18: 0.0003 | L18: 0.0004
B19: Support Level Weight Increase | G19: = | H19: =H17*H18 -> 0 | I19: =I17*I18 -> 0 | J19: =J17*J18 -> 0 | L19: =L17*L18 -> 0
B20: Support Level Weight | G20: + | H20: 1.358 | I20: 1.468 | J20: 1.278 | L20: 1.398
C21: Adjusted Support Level Weight | G21: = | H21: =IF(H16>0,H19+H20,0) -> 0 | I21: =IF(I16>0,I19+I20,0) -> 0 | J21: =IF(J16>0,J19+J20,0) -> 0 | L21: =IF(L16>0,L19+L20,0) -> 0
A22: Student Count 500.000-599.999
B23: Student Count Constant | H23: 600 | I23: 600 | J23: 600 | L23: 600
B24: Student Count | G24: - | H24: =IF(AND(UnweightedStudCntK8CY>=500,UnweightedStudCntK8CY<600,SmallIsolatedPSD8Checkbox="X"),UnweightedStudCntK8CY,0) -> 0 | I24: =IF(AND(UnweightedStudCnt912CY>=500,UnweightedStudCnt912CY<600,SmallIsolated912Checkbox="X"),UnweightedStudCnt912CY,0) -> 0 | J24: =IF(AND(UnweightedStudCntK8CY>=500,UnweightedStudCntK8CY<600,SmallIsolatedPSD8Checkbox<>"X"),UnweightedStudCntK8CY,0) -> 0 | L24: =IF(AND(UnweightedStudCnt912CY>=500,UnweightedStudCnt912CY<600,SmallIsolated912Checkbox<>"X"),UnweightedStudCnt912CY,0) -> 0
B25: Difference | G25: = | H25: =IF(H24>0,H23-H24,0) -> 0 | I25: =IF(I24>0,I23-I24,0) -> 0 | J25: =IF(J24>0,J23-J24,0) -> 0 | L25: =IF(L24>0,L23-L24,0) -> 0
B26: Weight Adjustment Factor | G26: x | H26: 0.002 | I26: 0.002 | J26: 0.0012 | L26: 0.0013
B27: Support Level Weight Increase | G27: = | H27: =H25*H26 -> 0 | I27: =I25*I26 -> 0 | J27: =J25*J26 -> 0 | L27: =L25*L26 -> 0
B28: Support Level Weight | G28: + | H28: 1.158 | I28: 1.268 | J28: 1.158 | L28: 1.268
C29: Adjusted Support Level Weight | G29: = | H29: =IF(H24>0,H27+H28,0) -> 0 | I29: =IF(I24>0,I27+I28,0) -> 0 | J29: =IF(J24>0,J27+J28,0) -> 0 | L29: =IF(L24>0,L27+L28,0) -> 0
A30: Student Count 600.000 or More
B31: Support Level Weight | J31: 1.158 | L31: 1.268
A32: Career Technical Education District
B33: Support Level Weight (A.R.S. §15-943.02) | L33: 1.339 | T33: Total Weighted Student Count
U34: K-3 | V34: K-3 R
T35: Non-AOI | U35: =NonAOIStudCntK3*K3SLW -> 22.6269 | V35: =NonAOIStudCntK3R*K3RSLW -> 16.7875
T36: AOI FT* | U36: =AOIFTStudCntK3*K3SLW*AOIFTFundFactor -> 0 | V36: =AOIFTStudCntK3R*K3RSLW*AOIFTFundFactor -> 0
A37: Other calculations | T37: AOI PT* | U37: =AOIPTStudCntK3*K3SLW*AOIPTFundFactor -> 0 | V37: =AOIPTStudCntK3R*K3RSLW*AOIPTFundFactor -> 0
B38: 1. | C38: Portion of BSL/BRCL from total K-3 and total K-3 Reading weighted student counts: | L38: K-3 | N38: $ | O38: =ROUND(U38*BSA55BLA*BSA55TEI,2) -> 113428.65 | T38: Total | U38: =U35+U36+U37 -> 22.6269 | V38: =V35+V36+V37 -> 16.7875
L39: K-3 Reading | N39: $ | O39: =ROUND(V38*BSA55BLA*BSA55TEI,2) -> 84155.74 | T39: *AOI counts shown reflect applicable full-time or part-time funding ratio.
A48: Calculation of district additional assistance (DAA) per student count amounts (A.R.S. §§15-961, as amended by Laws 2023, Ch. 142, §6; and 15-962.01)
F49: Table to calculate DAA per student count
L50: K-8 | O50: 9-12
B51: 1. | C51: FY 2026 Student Count (2025 ADM): .001 - 99.999
F52: DAA per Student Count | K52: $ | L52: 663.81 | N52: $ | O52: 732.87
B54: 2. | C54: FY 2026 Student Count (2025 ADM): 100.000 - 499.999
C55: a. | D55: Student Count Constant | L55: 500 | O55: 500
C56: b. | D56: Student Count | J56: - | L56: =IF(AND(100<='Data Entry'!H29,'Data Entry'!H29<500),'Data Entry'!H29,0) -> 0 | M56: - | O56: =IF(AND(VALUE(LEFT(RIGHT(O1,7),2))=3,(UnweightedStudCnt912PY+HSCountDORtoDOA)>=100,(UnweightedStudCnt912PY+HSCountDORtoDOA)<500),(UnweightedStudCnt912PY+HSCountDORtoDOA),IF(AND(UnweightedStudCnt912PY>=100,UnweightedStudCnt912PY<500),UnweightedStudCnt912PY,0)) -> 0
C57: c. | D57: Difference | J57: = | L57: =IF(L56>0,L55-L56,0) -> 0 | M57: = | O57: =IF(O56>0,O55-O56,0) -> 0
C58: d. | D58: Weight Adjustment Factor | J58: x | L58: 0.0003 | M58: x | O58: 0.0004
C59: e. | D59: Support Level Weight Increase | J59: = | L59: =IF(L56>0,ROUND(+L57*L58,3),0) -> 0 | M59: = | O59: =IF(O56>0,ROUND(+O57*O58,3),0) -> 0
C60: f. | D60: Support Level Weight | J60: + | L60: 1.278 | M60: + | O60: 1.398
C61: g. | D61: Adjusted Support Level Weight | J61: = | L61: =IF(L56>0,+L59+L60,0) -> 0 | M61: = | O61: =IF(O56>0,+O59+O60,0) -> 0
C62: h. | D62: Support Level Amount | J62: x | K62: $ | L62: 474.47 | M62: x | N62: $ | O62: 494.39
C63: i. | F63: DAA per Student Count | J63: = | K63: $ | L63: =IF(L56>0,ROUND(+L61*L62,2),0) -> 0 | M63: = | N63: $ | O63: =IF(O56>0,ROUND(+O61*O62,2),0) -> 0
B65: 3. | C65: FY 2026 Student Count (2025 ADM): 500.000 - 599.999
C66: a. | D66: Student Count Constant | L66: 600 | O66: 600
C67: b. | D67: Student Count | J67: - | L67: =IF(AND(500<='Data Entry'!H29,'Data Entry'!H29<600),'Data Entry'!H29,0) -> 0 | M67: - | O67: =IF(AND(VALUE(LEFT(RIGHT(O1,7),2))=3,('Data Entry'!I29+'Data Entry'!L139)>=500,('Data Entry'!I29+'Data Entry'!L139)<600),('Data Entry'!I29+'Data Entry'!L139),IF(AND('Data Entry'!I29>=500,'Data Entry'!I29<600),'Data Entry'!I29,0)) -> 0
C68: c. | D68: Difference | J68: = | L68: =IF(L67>0,+L66-L67,0) -> 0 | M68: = | O68: =IF(O67>0,+O66-O67,0) -> 0
C69: d. | D69: Weight Adjustment Factor | J69: x | L69: 0.0012 | M69: x | O69: 0.0013
C70: e. | D70: Support Level Weight Increase | J70: = | L70: =IF(L67>0,ROUND(+L68*L69,3),0) -> 0 | M70: = | O70: =IF(O67>0,ROUND(+O68*O69,3),0) -> 0
C71: f. | D71: Support Level Weight | J71: + | L71: 1.158 | M71: + | O71: 1.268
C72: g. | D72: Adjusted Support Level Weight | J72: = | L72: =IF(L67>0,+L70+L71,0) -> 0 | M72: = | O72: =IF(O67>0,+O70+O71,0) -> 0
C73: h. | D73: Support Level Amount | J73: x | K73: $ | L73: 474.47 | M73: x | N73: $ | O73: 494.39
C74: i. | F74: DAA per Student Count | J74: = | K74: $ | L74: =IF(L67>0,ROUND(+L72*L73,2),0) -> 0 | M74: = | N74: $ | O74: =IF(O67>0,ROUND(+O72*O73,2),0) -> 0
B76: 4. | C76: FY 2026 Student Count (2025 ADM): 600.000 or More and Career Technical Education Districts
F77: DAA per Student Count | K77: $ | L77: 549.45 | N77: $ | O77: 600.86
A82: Calculation of Maintenance and Operation (M&O) Fund budget balance carryforward (A.R.S. §15-943.01)
B83: 1. | C83: General Budget Limit (GBL) (from FY 2025 latest revised budget, page 7, line 11) | Q83: $ | R83: =[1]!GBLBudgFY -> 16505032
B84: 2. | C84: Adjustments to the GBL (from FY 2025 BUDG75, amount will be zero for budget adoption) | Q84: $ | R84: =BUDG75Adj -> 0
B85: 3. | C85: Adjusted GBL | Q85: $ | R85: =R83+R84 -> 16505032
B86: 4. | C86: Budgeted M&O expenditures (from FY 2025 latest revised Budget, page 1, line 30, Total Budget Year Column) | Q86: $ | R86: =[1]!F001TotalExp -> 16505032
B87: 5. | C87: Adjustments to the GBL (from line 2) | Q87: $ | R87: =R84 -> 0
B88: 6. | C88: Adjusted budgeted expenditures | Q88: $ | R88: =R86+R87 -> 16505032
B89: 7. | C89: Lesser of the adjusted GBL (line 3) or the adjusted budgeted expenditures (line 6) | Q89: $ | R89: =MIN(R85,R88) -> 16505032
B90: 8. | C90: FY 2025 M&O Fund actual expenditures (from FY 2025 AFR, amount will be estimated for budget adoption) | Q90: $ | R90: =PYTotMOActExpend -> 8900000
B91: 9. | C91: Budget balance (line 7 minus line 8) (If negative, zero is shown. Any negative amount is shown here in parentheses.) | K91: $ | L91: =IF((R89-R90<0),R89-R90," ") | N91: =IF(L91<0,"OVEREXPENDED"," ") | Q91: $ | R91: =IF(R89-R90>0,R89-R90,0) -> 7605032
B93: Note: For lines 10.a through 10.f the FY 2025 actual expenditures are deducted from the budget amount. If the result is negative, zero is shown.
B95: 10. | C95: FY 2025 Actual expenditures: | K95: FY 2025 Budget | N95: Actual | Q95: Unexpended Budget
C96: a. | D96: Special program override | K96: $ | L96: =[1]!SpecProgOverride -> 0 | M96: - | N96: $ | O96: ='Data Entry'!L103 -> 0 | P96: = | Q96: $ | R96: =IF(L96-O96>0,L96-O96,0) -> 0
C97: b. | D97: Desegregation | K97: $ | L97: =[1]!BudgIncrDesegExp -> 0 | M97: - | N97: $ | O97: ='Data Entry'!L104 -> 0 | P97: = | Q97: $ | R97: =IF(L97-O97>0,L97-O97,0) -> 0
C98: c. | D98: Dropout prevention programs | K98: $ | L98: =[1]!BudgIncrDropPrevProg -> 0 | M98: - | N98: $ | O98: ='Data Entry'!L105 -> 0 | P98: = | Q98: $ | R98: =IF(L98-O98>0,L98-O98,0) -> 0
C99: d. | D99: Joint Career and Technical Education and Vocational Education Center | K99: $ | L99: =[1]!BudgIncrJCTEVEC -> 0 | M99: - | N99: $ | O99: ='Data Entry'!L106 -> 0 | P99: = | Q99: $ | R99: =IF(L99-O99>0,L99-O99,0) -> 0
C100: e. | D100: Performance pay | K100: $ | L100: =[1]!BudgIncrJCTEVEC -> 0 | M100: - | N100: $ | O100: ='Data Entry'!L107 -> 0 | P100: = | Q100: $ | R100: =IF(L100-O100>0,L100-O100,0) -> 0
C101: f. | D101: Total budget balance deductions (lines 10.a through 10.f) | P101: = | Q101: $ | R101: =R96+R97+R98+R99+R100 -> 0
B102: 11. | C102: Budget Balance after deductions (If negative, the district does not have any budget balance to carry forward.) | Q102: $ | R102: =IF(R91-R101>0,R91-R101,0) -> 7605032
B103: 12. | C103: Budget Balance Carryforward transferred to the School Opening Fund (not to exceed the lesser of line 11 or the FY 2025 M&O Fund ending cash balance) | P103: - | Q103: $ | R103: =IF('Data Entry'!L108>0,MIN('Data Entry'!L108,R102),0) -> 0
B104: 13. | C104: Actual Budget Balance Carryforward to be used in M&O Fund (for GBL calculation on page 7, line 8.b) | P104: = | Q104: $ | R104: =R102-R103 -> 7605032
B106: 14. | C106: Accommodation district cash balance carryforward
C107: a. | D107: M&O Fund cash balance as of June 30, 2025 | Q107: $ | R107: =IF(VALUE(LEFT(RIGHT(O1,7),2))=1,PYEndMOCash,0) -> 0
C108: b. | D108: Actual Budget Balance Carryforward | P108: - | Q108: $ | R108: =IF(AND(VALUE(LEFT(RIGHT(O1,7),2))=1,LessDSLorRCL912>0),R104,0) -> 0
C109: c. | D109: Remaining M&O cash balance | P109: = | Q109: $ | R109: =R107-R108 -> 0
B110: 15. | C110: Accommodation district maximum RCL addition that may be authorized by County School Superintendent:
C111: a. | D111: The amount on line 14.c or | N111: $ | O111: =R109 -> 0
C112: b. | D112: 10% of the FY 2026 RCL calculated using the district's 2025 ADM | N112: $ | O112: =AccommRCL10 -> 0
C113: c. | D113: Up to 5% of the FY 2026 RCL calculated pursuant to A.R.S. Section 15-482.B | M113: + | N113: $ | O113: =AccommRCL05 -> 0
C114: d. | D114: Result (line 15.b plus line 15.c) | M114: = | N114: $ | O114: =O112+O113 -> 0
C115: e. | D115: The lesser of line 15.a or 15.d | Q115: $ | R115: =MIN(O111,O114) -> 0
A117: Calculation of the amount available to be spent in the Impact Aid Fund (A.R.S. §15-905.R)
B118: 1. | C118: FY 2026 Impact Aid revenue | Q118: $ | R118: ='Data Entry'!L111 -> 0
B119: 2. | C119: Impact Aid revenue deposited in FY 2026 to the Impact Aid Revenue Bond Debt Service Fund for principal and interest payments
P120: - | Q120: $ | R120: ='Data Entry'!L112 -> 0
B121: 3. | C121: TRCL/TSL difference | N121: $ | O121: =IF('Data Entry'!L111>0,CYTRCL-TSL,0) -> 0
B122: 4. | C122: Impact Aid revenue transferred in FY 2026 to the M&O Fund to provide cash for the TRCL/TSL difference calculated on line 3 | P122: - | Q122: $ | R122: ='Data Entry'!L113 -> 0
B123: 5. | C123: Impact Aid revenue transferred in FY 2026 to the M&O Fund to reduce or eliminate taxes | P123: - | Q123: $ | R123: ='Data Entry'!L114 -> 0
B124: 6. | C124: FY 2025 Ending cash balance in the Impact Aid Fund | P124: + | Q124: $ | R124: ='Data Entry'!L115 -> 0
...

Sheet BSA55
A1: District name | B1: =DistrictName -> Murphy Elementary School District #21 | F1: County | G1: =Cover!H1 -> Maricopa | K1: CTD number | L1: =CTD -> 070421000
K2: Version | L2: =Version -> Proposed
D3: =IF(DistrictName<>0,DistrictName,"") -> Murphy Elementary School District #21
D4: Basic Calculations For Equalization Essistance
F5: Is Small Isolated School District: | G5: =IF(AND(SmallIsolatedPSD8Checkbox="X",SmallIsolated912Checkbox="X"),"Both Elementary and High School",IF(SmallIsolatedPSD8Checkbox="X","Elementary",IF(SmallIsolated912Checkbox="X","High School","Not Isolated"))) -> Not Isolated | L5: District Page: | M5: 1 of 5
A6: Grade Levels | C6: Non-AOI ADM | D6: AOI-FT ADM | E6: AOI-PT ADM | F6: Support Level Weight | G6: Non-AOI Weighted ADM | H6: AOI-FT Weighted ADM | I6: AOI-PT Weighted ADM
A7: PSD | C7: =NonAOIStudCntPSDCY -> 7.65 | D7: =AOIFTStudCntPSDCY -> 0 | E7: =AOIPTStudCntPSDCY -> 0 | F7: =IF(AND(C7=0,D7=0,E7=0),0,1.45) -> 1.45 | G7: =NonAOIStudCntPSDCY*F7 -> 11.0925 | H7: =AOIFTStudCntPSDCY*F7 -> 0 | I7: =AOIPTStudCntPSDCY*F7 -> 0
A8: K-8,UE | C8: =NonAOIStudCntK8CY -> 922.35 | D8: =AOIFTStudCntK8CY -> 0 | E8: =AOIPTStudCntK8CY -> 0 | F8: =IF(UnweightedStudCntK8CY>0,AA13,0) -> 1.158 | G8: =NonAOIStudCntK8CY*F8 -> 1068.0813 | H8: =AOIFTStudCntK8CY*F8 -> 0 | I8: =AOIPTStudCntK8CY*F8 -> 0
A9: 9-12 | C9: =NonAOIStudCnt912CY -> 0 | D9: =AOIFTStudCnt912CY -> 0 | E9: =AOIPTStudCnt912CY -> 0 | F9: =IF(VALUE(LEFT(RIGHT(L1,7),2))=8,SuppLvlWgt912NonIsolated,IF(UnweightedStudCnt912CY>0,AA15,0)) -> 0 | G9: =NonAOIStudCnt912CY*F9 -> 0 | H9: =AOIFTStudCnt912CY*F9 -> 0 | I9: =AOIPTStudCnt912CY*F9 -> 0
A10: Regular Education Unweighted ADM | C10: =TotalNonAOIStudCntCY -> 930 | D10: =TotalAOIFTStudCntCY -> 0 | E10: =TotalAOIPTStudCntCY -> 0
A11: Total of Unweighted ADM | E11: =SUM(C10:E10) -> 930
A12: Regular Education Weighted ADM | G12: =((C7*F7)+(C8*F8)+(C9*F9)) -> 1079.1738 | H12: =((D7*F7)+(D8*F8)+(D9*F9)) -> 0 | I12: =((E7*F7)+(E8*F8)+(E9*F9)) -> 0
A13: Total of Weighted ADM | I13: =(((C7+D7+E7)*F7)+((C8+D8+E8)*F8)+((C9+D9+E9)*F9)) -> 1079.1738 | AA13: =IF(AND('Data Entry'!H34<100,SmallIsolatedPSD8Checkbox="X"),Calculations!H13,IF(AND('Data Entry'!H34<100,SmallIsolatedPSD8Checkbox<>"X"),Calculations!J13,IF(AND('Data Entry'!H34>=100,'Data Entry'!H34<500,SmallIsolatedPSD8Checkbox="X"),Calculations!H21,IF(AND('Data Entry'!H34>=100,'Data Entry'!H34<500,SmallIsolatedPSD8Checkbox<>"X"),Calculations!J21,IF(AND('Data Entry'!H34>=500,'Data Entry'!H34<600,SmallIsolatedPSD8Checkbox="X"),Calculations!H29,IF(AND('Data Entry'!H34>=500,'Data Entry'!H34<600,SmallIsolatedPSD8Checkbox<>"X"),Calculations!J29,IF('Data Entry'!H34>=600,Calculations!J31,0))))))) -> 1.158
AA15: =IF(AND('Data Entry'!I34<100,SmallIsolated912Checkbox="X"),Calculations!I13,IF(AND('Data Entry'!I34<100,SmallIsolated912Checkbox<>"X"),Calculations!L13,IF(AND('Data Entry'!I34>=100,'Data Entry'!I34<500,SmallIsolated912Checkbox="X"),Calculations!I21,IF(AND('Data Entry'!I34>=100,'Data Entry'!I34<500,SmallIsolated912Checkbox<>"X"),Calculations!L21,IF(AND('Data Entry'!I34>=500,'Data Entry'!I34<600,SmallIsolated912Checkbox="X"),Calculations!I29,IF(AND('Data Entry'!I34>=500,'Data Entry'!I34<600,SmallIsolated912Checkbox<>"X"),Calculations!L29,IF('Data Entry'!I34>=600,Calculations!L31,0))))))) -> 1.559
A16: Add Ons | C16: Non-AOI ADM | D16: AOI-FT ADM | E16: AOI-PT ADM | F16: Support Level Weight | G16: Non-AOI Weighted ADM | H16: AOI-FT Weighted ADM | I16: AOI-PT Weighted ADM
A17: ELL | C17: =NonAOIStudCntELL -> 377.1144 | D17: =AOIFTStudCntELL -> 0 | E17: =AOIPTStudCntELL -> 0 | F17: 0.115 | G17: =NonAOIStudCntELL*F17 -> 43.3682 | H17: =AOIFTStudCntELL*F17 -> 0 | I17: =AOIPTStudCntELL*F17 -> 0
A18: K-3 | C18: =NonAOIStudCntK3 -> 377.1144 | D18: =AOIFTStudCntK3 -> 0 | E18: =AOIPTStudCntK3 -> 0 | F18: 0.06 | G18: =NonAOIStudCntK3*F18 -> 22.6269 | H18: =AOIFTStudCntK3*F18 -> 0 | I18: =AOIPTStudCntK3*F18 -> 0
A19: K-3 (Reading) | C19: =NonAOIStudCntK3R -> 419.6878 | D19: =AOIFTStudCntK3R -> 0 | E19: =AOIPTStudCntK3R -> 0 | F19: 0.04 | G19: =NonAOIStudCntK3R*F19 -> 16.7875 | H19: =AOIFTStudCntK3R*F19 -> 0 | I19: =AOIPTStudCntK3R*F19 -> 0
A20: HI | C20: =NonAOIStudCntHI -> 1 | D20: =AOIFTStudCntHI -> 0 | E20: =AOIPTStudCntHI -> 0 | F20: 4.771 | G20: =NonAOIStudCntHI*F20 -> 4.771 | H20: =AOIFTStudCntHI*F20 -> 0 | I20: =AOIPTStudCntHI*F20 -> 0
A21: MD-R, A-R, SID-R | C21: =NonAOIStudCntMDR.AR.SIDR -> 9.35 | D21: =AOIFTStudCntMDR.AR.SIDR -> 0 | E21: =AOIPTStudCntMDR.AR.SIDR -> 0 | F21: 6.024 | G21: =NonAOIStudCntMDR.AR.SIDR*F21 -> 56.3244 | H21: =AOIFTStudCntMDR.AR.SIDR*F21 -> 0 | I21: =AOIPTStudCntMDR.AR.SIDR*F21 -> 0
A22: MD-SC, A-SC, SID-SC | C22: =NonAOIStudCntMDSC.ASC.SIDSC -> 11.08 | D22: =AOIFTStudCntMDSC.ASC.SIDSC -> 0 | E22: =AOIPTStudCntMDSC.ASC.SIDSC -> 0 | F22: 5.988 | G22: =NonAOIStudCntMDSC.ASC.SIDSC*F22 -> 66.347 | H22: =AOIFTStudCntMDSC.ASC.SIDSC*F22 -> 0 | I22: =AOIPTStudCntMDSC.ASC.SIDSC*F22 -> 0
A23: MD-SSI | C23: =NonAOIStudCntMDSSI -> 1 | D23: =AOIFTStudCntMDSSI -> 0 | E23: =AOIPTStudCntMDSSI -> 0 | F23: 7.947 | G23: =NonAOIStudCntMDSSI*F23 -> 7.947 | H23: =AOIFTStudCntMDSSI*F23 -> 0 | I23: =AOIPTStudCntMDSSI*F23 -> 0
A24: OI-R | C24: =NonAOIStudCntOIR -> 1 | D24: =AOIFTStudCntOIR -> 0 | E24: =AOIPTStudCntOIR -> 0 | F24: 3.158 | G24: =NonAOIStudCntOIR*F24 -> 3.158 | H24: =AOIFTStudCntOIR*F24 -> 0 | I24: =AOIPTStudCntOIR*F24 -> 0
A25: OI-SC | C25: =NonAOIStudCntOISC -> 4 | D25: =AOIFTStudCntOISC -> 0 | E25: =AOIPTStudCntOISC -> 0 | F25: 6.773 | G25: =NonAOIStudCntOISC*F25 -> 27.092 | H25: =AOIFTStudCntOISC*F25 -> 0 | I25: =AOIPTStudCntOISC*F25 -> 0
A26: P-SD | C26: =NonAOIStudCntP.SD -> 0.5 | D26: =AOIFTStudCntP.SD -> 0 | E26: =AOIPTStudCntP.SD -> 0 | F26: 3.595 | G26: =NonAOIStudCntP.SD*F26 -> 1.7975 | H26: =AOIFTStudCntP.SD*F26 -> 0 | I26: =AOIPTStudCntP.SD*F26 -> 0
A27: DD, ED, MIID, SLD, SLI, OHI | C27: =NonAOIStudCntDD.ED.MIID.SLD.SLI.OHI -> 72.5243 | D27: =AOIFTStudCntDD.ED.MIID.SLD.SLI.OHI -> 0 | E27: =AOIPTStudCntDD.ED.MIID.SLD.SLI.OHI -> 0 | F27: 0.292 | G27: =NonAOIStudCntDD.ED.MIID.SLD.SLI.OHI*F27 -> 21.1771 | H27: =AOIFTStudCntDD.ED.MIID.SLD.SLI.OHI*F27 -> 0 | I27: =AOIPTStudCntDD.ED.MIID.SLD.SLI.OHI*F27 -> 0
A28: ED-P | C28: =NonAOIStudCntEDP -> 1 | D28: =AOIFTStudCntEDP -> 0 | E28: =AOIPTStudCntEDP -> 0 | F28: 4.822 | G28: =NonAOIStudCntEDP*F28 -> 4.822 | H28: =AOIFTStudCntEDP*F28 -> 0 | I28: =AOIPTStudCntEDP*F28 -> 0
A29: MOID | C29: =NonAOIStudCntMOID -> 1.49 | D29: =AOIFTStudCntMOID -> 0 | E29: =AOIPTStudCntMOID -> 0 | F29: 4.421 | G29: =NonAOIStudCntMOID*F29 -> 6.5873 | H29: =AOIFTStudCntMOID*F29 -> 0 | I29: =AOIPTStudCntMOID*F29 -> 0
A30: VI | C30: =NonAOIStudCntVI -> 0 | D30: =AOIFTStudCntVI -> 0 | E30: =AOIPTStudCntVI -> 0 | F30: 4.806 | G30: =NonAOIStudCntVI*F30 -> 0 | H30: =AOIFTStudCntVI*F30 -> 0 | I30: =AOIPTStudCntVI*F30 -> 0
A31: FRPL | C31: =NonAOIStudCntFRPL -> 737.2193 | D31: =AOIFTStudCntFRPL -> 0 | E31: =AOIPTStudCntFRPL -> 0 | F31: 0.022 | G31: =NonAOIStudCntFRPL*F31 -> 16.2188 | H31: =AOIFTStudCntFRPL*F31 -> 0 | I31: =AOIPTStudCntFRPL*F31 -> 0
A32: G | C32: =NonAOIStudCntG -> 0 | D32: =AOIFTStudCntG -> 0 | E32: =AOIPTStudCntG -> 0 | F32: 0.007 | G32: =NonAOIStudCntG*F32 -> 0 | H32: =AOIFTStudCntG*F32 -> 0 | I32: =AOIPTStudCntG*F32 -> 0
A33: Group B - Add On Unweighted ADM | C33: =SUM(C17:C32) -> 2014.0802 | D33: =SUM(D17:D32) -> 0 | E33: =SUM(E17:E32) -> 0
A34: Total Unweighted Group B Add On | E34: =SUM(C33:E33) -> 2014.0802
A35: Group B - Add On Weighted ADM | G35: =((C17*F17)+(C18*F18)+(C19*F19)+(C20*F20)+(C21*F21)+(C22*F22)+(C23*F23)+(C24*F24)+(C25*F25)+(C26*F26)+(C27*F27)+(C28*F28)+(C29*F29)+(C30*F30)+(C32*F32)+(C31*F31)) -> 299.0247 | H35: =((D17*F17)+(D18*F18)+(D19*F19)+(D20*F20)+(D21*F21)+(D22*F22)+(D23*F23)+(D24*F24)+(D25*F25)+(D26*F26)+(D27*F27)+(D28*F28)+(D29*F29)+(D30*F30)+(D32*F32)+(D31*F31)) -> 0 | I35: =((E17*F17)+(E18*F18)+(E19*F19)+(E20*F20)+(E21*F21)+(E22*F22)+(E23*F23)+(E24*F24)+(E25*F25)+(E26*F26)+(E27*F27)+(E28*F28)+(E29*F29)+(E30*F30)+(E32*F32)+(E31*F31)) -> 0
A36: Total Weighted Group B Add On | I36: =(((C17+D17+E17)*F17)+((C18+D18+E18)*F18)+((C19+D19+E19)*F19)+((C20+D20+E20)*F20)+((C21+D21+E21)*F21)+((C22+D22+E22)*F22)+((C23+D23+E23)*F23)+((C24+D24+E24)*F24)+((C25+D25+E25)*F25)+((C26+D26+E26)*F26)+((C27+D27+E27)*F27)+((C28+D28+E28)*F28)+((C29+D29+E29)*F29)+((C30+D30+E30)*F30)+((C32+D32+E32)*F32)+((C31+D31+E31)*F31)) -> 299.0247
L38: =CTD -> 070421000
D39: =IF(DistrictName<>0,DistrictName,"") -> Murphy Elementary School District #21
D40: Basic Calculations For Equalization Essistance
F41: Is Small Isolated School District: | G41: =IF(AND(SmallIsolatedPSD8Checkbox="X",SmallIsolated912Checkbox="X"),"Elementary and High School",IF(SmallIsolatedPSD8Checkbox="X","Elementary",IF(SmallIsolated912Checkbox="X","High School","Not Isolated"))) -> Not Isolated | L41: District Page: | M41: 2 of 5
A43: Calculation For Base Support Level | D43: Non-AOI ADM | F43: AOI-FT ADM | H43: AOI-PT ADM
A44: Regular Education Weighted ADM | D44: =NonAOIRegEdWgtdADM -> 1079.1738 | F44: =AOIFTRegEdWgtdADM -> 0 | H44: =AOIPTRegEdWgtdADM -> 0
A45: Group B - Add On Weighted ADM | C45: + | D45: =NonAOIGrBAddOnWgtdADM -> 299.0247 | E45: + | F45: =AOIFTGrBAddOnWgtdADM -> 0 | G45: + | H45: =AOIPTGrBAddOnWgtdADM -> 0
A46: Total ADM | C46: = | D46: =((C7*F7)+(C8*F8)+(C9*F9)+C17*F17)+(C18*F18)+(C19*F19)+(C20*F20)+(C21*F21)+(C22*F22)+(C23*F23)+(C24*F24)+(C25*F25)+(C26*F26)+(C27*F27)+(C28*F28)+(C29*F29)+(C30*F30)+(C32*F32)+(C31*F31) -> 1378.1985 | E46: = | F46: =((D7*F7)+(D8*F8)+(D9*F9)+(D17*F17)+(D18*F18)+(D19*F19)+(D20*F20)+(D21*F21)+(D22*F22)+(D23*F23)+(D24*F24)+(D25*F25)+(D26*F26)+(D27*F27)+(D28*F28)+(D29*F29)+(D30*F30)+(D32*F32)+(D31*F31)) -> 0 | G46: = | H46: =((E7*F7)+(E8*F8)+(E9*F9)+(E17*F17)+(E18*F18)+(E19*F19)+(E20*F20)+(E21*F21)+(E22*F22)+(E23*F23)+(E24*F24)+(E25*F25)+(E26*F26)+(E27*F27)+(E28*F28)+(E29*F29)+(E30*F30)+(E32*F32)+(E31*F31)) -> 0
A47: AOI Funding Factor | C47: x | D47: 1 | E47: x | F47: 0.95 | G47: x | H47: 0.85
A48: Weighted ADM | C48: = | D48: =(((C7*F7)+(C8*F8)+(C9*F9)+C17*F17)+(C18*F18)+(C19*F19)+(C20*F20)+(C21*F21)+(C22*F22)+(C23*F23)+(C24*F24)+(C25*F25)+(C26*F26)+(C27*F27)+(C28*F28)+(C29*F29)+(C30*F30)+(C32*F32)+(C31*F31))*D47 -> 1378.1985 | E48: = | F48: =(((D7*F7)+(D8*F8)+(D9*F9)+(D17*F17)+(D18*F18)+(D19*F19)+(D20*F20)+(D21*F21)+(D22*F22)+(D23*F23)+(D24*F24)+(D25*F25)+(D26*F26)+(D27*F27)+(D28*F28)+(D29*F29)+(D30*F30)+(D32*F32)+(D31*F31)))*F47 -> 0 | G48: = | H48: =(((E7*F7)+(E8*F8)+(E9*F9)+(E17*F17)+(E18*F18)+(E19*F19)+(E20*F20)+(E21*F21)+(E22*F22)+(E23*F23)+(E24*F24)+(E25*F25)+(E26*F26)+(E27*F27)+(E28*F28)+(E29*F29)+(E30*F30)+(E32*F32)+(E31*F31)))*H47 -> 0
A51: Total Weighted ADM | H51: =((C7*F7)+(C8*F8)+(C9*F9)+C17*F17)+(C18*F18)+(C19*F19)+(C20*F20)+(C21*F21)+(C22*F22)+(C23*F23)+(C24*F24)+(C25*F25)+(C26*F26)+(C27*F27)+(C28*F28)+(C29*F29)+(C30*F30)+(C32*F32)+(C31*F31)+(((D7*F7)+(D8*F8)+(D9*F9)+(D17*F17)+(D18*F18)+(D19*F19)+(D20*F20)+(D21*F21)+(D22*F22)+(D23*F23)+(D24*F24)+(D25*F25)+(D26*F26)+(D27*F27)+(D28*F28)+(D29*F29)+(D30*F30)+(D32*F32)+(D31*F31))*0.95)+(((E7*F7)+(E8*F8)+(E9*F9)+(E17*F17)+(E18*F18)+(E19*F19)+(E20*F20)+(E21*F21)+(E22*F22)+(E23*F23)+(E24*F24)+(E25*F25)+(E26*F26)+(E27*F27)+(E28*F28)+(E29*F29)+(E30*F30)+(E32*F32)+(E31*F31))*0.85) -> 1378.1985
A52: Base Level Amount (FY26) | G52: x | H52: =IF(Checkbox200Days="X",BaseLevelAmount*1.05,BaseLevelAmount) -> 5013
A53: Total Weighted ADM x Base Level Amount | H53: =(((C7*F7)+(C8*F8)+(C9*F9)+C17*F17)+(C18*F18)+(C19*F19)+(C20*F20)+(C21*F21)+(C22*F22)+(C23*F23)+(C24*F24)+(C25*F25)+(C26*F26)+(C27*F27)+(C28*F28)+(C29*F29)+(C30*F30)+(C32*F32)+(C31*F31)+(((D7*F7)+(D8*F8)+(D9*F9)+(D17*F17)+(D18*F18)+(D19*F19)+(D20*F20)+(D21*F21)+(D22*F22)+(D23*F23)+(D24*F24)+(D25*F25)+(D26*F26)+(D27*F27)+(D28*F28)+(D29*F29)+(D30*F30)+(D32*F32)+(D31*F31))*0.95)+(((E7*F7)+(E8*F8)+(E9*F9)+(E17*F17)+(E18*F18)+(E19*F19)+(E20*F20)+(E21*F21)+(E22*F22)+(E23*F23)+(E24*F24)+(E25*F25)+(E26*F26)+(E27*F27)+(E28*F28)+(E29*F29)+(E30*F30)+(E32*F32)+(E31*F31))*0.85))*H52 -> 6908909
A54: Calculated Teachers Experience Index (FY25) | C54: =TEI -> 1
A55: Applied Teachers Experience Index (FY26) | G55: x | H55: =IF(TEI>1,TEI,1) -> 1
A56: (1.0000 or Calculated Teachers Experience Index)
A57: Pre-Adjusted Base Support Level | H57: =(((C7*F7)+(C8*F8)+(C9*F9)+C17*F17)+(C18*F18)+(C19*F19)+(C20*F20)+(C21*F21)+(C22*F22)+(C23*F23)+(C24*F24)+(C25*F25)+(C26*F26)+(C27*F27)+(C28*F28)+(C29*F29)+(C30*F30)+(C32*F32)+(C31*F31)+(((D7*F7)+(D8*F8)+(D9*F9)+(D17*F17)+(D18*F18)+(D19*F19)+(D20*F20)+(D21*F21)+(D22*F22)+(D23*F23)+(D24*F24)+(D25*F25)+(D26*F26)+(D27*F27)+(D28*F28)+(D29*F29)+(D30*F30)+(D32*F32)+(D31*F31))*0.95)+(((E7*F7)+(E8*F8)+(E9*F9)+(E17*F17)+(E18*F18)+(E19*F19)+(E20*F20)+(E21*F21)+(E22*F22)+(E23*F23)+(E24*F24)+(E25*F25)+(E26*F26)+(E27*F27)+(E28*F28)+(E29*F29)+(E30*F30)+(E32*F32)+(E31*F31))*0.85))*BSA55BLA*H55 -> 6908909
A59: Base Support Level Adjustments
A60: Audit Service Expense | B60: + | C60: =NonFedAuditExp -> 41400
A61: Increase for Tuition Loss Adjustment | B61: + | C61: =IncreaseTuitionLossAdj -> 0
A62: Increase for Student Revenue Loss Phase-Down | B62: + | C62: =IF(AND(Cover!E3='Data Entry'!L127+1,(Calculations!R219+Calculations!R225)>0),Calculations!R219+Calculations!R225,IF(AND(Cover!E3='Data Entry'!L127+2,(Calculations!R220+Calculations!R226)>0),Calculations!R220+Calculations!R226,IF(AND(Cover!E3='Data Entry'!L127+3,(Calculations!R221+Calculations!R227)>0),Calculations!R221+Calculations!R227,IF(AND(Cover!E3='Data Entry'!L127+4,(Calculations!R222+Calculations!R228)>0),Calculations!R222+Calculations!R228,IF(AND(Cover!E3='Data Entry'!L127+5,(Calculations!R223+Calculations!R229)>0),Calculations!R223+Calculations!R229,0))))) -> 0
A63: Adjustment for Remote Instructional Time calculated by ADE | B63: + | C63: =RemoteInstructionDecre -> 0
A64: CTED 9th Grade Funding Adjustment | B64: + | C64: ='Data Entry'!L88 -> 0
A65: CTED Continuation 13th Grade Funding Adjustment | B65: + | C65: ='Data Entry'!L89 -> 0
A66: =IF('Data Entry'!C90<>"Other BSL Adjustment 1",'Data Entry'!C90,"") | B66: =IF('Data Entry'!L90,"+","") | C66: =IF(ISBLANK('Data Entry'!L90),"",'Data Entry'!L90)
A67: =IF('Data Entry'!C91<>"Other BSL Adjustment 2",'Data Entry'!C91,"") | B67: =IF('Data Entry'!L91,"+","") | C67: =IF(ISBLANK('Data Entry'!L91),"",'Data Entry'!L91)
A68: Total Base Support Level Adjustments | H68: =SUM(C60:C67) -> 41400
A69: Adjusted Base Support Level | H69: =H68+H57 -> 6950309
D73: =IF(DistrictName<>0,DistrictName,"") -> Murphy Elementary School District #21
D74: Basic Calculations For Equalization Essistance
F75: Is Small Isolated School District: | G75: =IF(AND(SmallIsolatedPSD8Checkbox="X",SmallIsolated912Checkbox="X"),"Elementary and High School",IF(SmallIsolatedPSD8Checkbox="X","Elementary",IF(SmallIsolated912Checkbox="X","High School","Not Isolated"))) -> Not Isolated | L75: District Page: | M75: 3 of 5
A77: Calculation Transportation Support Level (TSL) | F77: Calculation For District Support Level (DSL)
A78: (Miles, Eligible Students, Bus Passes and Bus Tokens) | F78: FY26 Adjusted Base Support Level (BSL) | J78: =AdjBaseSuppLvl -> 6950309
A79: Approved Daily Route Miles | F79: FY26 Consolidation or Unification Assistance | I79: + | J79: =ConsolUnifTransCosts -> 0
A80: Eligible Students Transported (FY25) | E80: =EligibleStudTrans -> 298 | F80: FY26 Transportation Support Level (TSL) | I80: + | J80: =TSL -> 204583.68
A81: Daily Route Miles Per Eligible Student (FY25) | E81: =IF(ApprDRMiles>0,ApprDRMiles/EligibleStudTrans,0) -> 1.1544 | F81: FY26 District Support Level (DSL) | J81: =SUM(J78:J80) -> 7154892.7
A82: Total Approved Daily Route Miles | E82: =ApprDRMiles -> 344
A83: State Support Level Per Route Mile | D83: x | E83: =IF(DailyRteMilesPerElgStud=0,0,IF(AND(DailyRteMilesPerElgStud>0.5,DailyRteMilesPerElgStud<=1),StateSupportLevelRouteMile2,StateSupportLevelRouteMile1)) -> 2.95
A84: Instruction Days | D84: x | E84: =IF(Checkbox200Days="X",200,180) -> 180 | F84: Calculation For Revenue Control Limit (RCL)
A85: To and From School Support Level | E85: =E82*E83*E84 -> 182664 | F85: FY26 Adjusted Base Support Level (BSL) | J85: =AdjBaseSuppLvl -> 6950309
A86: Activity Trip Level Factor | D86: x | E86: =IF(VALUE(LEFT(RIGHT(L1,7),2))=3,Type03TranspFactor,IF(VALUE(LEFT(RIGHT(L1,7),2))=2,Type02TranspFactor,IF(VALUE(LEFT(RIGHT(L1,7),2))=4,Type04TranspFactor,IF(VALUE(LEFT(RIGHT(L1,7),2))=5,Type05TranspFactor,IF(VALUE(LEFT(RIGHT(L1,7),2))=1,Type01TranspFactor,0))))) -> 0.12 | F86: FY26 Consolidation or Unification Assistance | I86: + | J86: =ConsolUnifTransCosts -> 0
A87: Activity Trip Support Level | E87: =ROUND((E84*E82)*E83*E86,2) -> 21919.68 | F87: FY26 Transportation Revenue Control Limit (TRCL) | I87: + | J87: =CYTRCL -> 368235.53
A88: Handicapped Extended School Year Mileage (FY25) | E88: =ActDisabilityRM+EstDisabilityRM -> 0 | F88: FY26 Revenue Control Limit (RCL) | J88: =SUM(J85:J87) -> 7318544.5
A89: State Support Level Per Route Mile | D89: x | E89: =E83 -> 2.95
A90: Handicapped Extended School Year Support Level | E90: =ROUND(E88*E89,2) -> 0 | F90: FY26 Lesser of DSL/RCL | J90: =IF(J81>J88,J88,J81) -> 7154892.7
A91: Annual Expenditures For: | C91: Bus Passes | D91: Bus Tokens
A92: Districts (FY25) | C92: =AnnualExpforBusPass -> 0 | D92: =AnnualExpforBusToken -> 0 | E92: =C92+D92 -> 0
A93: FY26 Transportation Support Level (TSL) | E93: =E85+E87+E90+E92 -> 204583.68
A96: Calculation For Transportation Revenue Control Limit (TRCL)
A97: FY25 Transportation Revenue Control Limit (TRCL) | E97: {=[1]!CYTRCL} -> 368235.53
A99: Change: | B99: FY26 TSL | C99: =TSL -> 204583.68
B100: FY25 TSL - | C100: {=[1]!TSL} -> 97901.97
B101: Difference: $ | C101: =IF(C99-C100>0,C99-C100,0) -> 106681.71
A103: Preliminary FY26 TRCL | E103: =C101+E97 -> 474917.24
A104: 120% of FY26 TRCL | C104: =E93*1.2 -> 245500.42
A105: FY26 Transportation Revenue Control Limit (TRCL) | E105: =MAX(TSL,IF(PremFYTRCL>AdjFYTRCL,TRCLBudgPY,PremFYTRCL)) -> 368235.53
D108: =IF(DistrictName<>0,DistrictName,"") -> Murphy Elementary School District #21
D109: Basic Calculations For Equalization Essistance
F110: Is Small Isolated School District: | G110: =IF(AND(SmallIsolatedPSD8Checkbox="X",SmallIsolated912Checkbox="X"),"Elementary and High School",IF(SmallIsolatedPSD8Checkbox="X","Elementary",IF(SmallIsolated912Checkbox="X","High School","Not Isolated"))) -> Not Isolated | L110: District Page: | M110: 4 of 5
A112: District Additional Assistance (DAA) Calculations | E112: PSD | G112: K-8 | I112: 9-12 | K112: Type 03 Transported 9-12 | M112: Total
A113: FY25 District ADM | E113: =UnweightedStudCntPSDPY -> 7.65 | G113: =UnweightedStudCntK8PY -> 953.5905 | I113: =UnweightedStudCnt912PY -> 0 | K113: =IF(VALUE(LEFT(RIGHT(L1,7),2))=3,(HSCountDORtoDOA),0) -> 0
A114: DAA Per ADM | D114: x | E114: =IF(E113=0,0,Calculations!L77) -> 549.45 | F114: x | G114: =IF(VALUE(LEFT(RIGHT(L1,7),2))=8,0,IF(AND(UnweightedStudCntK8PY>0,UnweightedStudCntK8PY<100),Calculations!L52,IF(AND(Calculations!L56>0),Calculations!L63,IF(AND(Calculations!L67>0),Calculations!L74,IF(UnweightedStudCntK8PY>=600,Calculations!L77,0))))) -> 549.45 | H114: x | I114: =IF(I113=0,0,IF(VALUE(LEFT(RIGHT(L1,7),2))=3,AA168/2,AA168)) -> 0 | J114: x | K114: =IF(K113=0,0,IF(VALUE(LEFT(RIGHT(L1,7),2))=3,AA168/2,AA168)) -> 0
A115: Preliminary DAA | D115: = | E115: =IF(E113>0,ROUND(E113*E114,2),0) -> 4203.29 | F115: = | G115: =IF(G113>0,ROUND(G113*G114,2),0) -> 523950.3 | H115: = | I115: =IF(OR(I113>0),I113*I114,0) -> 0 | J115: = | K115: =IF(OR(K113>0),K113*K114,0) -> 0 | M115: =(E113*E114)+(G113*G114)+(I113*I114)+(K113*K114) -> 528153.59
A116: (*For Type 03 High School Only, Per Student Count Factor at 50%)
A117: DAA Growth Factor
...

Sheet Instructions
A1: Page | B1: Reference | C1: Instructions | D1: Revision Instructions | E1: Summary of Significant Changes
B2: General | C2: These instructions are provided to help school districts prepare the expenditure budget. Within the forms, blue font and light blue highlights indicate that an instruction is linked to that specific line. An instructions button has also been provided that links to any general instructions or to the first instruction for a page. To return to the related form after reviewing the instructions, simply click on the form’s tab at the bottom of the Excel screen or press the Alt and back arrow keys. Districts should complete the Data Entry page and Supplement, as applicable, before completing pages 1 through 8. To ensure that the district’s data can be properly processed by ADE, formulas should not be changed without specific instructions from either the Arizona Auditor General, Accountability Services Division, or ADE, School Finance. Select the link below for more information.
C3: Data Entry page instructions
B4: General | C4: Amounts in the prior year columns should be recorded from the budget columns of the latest revised Budget for FY 2025. Amounts should be rounded to the nearest dollar. Districts should budget for FY 2026 retirement contributions at the rate of 11.86% and for long term disability at a rate of 0.14% for a total contribution rate of 12.00%. Districts should also budget for any applicable alternative contribution payments to state retirement at a rate of 9.75%.
B5: General | C5: A summary of significant changes to this document is included in column E. Filter the column to remove blank cells to see only the areas with significant changes. | E5: Significant changes to this document are identified in this column.
B6: Budget Revision | C6: Instructions for budget revision requirements have been incorporated into this document for each applicable line item. All lines that include revision instructions have a "Yes" in the Revision Instructions column to the right. To see only the revision instructions apply the filter so that only rows marked "Yes" will show. Prior to May 15 of the budget year, districts must make all of the revisions described in these instructions that would result in a decrease in budget limits and districts may make any of the described revisions that result in an increase in budget limits. Total expenditures in the Maintenance and Operation (M&O), Unrestricted Capital Outlay (UCO), and Classroom Site Funds (CSF) must not exceed the adjusted General Budget Limit (GBL), Unrestricted Capital Budget Limit (UCBL), and Classroom Site Fund Budget Limit (CSFBL), respectively, as reported on pages 7, 8, and 3 of the latest revised budget. Therefore, if the net change to any of these budget limits is a decrease, the district must reduce budgeted expenditures in the related fund, to ensure that the budgeted amounts are within the prescribed limit. If the net change to any of these budget limits is an increase, the district may choose to revise budgeted expenditures in the related fund. | D6: Yes
B7: Budget Revision Continued | C7: All districts must revise the FY 2026 budget to include the 2025 (prior year) and 2026 (current year) 100th-Day ADM from the applicable year's ADM20 report. | D7: Yes
A8: Cover | B8: District Website Link | C8: In accordance with A.R.S. §15-905, districts that maintain a website must provide a link on their website to ADE’s website where the district’s proposed and adopted budget/summary can be viewed. Districts should paste a clickable link in the space provided on the Cover tab to their District web page where the link to the proposed and adopted budget/summary was placed. | E8: Added a line for districts to paste a clickable link to their web page where the link to the proposed and adopted budgets were placed. ADE no longer requires districts to send an email to School Finance with a clickable link to its website, if the link is provided in this space.
A9: Cover | B9: District Tax Rates | C9: District tax rates for FY 2025 should be the actual tax rates set by the County Board of Supervisors in August 2024. Tax rates for FY 2026 should be the district’s best estimate. Districts should include detailed secondary tax rates for M&O, Special Program, and Capital Overrides; Class A Bonds; Class B Bonds; Career Technical Education District (CTED); and Desegregation. Class A Bonds are general obligation bonds approved by voters on or before December 31, 1998. Class B Bonds are general obligation bonds approved by voters after December 31, 1998.
A10: Cover | B10: Average Teacher Salaries | C10: In accordance with A.R.S. §15-903(E), a district's budget must include the prominent display of the average salary of all teachers employed by the district for the budget and prior years, and the increase in the average salary of all teachers employed by the district for the budget year reported in dollars and percentage. Districts must also prominently post this information on their website home pages separate from their budgets. The law does not provide a definition of a teacher. Districts should be consistent in the type of salary information included in this table from year to year. An optional comment box is available to provide details on the average teacher salary calculation used by the district. Budget Revision Districts should revise the average teacher salary information any time a revised budget is submitted to ADE. | D10: Yes
A11: 1 | B11: Line 4 | C11: Function code 2300, object code 6820-Judgments Against the District should be used to budget for excessive property tax valuation judgments to be paid in FY 2026. This amount should also be included on page 7, line 8(h). Pre-approval by ADE is required. Contact ADE’s School Finance payment team at the email address below.
C12: SFPaymentTeam@azed.gov
A13: 1 | B13: Line 9 | C13: Budget Revision Districts participating in the National School Lunch Program that have not already budgeted for the state matching requirements, should include any amounts to be expended for their food service program in the M&O Fund on this line before May 15. ADE’s Health & Nutrition Services will verify that amounts budgeted were spent when the annual financial reports are submitted. Any questions related to the state matching requirements should be directed to ADE’s Health & Nutrition Services at (602) 542-8700. | D13: Yes
A14: 1 | B14: Line 27 | C14: A district authorized by ADE to continue participation in Dropout Prevention Programs for FY 2026 pursuant to Laws 1992, Ch. 305, §32 and Laws 2000, Ch. 398, §2, must budget the additional amount on this line.
A15: 1 | B15: Line 28 | C15: A district that has entered into an intergovernmental agreement to establish a jointly owned and operated career and technical education and vocational education center, in accordance with A.R.S. §15-789, should budget for the center’s expenditures on this line. A.R.S. §15‑910.01 This provision does not apply to CTEDs established pursuant to A.R.S. §15-392. A.R.S. §15-910.01 requires the State Board of Education (SBE) approval prior to including an amount here. Currently, no districts have been authorized by the SBE.
A16: 1 | B16: Line 29 | C16: Districts should budget for K-3 Reading Program expenditures on this line. The State Board of Education must give approval to a district before any portion of the monies generated by the K-3 reading support level weight may be distributed to the district. A.R.S. §15-211 Contact ADE’s Move on When Reading program area with questions concerning the K-3 Reading plan requirement and approval status at the link below.
C17: http://www.azed.gov/mowr/
A18: 1 | B18: Lines 30 | C18: Line 30 subtotals the FY 2026 M&O Fund budgeted expenditures included in lines 1 through 29. Districts should report any amounts maintained for spending after FY 2026 (budgeted carryforward) in line 31. | E18: Allows districts to identify its FY 2026 M&O Fund total budgeted expenditures separately from budgeted carryforward.
A19: 1, 3, 4 | B19: Maintained for spending after FY 2026 (budgeted carryforward) | C19: Report amounts the District estimates it will maintain for spending after FY 2026 (budgeted carryforward), including amounts reserved to manage cash flows in future budget years to cover such things as revenue shortfalls, emergencies, and/or other unforeseen circumstances for the M&O Fund on Page 1, for the CSF on Page 3, and for the UCO Fund on Page 4. If the amount is zero, enter a 0. | E19: Provides transparency to budget form end users regarding amounts districts estimate they will maintain for spending after FY 2026 in the M&O Fund, CSF, and UCO Fund.
A20: 1 | B20: Lines 32 | C20: The amount budgeted in the M&O Fund cannot exceed the General Budget Limit (GBL) on page 7, line 10. See A.R.S. §15-947(C) and calculation on page 7. ADE uses line 32 to calculate the Budgeted GBL for M&O (lesser of page 1 or GBL) in the BUDG25 report.
A21: 2 | B21: Spec. Ed. by Type | C21: All expenditures budgeted in the M&O Fund for special education programs should be included regardless of the revenue source (e.g., state equalization assistance and property taxes). Districts should retain supporting documentation for the allocation of expenditures budgeted for individual special education programs. Supporting documentation should include a list of the programs, the number of teachers and students by program, and all computation work sheets. However, districts should budget total expenditures in Program 200—Special Education for disability classifications defined in A.R.S. §15-761 on line 1, Total All Disability Classifications.
A22: 2 | B22: Spec. Ed by Type - Lines 4 and 5 | C22: Program code 260—ELL Incremental Costs and program code 265—ELL Compensatory Instruction are required to track expenditures related to English Language Learners (ELL). See Supplement instructions for more information on ELL.
A23: 2 | B23: Audit Services | C23: Enter the budgeted expenditures for nonfederal program and compliance audits (required object code 6350) to be paid from the M&O Fund only, and the budgeted expenditures for federal single audits (optional object code 6330) from all funds.
A24: 2 | B24: M&O for Food Service | C24: Districts participating in the National School Lunch Program are required to budget a portion of their state revenues to support the operation of their food service program. Districts should budget in the M&O Fund any amounts that will be expended during the 2026 school year for the operation of the food service program. Any questions related to the state matching requirements should be directed to ADE’s Health and Nutrition Services at (602) 542‑8700. Budget Revision Districts that have not already budgeted for the state matching requirements, should include any amounts to be expended for their food service program in the M&O Fund on this line before May 15. ADE’s Health and Nutrition Services will verify that amounts budgeted were spent when the annual financial reports are submitted. | D24: Yes
A25: 3 | B25: General | C25: The Classroom Site Fund (CSF) is a budget-controlled fund that must be used to supplement, rather than supplant, existing monies. Expenditures made from the Classroom Site Fund (010) should be made in accordance with the requirements of A.R.S. §15-977. Districts may establish any CSF subfunds 011-019 to track monies for specific allowable purposes or separately account for carryover balances and other one-time CSF monies. One total budget for all Classroom Site monies must be reported here, in Fund 010.
A26: 3 | B26: Line 4 | C26: Line 4 should include expenditures for teacher liability insurance premiums made from Fund 010.
A27: 3 | B27: Line 9 | C27: Line 9 subtotals the FY 2026 CSF budgeted expenditures included in lines 1 through 8. Districts should report any amounts maintained for spending after FY 2026 in line 10. | E27: Allows districts to identify its total FY 2026 CSF budget expenditures separately from budgeted carryforward.
A28: 3 | B28: Line 11 | C28: The total amount budgeted on line 11 cannot exceed the CSFBL on line 18. The total amount budgeted in budget year will affect the next year’s CSFBL. Districts should budget up to the Classroom Site Fund Budget Limit (CSFBL) as calculated on lines 12 through 18. See A.R.S. §15-978 and the calculation below.
A29: 3 | B29: Line 13 | C29: Budget Revision Line 13 should reflect total actual CSF expenditures as reported on the district’s prior year AFR. | D29: Yes
A30: 3 | B30: Line 15 | C30: Budget Revision This line should agree to the total actual interest earned on CSF investments, as reported on the prior year AFR for the CSF. | D30: Yes
A31: 3 | B31: Line 16 | C31: In accordance with A.R.S. §15-977(G)(1), the per pupil amount is calculated based on estimated available resources in the Classroom Site Fund for the budget year and adjusted for prior year revenue carryforwards or shortfalls. However, actual payments to districts may differ from the estimated per pupil Classroom Site Fund allocation. The budget year allocation for the district is multiplied by the district’s weighted student count (based on fundable students attending within the school district in the prior year). The budget year CSF actual payments detail reports will be available on ADE’s website at the link below beginning in August. ADE uses districts' prior year 100th day student count as reported in the district's prior year ADM20A and ADM30 reports.
C32: https://schoolfinancereports.azed.gov/
A33: 3 | B33: Line 17 | C33: Some districts have lost CSF budget capacity from budgeting less than the CSFBL in prior years. This line may be used to recapture that budget capacity. Districts that need assistance with the adjustment should contact ADE’s budget team.
A34: 4 | B34: Lines 10 | C34: Line 10 subtotals the FY 2026 UCO Fund budgeted expenditures included in lines 1 through 9. Report amounts the District estimates it will maintain for spending after FY 2026 (carryforward) in line 11. | E34: Allows districts to identify its FY 2026 UCO Fund total budgeted expenditures separately from budgeted carryforward.
A35: 4 | B35: Lines 12 | C35: The amount budgeted in the UCO Fund cannot exceed the Unrestricted Capital Budget Limit (UCBL) on page 8, line 12. The amount budgeted in Fund 610 in FY 2026 will affect the next year’s UCBL. See A.R.S. §15-947(D) and calculation on page 8. ADE uses line 12 to calculate the Budgeted UNR Capital (lesser of page 4 or Budget Limit) in the BUDG25 report.
A36: 4 | B36: Footnote 5 | C36: Districts participating in the National School Lunch Program are required to budget a portion of their state revenues to support the operation of their food service program. Districts should budget in the UCO Fund any amounts that will be expended during the FY 2026 school year for the food service program. Any questions related to the state matching requirements should be directed to ADE’s Health and Nutrition Services at (602) 542‑8700. Budget Revision Districts that have not already budgeted for the state matching requirements, should include any amounts to be expended for their food service program in the UCO Fund on this line before May 15. ADE’s Health and Nutrition Services will verify that amounts budgeted were spent when the annual financial reports are submitted. | D36: Yes
A37: 5 | B37: Other Funds— Required Capital Expenditure Detail for Funds 610, 630, 695, & 620 | C37: In accordance with A.R.S. §15-904(B), detailed budgeted and actual expenditures for only the items listed in lines 2-11 must be reported from the UCO (610), Bond Building (630), New School Facilities (695), and Adjacent Ways (620) Funds. The amounts reported on lines 2-11 may not include all expenditures of these funds as shown on line 1. Total budgeted expenditures for each fund should be included on line 1 of the table. In addition, these detailed expenditures reported on lines 2-11 must be separately reported as new construction or renovation on lines 13-15. If the designation of new construction or renovation does not apply to a particular expenditure reported on lines 2-11, the amount should be reported as "Other." Therefore, total budgeted expenditures for the detailed object codes listed for each fund as reported on line 12 must agree to the total amounts reported on line 16, by fund. Amounts on lines 12 and 16 may be less than the amounts on line 1 for each fund.
A38: 5 | B38: Adjacent Ways Fund | C38: In accordance with A.R.S. §15-995, each adjacent ways project proposal must be filed with ADOA's Division of School Facilities and include the project cost estimate. If the entire project cost for the adjacent ways project is greater than $50,000, the expenditure cannot be made unless the Division of School Facilities validates both of the following: -The project that is proposed to be funded by the assessment is in compliance with state laws relating to adjacent ways projects. -The proposal selected by the district does not contain any additional work that is not listed in the adjacent ways proposal submitted by the district.
A39: 6 | B39: Federal Projects, Line 18 | C39: Districts that receive Impact Aid monies should deposit them in Fund 378—Impact Aid. Monies in the fund are federal monies not subject to legislative appropriation. All districts that receive Impact Aid revenue should complete the Districts Receiving Federal Impact Aid Revenues portion of the Other Information section on the Data Entry tab to calculate the amount available to be spent in the Impact Aid Fund.
A40: 6 | B40: Federal Projects, Line 19 | C40: Include amounts for Funds 300-399 Other Federal Projects (besides funds that are separately reported on lines 15 through 18).
A41: 6 | B41: State Projects, Line 26 | C41: In accordance with A.R.S. §15-249.06, monies received from the college credit by examination incentive program should be deposited in Fund 456—College Credit Exam Incentives. At least 50% of the incentive bonus monies received from this program must be distributed to the associated classroom teacher for each student who passes a qualifying exam and to other teachers of relevant subjects who instructed that student, including but not limited to teachers in the same department or subject matter that contributed to the student passing the examination, as identified by the governing board or the school principal. The remainder of any bonus monies received from this program must be allocated by the school principal on behalf of the students who receive a passing score and may be used for teacher professional development or student instructional support, reimbursement of exam fees, or instructional materials.
A42: 6 | B42: State Projects, Line 28 | C42: Budgeted expenditures related to monies remaining in Fund 457—Results-based Funding should be reported on line 28—Other State Projects, along with any other State project funds not included on lines 19 through 27 above.
A43: 6 | B43: State Projects, Line 31 | C43: Include amounts for Funds 465-499 Other State Projects, including Fund 484—Failing Schools Tutoring Grant.
A44: 6 | B44: Other Funds, Lines 2 and 3 | C44: Funds 071 and 072 should be budgeted in detail on the Supplement. Fund totals will pull to these lines. See the instructions for the Supplement for additional information.
A45: 6 | B45: Other Funds, Line 4 | C45: In accordance with A.R.S. §15-1102, the proceeds from the sale or lease of school district property should be deposited in the School Plant Fund (500). Expenditures made from the School Plant Fund (500) should be made in accordance with the requirements of A.R.S. §15-1102. Districts may establish sub funds for School Plant in funds 501-504 to account for monies received that are restricted to different purposes by statute, but one total budget for all related monies must be reported here in Fund 500.
A46: 6 | B46: Other Funds Line 24 | C46: In accordance with A.R.S. §15-249.15, monies received to provide incentive awards for high school graduates who obtain a certification, credential, or license that is accepted by a vocation or industry through a career technical education course or program should be deposited in Fund 597—Arizona Industry Credentials Incentive Fund. Expenditures from Fund 597 should be made for only the following purposes: 1. For instructional costs and professional development for a career technical education program teacher to become a certifying professional for an approved certificate, credential, or license. 2. To offset the students' cost of certification, credentialing, or licensure. 3. For developmental costs related to creating, expanding or improving an approved site of a certificate, credential, or license career technical program or course. 4. For instructional hardware, software, or supplies required for the certification, credentialing, or licensure. 5. For career exploration in any school grade and awareness activities for parents, students, and the community for the approved sectors.
A47: 6 | B47: Other Funds Line 29 | C47: In accordance with A.R.S. §41-5721, before applying to ADOA's Division of School Facilities for funding for an emergency, the district's governing board must issue an emergency declaration or resolution to be eligible for monies from the Emergency Deficiencies Correction Fund. To qualify as an emergency, the situation must fit the criteria in A.R.S. §41-5721(F).
A48: 6 | B48: Other Funds Line 30 | C48: In accordance with A.R.S. §41-5731, districts must submit a preventive maintenance plan to ADOA's Division of School Facilities to be eligible to receive monies from the Building Renewal Grant Fund.
... A51: 6 | B51: Internal Service Funds, Line 2 | C51: Include all expenditures for Intergovernmental Agreements (IGAs) in this line. If the district uses funds other than 955 to separately account for multiple IGAs, all IGA fund expenditures should be totaled and reported on this line.
A52: 7 | B52: General | C52: For budget adoption, districts may apportion amounts on this page between the M&O and UCO Funds. After original adoption, and prior to May 15 of the budget year, amounts may be reapportioned based on the budgetary needs of the district, unless otherwise indicated on Budget, page 7, or in the following instructions. Record in column A on this page all amounts budgeted for use in the M&O Fund (to be included in the GBL). Record in column B all amounts budgeted for use in the UCO Fund (to be carried over to the calculations on Budget, page 8). Budget Revision When actual amounts are required, use the actual amount to date plus the estimated amount for the remainder of the fiscal year. After the May 15 budget revision, amounts cannot be reallocated between M&O and UCO. | D52: Yes
A53: 7 | B53: Line 1 | C53: After completing the Data Entry tab, the amount of the district RCL from the BSA55 tab, page 3 will pull to line 1. Budget Revision For budget revision, the Data Entry tab should be revised and the recalculated RCL will pull to line 1. See budget revision instructions for the Data Entry tab. | D53: Yes
A54: 7 | B54: Lines 2(a)-(c) | C54: Budget Revision Compare the amount for District Additional Assistance (DAA) on lines 2(c) to the applicable amount calculated by ADE on page 1 of the most recent FY 2026 BUDG25 Report. The amounts on lines (a) and (b) can be reconciled to page 4 of the district's most recent FY 2026 BSA 55-1 report from ADE. | D54: Yes
A55: 7 | B55: Line 2(b) | C55: After completing the Data Entry tab, the DAA adjustment amount from BSA55 tab, page 4 will pull to this line, if any.
A56: 7 | B56: Line 3 | C56: Do not include any overrides authorized to use excess Impact Aid cash on these lines. Districts should use prior year ADM to calculate the RCL for overrides (A.R.S. §15-943). Districts may recalculate their RCL based on prior year ADM in a separate copy of this budget file. Do not submit this separate copy of the file to ADE. Alternatively, districts can get weighted student counts from page 2 of ADE's FY 2025 "BSA Equalization Report", BSA 55-1. ADE has also posted a link to an override calculation worksheet that may be used as a guide in estimating the override amount. The override calculation worksheet and instructions can be found at the link below.
C57: https://www.azed.gov/sites/default/files/2022/06/MO%20Override%20Estimator%20FY23.xlsm
A58: 7 | B58: Line 3(a) | C58: See Line 3 Instructions above. If the voters in the override election authorize the district to exceed the RCL, and the increase is to be fully funded by revenues other than property taxes [A.R.S. §15‑481(F)], only revenues derived from the FY 2025 ending cash balance in the M&O Fund [after the primary tax rate is reduced to zero as required by A.R.S. §15‑481(T)] may be used. A.R.S. §15‑481(P) Note: Districts will not be able to fund an override with Impact Aid monies in FY 2026, as Impact Aid monies are accounted for in the Impact Aid Fund.
A59: 7 | B59: Line 3(a) Continued | C59: The maximum amount a district may request for an M&O budget override is 15% of the district’s RCL. If the district also requests a Special Program override pursuant to A.R.S. §15-482, the maximum amount a district may request for an M&O override is 10% of the RCL. A.R.S. §15-481(G)
A60: 7 | B60: Line 3(b) | C60: See Line 3 Instructions above. If the voters in the override election authorize the district to exceed the Capital Outlay Revenue Limit or District Additional Assistance and the increase is to be fully funded by revenues other than property taxes [A.R.S. §15‑481(M)], only revenues derived from the FY 2025 ending cash balance in the M&O and UCO Funds [after the primary tax rate is reduced to zero as required by A.R.S. §15‑481(T)] may be used. A.R.S. §15‑481(S) Note: Districts will not be able to fund an override with Impact Aid monies in FY 2026, as Impact Aid monies are accounted for in the Impact Aid Fund. The maximum amount a district may request for a capital budget override is 10% of the RCL. A.R.S. §15‑481(AA)
A61: 7 | B61: Line 3(c) | C61: See Line 3 Instructions above. A.R.S. §15-482 allows a district to request a budget override for programs designed for preschool students with disabilities and students enrolled in kindergarten through grade 12. The amount for the Special Program override may not exceed 5% of the RCL. If the voters in the override election authorize the district to exceed the RCL, and the increase is to be fully funded by revenues other than property taxes [A.R.S. §15‑481(J)], the increase may only be budgeted and expended if sufficient monies are available in the M&O Fund. A.R.S. §15‑481(Q) Note: Districts will not be able to fund an override with Impact Aid monies in FY 2026, as Impact Aid monies are accounted for in the Impact Aid Fund.
A62: 7 | B62: Lines 3(a)-(c) | C62: Budget Revision If the RCL originally used to calculate an override was reduced after budget adoption, the district must recalculate the maximum M&O, UCO, and Special Program override amounts in accordance with the instructions above. Arizona Attorney General Opinion I90‑020 prohibits districts from recalculating overrides based on an increase in the RCL after secondary taxes have been levied for the applicable year. The amounts reported on lines 3(a) through (c) may not exceed the lesser of the original or recalculated maximum override amounts. | D62: Yes
A63: 7 | B63: Line 4 | C63: Districts with a student count of 125 or less in grades K‑8, or 100 or less in grades 9‑12 must include an amount on this line if they choose to make a small school adjustment to ensure that page 1, line 30 does not exceed the GBL for M&O. If the district previously qualified for a small school adjustment but has exceeded these student counts, see the instructions for Data Entry tab, Other Information section, lines 17 and 18. For the purposes of Small School Adjustment, districts should use prior year student count (2025 ADM). Districts should not include amounts on these lines for expenditures that are to be made from the Impact Aid Fund. Budget Revision If the district received approval from the county board of supervisors to revise its budget to include the cost of additional pupils that were not anticipated at budget adoption in accordance with A.R.S. §15-949(A)(2), include the revised amount on this line and notify ADE of any approved increase via the email address below. | D63: Yes
C64: SFBudgetTeam@azed.gov
A65: 7 | B65: Line 5 | C65: Districts charging tuition for full-day kindergarten and summer school should not include an increase to the GBL. These tuition revenues should be recorded in the Community School Fund (520). Budget Revision Districts should compare actual tuition revenues received or expected to be received by June 30 to the amounts reported on lines 5(a) through (d) to determine whether the amounts must be decreased or may be increased. | D65: Yes
A66: 7 | B66: Line 5(d) | C66: More information and instructions for calculating this amount can be found at the link below:
C67: http://www.azed.gov/finance/certificates-of-educational-convenience/
A68: 7 | B68: Line 6 | C68: Include assistance received from the State for students whose parents are employed by certain State institutions as described in A.R.S. §15-976. Also, include amounts paid to the State Schools for the Deaf and school district through the special education voucher payment system such as payments for teaching students at the district instead of sending the student to the Arizona the Blind. Budget Revision Districts should use the work sheets provided by ADE to calculate the revised assistance to schools using the ADM reported on the FY 2026 ADM15. The work sheets are available on ADE’s website at the link below. | D68: Yes
C69: http://www.azed.gov/finance/certificates-of-educational-convenience/
A70: 7 | B70: Line 7 | C70: Districts should not include amounts on this line for expenditures that are to be made from the Impact Aid Fund. Budget Revision If the June 30, 2025, actual cash balance for the M&O Fund was incorrectly estimated, an accommodation school district must complete and submit a revised budget file, even if the amount recorded on line 7 of the adopted budget is not revised. If the June 30, 2025 actual cash balance for the M&O Fund was accurate, accommodation schools may revise this file for other changes. The Actual Budget Balance Carryforward displayed on Calculations tab, Calculation of M&O Budget Balance Carryforward section, line 14.b should agree to the “Allowed Budget Balance Carry Forward” as reported on page 2 of the most recent FY 2025 BUDG75 Report. Record the district’s actual cash balance for the M&O Fund at June 30, 2025, on Data Entry tab, Accommodation District Information section, line 2. Finally, districts should recalculate lines 3 and 4 based on the revised RCL on BSA55 tab, page 3. Districts should compare the recalculated amount on line 15(e) of the Calculations tab to line 7 to determine whether the amount must be decreased or may be increased. | D70: Yes
A71: 7 | B71: Line 8(a) | C71: The total amount budgeted for desegregation expenditures in the M&O, UCO, and Impact Aid Funds cannot exceed the amount budgeted in FY 2009. Districts should not include amounts on these lines for desegregation expenditures that are to be made from the Impact Aid Fund.
A72: 7 | B72: Line 8(b) | C72: Districts are required to use actual expenditures in calculating the budget balance carryforward. Districts that have overexpended in the FY 2025 M&O Fund as authorized by the county board of supervisors, in accordance with A.R.S. §15‑907, cannot record a budget balance carryforward. Districts should complete Data Entry page, Other Information section, lines 8 through 11. Districts may transfer an amount to the School Opening Fund, not to exceed the lesser of the FY 2025 M&O Fund ending cash balance or the actual budget balance carryforward. The amount transferred will reduce the amount of the budget balance carryforward; therefore, the amount carried forward may not exceed the amount on Calculation page, Calculation of M&O Fund Budget Balance Carryforward section, line 13. Budget Revision Districts should compare the amount on line 8(c) to the allowable amount on the FY 2025 BUDG75 Report to determine if revisions are necessary. The amounts on this line cannot exceed the amount reported on page 2 of the BUDG75 Report. | D72: Yes
A73: 7 | B73: Line 8(c) | C73: A district authorized by ADE to continue participation in the Dropout Prevention Programs, in accordance with Laws 1992, Ch. 305, §32 and Laws 2000, Ch. 398, §2, for FY 2026 may record on this line an amount not to exceed the amount budgeted for the Dropout Prevention Programs in FY 1991. Districts should not include amounts on this line for expenditures that are to be made from the Impact Aid Fund.
A74: 7 | B74: Line 8(d) | C74: A district may budget an amount less than or equal to interest expense for registering warrants or for net interest expense (interest expense minus interest income) on tax anticipation notes outside the FY 2026 RCL, if both of the following conditions apply: --The County Treasurer pooled all school district monies for investment during FY 2024 as provided in A.R.S. §15‑996. --For those districts that received state aid in FY 2024, the districts applied for state aid apportionment before the date set as provided in A.R.S. §15‑973.
A75: 7 | B75: Line 8(e) | C75: For the first 3 years that a joint career and technical education and vocational education center is operating and serving students, all or a portion of the center’s expenditures may be budgeted outside the RCL. A.R.S. §15-910.01 requires the State Board of Education (SBE) approval prior to including an amount here. The district must notify the SBE before adopting a Budget for the first year of operation, and notify ADE School Finance if this line will be used in calculating the GBL. Currently, no districts have been authorized by the SBE. This provision does not apply to career technical education districts established pursuant to A.R.S. §15‑392.
A76: 7 | B76: Line 8(f) | C76: Do not include amounts budgeted for the Performance Pay component of the CSF here. Budget Revision Districts should compare the amount on this line to the applicable amounts on the FY 2025 BUDG75 Report to determine if revisions are necessary. The amounts on this line cannot exceed the amounts reported on page 2 of the BUDG75 Report. | D76: Yes
A77: 7 | B77: Line 8(g) | C77: Record the amount of any judgments expected to be paid in FY 2025 for an excessive property tax valuation judgment per A.R.S. §§42-16213 and 42-16214. This amount should also be included on page 1, line 4. Pre-approval by ADE is required. Contact ADE's School Finance payment team at the email address below.
C78: SFPaymentTeam@azed.gov
A79: 7 | B79: Line 8(h) | C79: Record the amount of reimbursements for unorganized territory mileage received from performance of a transportation services contract. Budget Revision Districts should compare actual reimbursements for transportation services received or expected to be received by June 30 to the amount reported on this line. The amount on this line cannot exceed the actual amount received for providing these transportation services. | D79: Yes
A80: 7 | B80: Line 9 | C80: Record adjustments to the General Budget Limit on these lines. If more than 1 year or type of adjustment is recorded on any one line, indicate each year and the associated amount for each type of adjustment in the line description, but record only one combined amount for all years and types on each line. Record negative amounts in parentheses. Districts that need assistance with the adjustments should contact ADE’s budget team. Budget Revision Districts should compare the budgeted adjustment amounts to the applicable ADE calculated values on page 1 of the most recent FY 2026 BUDG25, to determine if the amounts should be revised. | D80: Yes
A81: 8 | B81: Line 2 | C81: Budget Revision Line 2, if required, should agree to the most recent FY 2025 BUDG75 Report, page 2, “Add to FY26 Expenditure Budget for (UNR), page 8, line 2” This line will also include any positive or negative A.R.S. §15-915 adjustments as approved by ADE. Contact ADE's School Finance budget team with questions concerning the reconciliation of any differences at the email address below. | D81: Yes
C82: SFBudgetTeam@azed.gov
A83: 8 | B83: Lines 3 | C83: Budget Revision Line 3 should agree to the most recent FY 2025 BUDG75 Report, page 2 “Unrestricted Capital Available for FY25.” Contact ADE's School Finance budget team with questions concerning the reconciliation of any differences at the email address below. | D83: Yes
C84: SFBudgetTeam@azed.gov
A85: 8 | B85: Line 6 | C85: Budget Revision This line should reflect total actual UCO Fund 610 expenditures as reported on the district’s FY 2025 AFR, less expenditures approved under A.R.S. §15-907 that are in excess of the most recently revised adopted FY 2025 UCO budget (budget page 4, line 10). | D85: Yes
A86: 8 | B86: Line 8 | C86: Budget Revision Line 8 should agree to the actual amount of interest earned on investments as reported on the district’s FY 2025 AFR for the UCO Fund. | D86: Yes
A87: 8 | B87: Line 9 | C87: The district should forward a copy of the award letter from ADOA's Division of School Facilities stating the specific amount being deposited in Fund 610, to ADE's School Finance budget team at the email address below. Budget Revision Enter the amount of money, if any, received or expected to be received, by fiscal year end. | D87: Yes
C88: SFBudgetTeam@azed.gov
A89: 8 | B89: Line 10 | C89: Record adjustments to the UCBL on these lines. If more than 1 year or type of adjustment is recorded for any one line, indicate each year and the associated amount for each type of adjustment in the line description, but record only one combined amount for all years and types on each line. Record negative amounts in parentheses. Districts should contact ADE’s School Finance budget team at the email address below before budgeting an amount on this line.
C90: SFBudgetTeam@azed.gov
A91: 8 | B91: Line 10 continued | C91: Budget Revision Districts should compare budgeted adjustment amounts to the applicable ADE calculated values on page 2 of the most recent FY 2026 BUDG25, to determine if the amounts should be revised. | D91: Yes
A92: Suppl | B92: ELL General | C92: A.R.S. §15-756.02 requires each school district to implement on a school-by-school basis 1 or more Structured English Immersion (SEI) and Alternative English Instruction (AEI) models adopted or approved by the State Board of Education pursuant to A.R.S. §15-756.01. A.R.S. §15-756.01 defines incremental costs as the costs that are associated with an SEI program pursuant to A.R.S. §15-752 or an AEI program pursuant to A.R.S. §15-753 that are in addition to the normal costs of conducting programs for English proficient students. Further, incremental costs do not include costs that replace the same types of service provided to English proficient students or compensatory instruction. A.R.S. §15-756.11 defined compensatory instruction as programs in addition to normal classroom instruction that may include individual or small group instruction, extended day classes, summer school, or intersession school. Compensatory instruction programs must be limited to improving the English proficiency of current ELL students and students who were ELL students and who have been reclassified as English proficient within the previous 2 years.
A93: Suppl | B93: ELL General Continued | C93: ELL Fund 071 is used to account for monies received from ADE to provide for the incremental cost of instruction to ELLs and must be used to supplement existing programs. In accordance with A.R.S. §15-756.03 and .04 ELL monies must not be used to supplant federal, state, or local monies, including desegregation monies, previously used for ELLs, or used to pay for the normal costs of conducting programs for English proficient students. Districts are required to submit a separate ELL Budget Request Form to ADE to request these monies for FY 2026.
A94: Suppl | B94: ELL General Continued | C94: In accordance with A.R.S. §15-756.11, the Compensatory Instruction Fund 072 is used to account for monies received from ADE for compensatory instruction programs in addition to normal classroom instruction as described above. Monies must be used to supplement existing programs and not supplant federal, state, or local monies, including desegregation monies levied pursuant to A.R.S. §15-910, used for ELLs or ELL compensatory instruction that were budgeted as of February 23, 2006. For FY 2026, there were no new monies available for compensatory instruction programs. ADE will allow districts to use the remaining monies but will deduct those amounts from future funding requests for compensatory instruction programs.
A95: Suppl | B95: ELL General Continued | C95: In all funds where ELL costs are incurred, districts should use program code 260—ELL Incremental Costs to record incremental costs necessary to implement an approved ELL model, program code 265—ELL Compensatory Instruction to record the costs of providing compensatory instruction to ELL students and students reclassified as English proficient in the last 2 years, and program code 435—Pupil Transportation—ELL Compensatory Instruction for transportation costs approved as part of compensatory instruction. However, when desegregation monies in the M&O Fund are used to pay for incremental or compensatory instruction costs, districts should use program codes 514—ELL Incremental Costs and 515—ELL Compensatory Instruction.
A96: Suppl | B96: ELL General Continued | C96: Districts may have ELL costs, in funds other than ELL Fund 071 and Compensatory Instruction Fund 072, that are beyond the incremental costs necessary to implement an approved ELL model and that are not considered compensatory instruction by statute. Districts should code these costs to program code 100—Regular Education. Districts may choose to separately track these costs in their accounting records using a more detailed program code under 100, such as program code 160.
A97: Summary | B97: Page 1 | C97: Districts should report total PSD-12 average daily membership for fiscal year 2025 from the ADM20 report, the report is available on ADE's website. Districts should estimate 2026 current fiscal year ADM.
A98: Truth in Taxation Work Sheet | B98: General | C98: In accordance with A.R.S. §15-905.01, a district must hold a truth in taxation hearing on or before the adoption of the expenditure budget if the district budgets an amount that is higher than the truth in taxation base limit, levies any amount for adjacent ways pursuant to A.R.S. §15‑995, or levies any amount for liabilities in excess of the budget pursuant to A.R.S. §15‑907.
A99: Truth in Taxation Work Sheet | B99: General Continued | C99: All districts must complete the Truth in Taxation Work Sheet to calculate the district’s truth in taxation base limit, to determine if a hearing is required, and to report the portion of the FY 2026 primary property tax rate related to each of the truth in taxation expenditure categories. Information from this Work Sheet is provided to the Department of Revenue, Property Tax Oversight Commission. If an amount on line 11, 12, or 13 is greater than zero, the district must publish a truth in taxation hearing notice and hold a hearing. The amounts calculated on lines A, B.2, and C.2 of the Work Sheet should be used, where indicated, on the sample truth in taxation hearing notice. Districts must submit the completed Work Sheet to ADE as part of the budget package and must notify ADE of any subsequent changes to the truth in taxation base limit. If a truth in taxation hearing is held, the Work Sheet must also be made available to the general public at the hearing. See Submission and Publication Instructions issued with the 2026 expenditure budget forms and A.R.S. §15-905.01 for further requirements.
A100: Truth in Taxation Work Sheet | B100: General Continued | C100: The truth in taxation work sheet and notice do not need to be completed for budget revisions. The impact of any revisions should be included in the following year’s truth in taxation calculation.
A101: Truth in Taxation Work Sheet | B101: Line 1 | C101: The prior year TNT Base Limit reported on line 1 is the total of the Adjusted FY 2025 TNT Base Limit and the 2025 Excess over TNT Limit. This calculation assumes that the district properly noticed any required TNT Hearing in 2025. If the district reported an amount on the Excess over Truth in Taxation Limit line in 2025 but did not provide the required notification of a TNT hearing, the 2025 Excess over TNT Limit amount should not be added here.
A102: Truth in Taxation Work Sheet | B102: Line 2 | C102: Use this line to reduce the TNT Base limit (line 1) for programs that the district is no longer eligible to budget for. Districts that are no longer eligible to budget for any of the programs on lines 4 through 7, or if the expenditures for those programs will be made only in the Impact Aid Fund, should have a TNT base limit of zero after deducting amounts for discontinued programs on this line.
...
